Workbook
Name country_list: matrix!$B$3:$B$100
Name matrix: matrix!$B$4:$Q$100

Sheet NRE Calculator
B2: DTA Calculator for Personal Services Rendered by Employees / Certificate of Residence
B3: (To determine if tax exemption applies for personal services rendered by an individual in Singapore for a foreign company)
B4: The calculator is correct as of 30 Sep 2026. Please check the IRAS website at www.iras.gov.sg for the latest version. The calculator provides results based on the stated assumptions and your inputs. It may not provide for all possible scenarios.
C5: Instructions
C7: =calcNresults!C73 -> Please select your country/region of residence under Section 1. | AQ7: =HYPERLINK("#'NRE Calculator'!D57","Click here for RESULT") -> Click here for RESULT | AS7: =IF(C7=calcNresults!C116,"show",IF(C7=calcNresults!C117,"show",IF(C7=calcNresults!C118,"show","hide"))) -> hide | AT7: conditional formatting to provide link to results
C10: Section 1 - Please select country/region | AS10: =IF($AE$13="",1,0) -> 1
E13: Your country/region of residence
D15: =IF($AE$13="","",calcNresults!$C$76)
C18: Section 2 - | G18: =calcNresults!C79 -> Please select a country/region under Section 1. | AS18: =IF($C$7=calcNresults!C114,1,0) -> 0
D20: =IF($AE$13="","",calcNresults!C20) | E20: =IF($AE$13="","",calcNresults!D20) | AJ20: Yes | AX20: =calcNresults!D27 -> #N/A
D23: =IF($AE$13="","",calcNresults!C21) | E23: =IF($AE$13="","",calcNresults!D21) | AJ23: Yes | AX23: =calcNresults!D28 -> #N/A
D26: =IF($AE$13="","",calcNresults!C22) | E26: =IF($AE$13="","",calcNresults!D22) | AX26: =calcNresults!D29 -> #N/A
C30: Section 3 - | G30: =calcNresults!C82 -> Please select a country/region under Section 1. | AS30: =IF($C$7=calcNresults!C115,1,0) -> 0 | AT30: =calcNresults!C120 -> Please refer to results below.
E34: =calcNresults!C84 -> Please enter your current and prior visit(s), if any:- | AS34: =IF(OR(days!E3="moving",G30=AT30),"Hide","Show") -> Show
F36: From | H36: =IF($G$30=calcNresults!$C$120,$AX$36,IF(days!E3="limited treaty","",$AX$37)) -> 45658 | M36: to | N36: =IF(days!E3="calendar",days!G8,IF(days!E3="moving",days!H8,"")) | AS36: Date validation to prevent entering dates when alrdy disqualified: | AW36: From | AX36: =DATE(YEAR(TODAY())+20,1,1) -> 53328 | AY36: to | AZ36: =DATE(YEAR(TODAY())-20,1,1) -> 38718
AS37: Valid dates for the error checks below: | AW37: From | AX37: =IF($AE$13="",days!F7,IF(days!E3="limited treaty","",IF(AND(calcNresults!N6<>"",days!E3="calendar"),DATE(calcNresults!N6,1,1),days!F7))) -> 45658 | AY37: to | AZ37: =IF(days!E3="calendar",days!G8,IF(days!E3="moving",days!H8,""))
M38: Date From | R38: Date To | W38: =IF(days!E3="moving","No. of days in Singapore in the relevant period","No. of days in Singapore") -> No. of days in Singapore | AS38: To error if moving & "Date To" is >12mths from "Date From" of "Period 1": | AX38: =IF(M39="","",DATE(YEAR(M39)+1,MONTH(M39),DAY(M39)-1)) | AY38: Check to highlight "Period" cell | AZ38: Error Message
F39: Period 1 | W39: =IF(AY39="highlight period",AZ39,IF(OR(M39="",R39="",$AY$51>0),"",IF(days!$E$3="calendar",days!N13,IF(AND(M40<>"",R40<>""),"",days!N32)))) | AS39: =IF(AND(M39="",R39=""),"",IF(OR(M39<$AX$37,M39>$AZ$37,R39>$AZ$37,R39<M39,SUM(AT39:AX39)>0),"error","")) | AT39: =COUNTIF($AS$38:AS38,"error") -> 0 | AU39: =IF(AND(R39<>"",M39=""),1,0) -> 0 | AV39: =IF(OR(R39="",M39=""),0,IF(R39-M39>=0,0,1)) -> 0 | AW39: =IF(OR(M40="",R39=""),0,IF(M40-R39>=0,0,1)) -> 0 | AX39: =IF(AND(OR(AE13="France",AE13="Thailand"),YEAR(M39)=2016),0,IF(days!$E$3="moving",IF(R39>$AX$38,1,0),0)) -> 0 | AY39: =IF(AZ39<>"","highlight period","ok") -> ok | AZ39: =IF((AND(COUNTBLANK(M39)+COUNTBLANK(R39)=2,COUNTA(M40:$M$50)+COUNTA(R40:$R$50)>0))=TRUE,"Do not skip any row",IF(AZ38="Do not skip any row","",IF(COUNTBLANK(M39)+COUNTBLANK(R39)=2,"",IF(COUNTBLANK(M39)=1,"Please enter date of arrival in Singapore",IF(COUNTBLANK(R39)=1,"Please enter date of departure from Singapore",IF(R39<M39,"Date of departure from Singapore is earlier than date of arrival in Singapore",IF(AW39>0,"Please check that no overlapping periods exist.",IF(AX39>0,"Your physical presence in Singapore exceeded 183 days in a 12-month period.",""))))))))
F40: Period 2 | W40: =IF(AY40="highlight period",AZ40,IF(OR(M40="",R40="",$AY$51>0),"",IF(days!$E$3="calendar",days!N14,IF(AND(M41<>"",R41<>""),"",days!N33)))) | AS40: =IF(AND(M40="",R40=""),"",IF(OR(M40<$AX$37,M40>$AZ$37,R40>$AZ$37,R40<M40,SUM(AT40:AX40)>0),"error","")) | AT40: =COUNTIF($AS$38:AS39,"error") -> 0 | AU40: =IF(AND(R40<>"",M40=""),1,0) -> 0 | AV40: =IF(OR(R40="",M40=""),0,IF(R40-M40>=0,0,1)) -> 0 | AW40: =IF(OR(M41="",R40=""),0,IF(M41-R40>0,0,1)) -> 0 | AX40: =IF(days!$E$3="moving",IF(R40>$AX$38,1,0),0) -> 0 | AY40: =IF(AZ40<>"","highlight period","ok") -> ok | AZ40: =IF((AND(COUNTBLANK(M40)+COUNTBLANK(R40)=2,COUNTA(M41:$M$50)+COUNTA(R41:$R$50)>0))=TRUE,"Do not skip any row",IF(AZ39="Do not skip any row","",IF(COUNTBLANK(M40)+COUNTBLANK(R40)=2,"",IF(COUNTBLANK(M40)=1,"Please enter date of arrival in Singapore",IF(COUNTBLANK(R40)=1,"Please enter date of departure from Singapore",IF(R40<M40,"Date of departure from Singapore is earlier than date of arrival in Singapore",IF(AW40>0,"Please check that no overlapping periods exist.",IF(AX40>0,"Your stay exceeds a 12-month period. Please email us as per instructions under Section 1.", ""))))))))
F41: Period 3 | W41: =IF(AY41="highlight period",AZ41,IF(OR(M41="",R41="",$AY$51>0),"",IF(days!$E$3="calendar",days!N15,IF(AND(M42<>"",R42<>""),"",days!N34)))) | AS41: =IF(AND(M41="",R41=""),"",IF(OR(M41<$AX$37,M41>$AZ$37,R41>$AZ$37,R41<M41,SUM(AT41:AX41)>0),"error","")) | AT41: =COUNTIF($AS$38:AS40,"error") -> 0 | AU41: =IF(AND(R41<>"",M41=""),1,0) -> 0 | AV41: =IF(OR(R41="",M41=""),0,IF(R41-M41>=0,0,1)) -> 0 | AW41: =IF(OR(M42="",R41=""),0,IF(M42-R41>0,0,1)) -> 0 | AX41: =IF(days!$E$3="moving",IF(R41>$AX$38,1,0),0) -> 0 | AY41: =IF(AZ41<>"","highlight period","ok") -> ok | AZ41: =IF((AND(COUNTBLANK(M41)+COUNTBLANK(R41)=2,COUNTA(M42:$M$50)+COUNTA(R42:$R$50)>0))=TRUE,"Do not skip any row",IF(AZ40="Do not skip any row","",IF(COUNTBLANK(M41)+COUNTBLANK(R41)=2,"",IF(COUNTBLANK(M41)=1,"Please enter date of arrival in Singapore",IF(COUNTBLANK(R41)=1,"Please enter date of departure from Singapore",IF(R41<M41,"Date of departure from Singapore is earlier than date of arrival in Singapore",IF(AW41>0,"Please check that no overlapping periods exist.",IF(AX41>0,"Your stay exceeds a 12-month period. Please email us as per instructions under Section 1.", ""))))))))
F42: Period 4 | W42: =IF(AY42="highlight period",AZ42,IF(OR(M42="",R42="",$AY$51>0),"",IF(days!$E$3="calendar",days!N16,IF(AND(M43<>"",R43<>""),"",days!N35)))) | AS42: =IF(AND(M42="",R42=""),"",IF(OR(M42<$AX$37,M42>$AZ$37,R42>$AZ$37,R42<M42,SUM(AT42:AX42)>0),"error","")) | AT42: =COUNTIF($AS$38:AS41,"error") -> 0 | AU42: =IF(AND(R42<>"",M42=""),1,0) -> 0 | AV42: =IF(OR(R42="",M42=""),0,IF(R42-M42>=0,0,1)) -> 0 | AW42: =IF(OR(M43="",R42=""),0,IF(M43-R42>0,0,1)) -> 0 | AX42: =IF(days!$E$3="moving",IF(R42>$AX$38,1,0),0) -> 0 | AY42: =IF(AZ42<>"","highlight period","ok") -> ok | AZ42: =IF((AND(COUNTBLANK(M42)+COUNTBLANK(R42)=2,COUNTA(M43:$M$50)+COUNTA(R43:$R$50)>0))=TRUE,"Do not skip any row",IF(AZ41="Do not skip any row","",IF(COUNTBLANK(M42)+COUNTBLANK(R42)=2,"",IF(COUNTBLANK(M42)=1,"Please enter date of arrival in Singapore",IF(COUNTBLANK(R42)=1,"Please enter date of departure from Singapore",IF(R42<M42,"Date of departure from Singapore is earlier than date of arrival in Singapore",IF(AW42>0,"Please check that no overlapping periods exist.",IF(AX42>0,"Your stay exceeds a 12-month period. Please email us as per instructions under Section 1.", ""))))))))
F43: Period 5 | W43: =IF(AY43="highlight period",AZ43,IF(OR(M43="",R43="",$AY$51>0),"",IF(days!$E$3="calendar",days!N17,IF(AND(M44<>"",R44<>""),"",days!N36)))) | AS43: =IF(AND(M43="",R43=""),"",IF(OR(M43<$AX$37,M43>$AZ$37,R43>$AZ$37,R43<M43,SUM(AT43:AX43)>0),"error","")) | AT43: =COUNTIF($AS$38:AS42,"error") -> 0 | AU43: =IF(AND(R43<>"",M43=""),1,0) -> 0 | AV43: =IF(OR(R43="",M43=""),0,IF(R43-M43>=0,0,1)) -> 0 | AW43: =IF(OR(M44="",R43=""),0,IF(M44-R43>0,0,1)) -> 0 | AX43: =IF(days!$E$3="moving",IF(R43>$AX$38,1,0),0) -> 0 | AY43: =IF(AZ43<>"","highlight period","ok") -> ok | AZ43: =IF((AND(COUNTBLANK(M43)+COUNTBLANK(R43)=2,COUNTA(M44:$M$50)+COUNTA(R44:$R$50)>0))=TRUE,"Do not skip any row",IF(AZ42="Do not skip any row","",IF(COUNTBLANK(M43)+COUNTBLANK(R43)=2,"",IF(COUNTBLANK(M43)=1,"Please enter date of arrival in Singapore",IF(COUNTBLANK(R43)=1,"Please enter date of departure from Singapore",IF(R43<M43,"Date of departure from Singapore is earlier than date of arrival in Singapore",IF(AW43>0,"Please check that no overlapping periods exist.",IF(AX43>0,"Your stay exceeds a 12-month period. Please email us as per instructions under Section 1.", ""))))))))
F44: Period 6 | W44: =IF(AY44="highlight period",AZ44,IF(OR(M44="",R44="",$AY$51>0),"",IF(days!$E$3="calendar",days!N18,IF(AND(M45<>"",R45<>""),"",days!N37)))) | AS44: =IF(AND(M44="",R44=""),"",IF(OR(M44<$AX$37,M44>$AZ$37,R44>$AZ$37,R44<M44,SUM(AT44:AX44)>0),"error","")) | AT44: =COUNTIF($AS$38:AS43,"error") -> 0 | AU44: =IF(AND(R44<>"",M44=""),1,0) -> 0 | AV44: =IF(OR(R44="",M44=""),0,IF(R44-M44>=0,0,1)) -> 0 | AW44: =IF(OR(M45="",R44=""),0,IF(M45-R44>0,0,1)) -> 0 | AX44: =IF(days!$E$3="moving",IF(R44>$AX$38,1,0),0) -> 0 | AY44: =IF(AZ44<>"","highlight period","ok") -> ok | AZ44: =IF((AND(COUNTBLANK(M44)+COUNTBLANK(R44)=2,COUNTA(M45:$M$50)+COUNTA(R45:$R$50)>0))=TRUE,"Do not skip any row",IF(AZ43="Do not skip any row","",IF(COUNTBLANK(M44)+COUNTBLANK(R44)=2,"",IF(COUNTBLANK(M44)=1,"Please enter date of arrival in Singapore",IF(COUNTBLANK(R44)=1,"Please enter date of departure from Singapore",IF(R44<M44,"Date of departure from Singapore is earlier than date of arrival in Singapore",IF(AW44>0,"Please check that no overlapping periods exist.",IF(AX44>0,"Your stay exceeds a 12-month period. Please email us as per instructions under Section 1.", ""))))))))
F45: Period 7 | W45: =IF(AY45="highlight period",AZ45,IF(OR(M45="",R45="",$AY$51>0),"",IF(days!$E$3="calendar",days!N19,IF(AND(M46<>"",R46<>""),"",days!N38)))) | AS45: =IF(AND(M45="",R45=""),"",IF(OR(M45<$AX$37,M45>$AZ$37,R45>$AZ$37,R45<M45,SUM(AT45:AX45)>0),"error","")) | AT45: =COUNTIF($AS$38:AS44,"error") -> 0 | AU45: =IF(AND(R45<>"",M45=""),1,0) -> 0 | AV45: =IF(OR(R45="",M45=""),0,IF(R45-M45>=0,0,1)) -> 0 | AW45: =IF(OR(M46="",R45=""),0,IF(M46-R45>0,0,1)) -> 0 | AX45: =IF(days!$E$3="moving",IF(R45>$AX$38,1,0),0) -> 0 | AY45: =IF(AZ45<>"","highlight period","ok") -> ok | AZ45: =IF((AND(COUNTBLANK(M45)+COUNTBLANK(R45)=2,COUNTA(M46:$M$50)+COUNTA(R46:$R$50)>0))=TRUE,"Do not skip any row",IF(AZ44="Do not skip any row","",IF(COUNTBLANK(M45)+COUNTBLANK(R45)=2,"",IF(COUNTBLANK(M45)=1,"Please enter date of arrival in Singapore",IF(COUNTBLANK(R45)=1,"Please enter date of departure from Singapore",IF(R45<M45,"Date of departure from Singapore is earlier than date of arrival in Singapore",IF(AW45>0,"Please check that no overlapping periods exist.",IF(AX45>0,"Your stay exceeds a 12-month period. Please email us as per instructions under Section 1.", ""))))))))
F46: Period 8 | W46: =IF(AY46="highlight period",AZ46,IF(OR(M46="",R46="",$AY$51>0),"",IF(days!$E$3="calendar",days!N20,IF(AND(M47<>"",R47<>""),"",days!N39)))) | AS46: =IF(AND(M46="",R46=""),"",IF(OR(M46<$AX$37,M46>$AZ$37,R46>$AZ$37,R46<M46,SUM(AT46:AX46)>0),"error","")) | AT46: =COUNTIF($AS$38:AS45,"error") -> 0 | AU46: =IF(AND(R46<>"",M46=""),1,0) -> 0 | AV46: =IF(OR(R46="",M46=""),0,IF(R46-M46>=0,0,1)) -> 0 | AW46: =IF(OR(M47="",R46=""),0,IF(M47-R46>0,0,1)) -> 0 | AX46: =IF(days!$E$3="moving",IF(R46>$AX$38,1,0),0) -> 0 | AY46: =IF(AZ46<>"","highlight period","ok") -> ok | AZ46: =IF((AND(COUNTBLANK(M46)+COUNTBLANK(R46)=2,COUNTA(M47:$M$50)+COUNTA(R47:$R$50)>0))=TRUE,"Do not skip any row",IF(AZ45="Do not skip any row","",IF(COUNTBLANK(M46)+COUNTBLANK(R46)=2,"",IF(COUNTBLANK(M46)=1,"Please enter date of arrival in Singapore",IF(COUNTBLANK(R46)=1,"Please enter date of departure from Singapore",IF(R46<M46,"Date of departure from Singapore is earlier than date of arrival in Singapore",IF(AW46>0,"Please check that no overlapping periods exist.",IF(AX46>0,"Your stay exceeds a 12-month period. Please email us as per instructions under Section 1.", ""))))))))
F47: Period 9 | W47: =IF(AY47="highlight period",AZ47,IF(OR(M47="",R47="",$AY$51>0),"",IF(days!$E$3="calendar",days!N21,IF(AND(M48<>"",R48<>""),"",days!N40)))) | AS47: =IF(AND(M47="",R47=""),"",IF(OR(M47<$AX$37,M47>$AZ$37,R47>$AZ$37,R47<M47,SUM(AT47:AX47)>0),"error","")) | AT47: =COUNTIF($AS$38:AS46,"error") -> 0 | AU47: =IF(AND(R47<>"",M47=""),1,0) -> 0 | AV47: =IF(OR(R47="",M47=""),0,IF(R47-M47>=0,0,1)) -> 0 | AW47: =IF(OR(M48="",R47=""),0,IF(M48-R47>0,0,1)) -> 0 | AX47: =IF(days!$E$3="moving",IF(R47>$AX$38,1,0),0) -> 0 | AY47: =IF(AZ47<>"","highlight period","ok") -> ok | AZ47: =IF((AND(COUNTBLANK(M47)+COUNTBLANK(R47)=2,COUNTA(M48:$M$50)+COUNTA(R48:$R$50)>0))=TRUE,"Do not skip any row",IF(AZ46="Do not skip any row","",IF(COUNTBLANK(M47)+COUNTBLANK(R47)=2,"",IF(COUNTBLANK(M47)=1,"Please enter date of arrival in Singapore",IF(COUNTBLANK(R47)=1,"Please enter date of departure from Singapore",IF(R47<M47,"Date of departure from Singapore is earlier than date of arrival in Singapore",IF(AW47>0,"Please check that no overlapping periods exist.",IF(AX47>0,"Your stay exceeds a 12-month period. Please email us as per instructions under Section 1.", ""))))))))
F48: Period 10 | W48: =IF(AY48="highlight period",AZ48,IF(OR(M48="",R48="",$AY$51>0),"",IF(days!$E$3="calendar",days!N22,IF(AND(M49<>"",R49<>""),"",days!N41)))) | AS48: =IF(AND(M48="",R48=""),"",IF(OR(M48<$AX$37,M48>$AZ$37,R48>$AZ$37,R48<M48,SUM(AT48:AX48)>0),"error","")) | AT48: =COUNTIF($AS$38:AS47,"error") -> 0 | AU48: =IF(AND(R48<>"",M48=""),1,0) -> 0 | AV48: =IF(OR(R48="",M48=""),0,IF(R48-M48>=0,0,1)) -> 0 | AW48: =IF(OR(M49="",R48=""),0,IF(M49-R48>0,0,1)) -> 0 | AX48: =IF(days!$E$3="moving",IF(R48>$AX$38,1,0),0) -> 0 | AY48: =IF(AZ48<>"","highlight period","ok") -> ok | AZ48: =IF((AND(COUNTBLANK(M48)+COUNTBLANK(R48)=2,COUNTA(M49:$M$50)+COUNTA(R49:$R$50)>0))=TRUE,"Do not skip any row",IF(AZ47="Do not skip any row","",IF(COUNTBLANK(M48)+COUNTBLANK(R48)=2,"",IF(COUNTBLANK(M48)=1,"Please enter date of arrival in Singapore",IF(COUNTBLANK(R48)=1,"Please enter date of departure from Singapore",IF(R48<M48,"Date of departure from Singapore is earlier than date of arrival in Singapore",IF(AW48>0,"Please check that no overlapping periods exist.",IF(AX48>0,"Your stay exceeds a 12-month period. Please email us as per instructions under Section 1.", ""))))))))
F49: Period 11 | W49: =IF(AY49="highlight period",AZ49,IF(OR(M49="",R49="",$AY$51>0),"",IF(days!$E$3="calendar",days!N23,IF(AND(M50<>"",R50<>""),"",days!N42)))) | AS49: =IF(AND(M49="",R49=""),"",IF(OR(M49<$AX$37,M49>$AZ$37,R49>$AZ$37,R49<M49,SUM(AT49:AX49)>0),"error","")) | AT49: =COUNTIF($AS$38:AS48,"error") -> 0 | AU49: =IF(AND(R49<>"",M49=""),1,0) -> 0 | AV49: =IF(OR(R49="",M49=""),0,IF(R49-M49>=0,0,1)) -> 0 | AW49: =IF(OR(M50="",R49=""),0,IF(M50-R49>0,0,1)) -> 0 | AX49: =IF(days!$E$3="moving",IF(R49>$AX$38,1,0),0) -> 0 | AY49: =IF(AZ49<>"","highlight period","ok") -> ok | AZ49: =IF((AND(COUNTBLANK(M49)+COUNTBLANK(R49)=2,COUNTA(M50:$M$50)+COUNTA(R50:$R$50)>0))=TRUE,"Do not skip any row",IF(AZ48="Do not skip any row","",IF(COUNTBLANK(M49)+COUNTBLANK(R49)=2,"",IF(COUNTBLANK(M49)=1,"Please enter date of arrival in Singapore",IF(COUNTBLANK(R49)=1,"Please enter date of departure from Singapore",IF(R49<M49,"Date of departure from Singapore is earlier than date of arrival in Singapore",IF(AW49>0,"Please check that no overlapping periods exist.",IF(AX49>0,"Your stay exceeds a 12-month period. Please email us as per instructions under Section 1.", ""))))))))
F50: Period 12 | W50: =IF(AY50="highlight period",AZ50,IF(OR(M50="",R50="",$AY$51>0),"",IF(days!$E$3="calendar",days!N24,days!N43))) | AS50: =IF(AND(M50="",R50=""),"",IF(OR(M50<$AX$37,M50>$AZ$37,R50>$AZ$37,R50<M50,SUM(AT50:AX50)>0),"error","")) | AT50: =COUNTIF($AS$38:AS49,"error") -> 0 | AU50: =IF(AND(R50<>"",M50=""),1,0) -> 0 | AV50: =IF(OR(R50="",M50=""),0,IF(R50-M50>=0,0,1)) -> 0 | AW50: 0 | AX50: =IF(days!$E$3="moving",IF(R50>$AX$38,1,0),0) -> 0 | AY50: =IF(AZ50<>"","highlight period","ok") -> ok | AZ50: =IF((AND(COUNTBLANK(M50)+COUNTBLANK(R50)=2,COUNTA(M$50:$M51)+COUNTA(R$50:$R51)>0))=TRUE,"Do not skip any row",IF(AZ49="Do not skip any row","",IF(COUNTBLANK(M50)+COUNTBLANK(R50)=2,"",IF(COUNTBLANK(M50)=1,"Please enter date of arrival in Singapore",IF(COUNTBLANK(R50)=1,"Please enter date of departure from Singapore",IF(R50<M50,"Date of departure from Singapore is earlier than date of arrival in Singapore",IF(AW50>0,"Please check that no overlapping periods exist.",IF(AX50>0,"Your stay exceeds a 12-month period. Please email us as per instructions under Section 1.", ""))))))))
AY51: =COUNTIF(AY39:AY50,"highlight period") -> 0
G53: =IF($AE$13="","",IF(days!$E$3<>"calendar","","Total stay in Singapore:")) | Q53: =IF($AE$13="","",IF(OR(days!$E$3<>"calendar",days!I25=0),"",IF($AY$51>0,"error",CONCATENATE(days!I25,IF(days!I25=1," day"," days")," (year ",days!I12,")")))) | AB53: =IF($AE$13="","",IF(OR(days!$E$3<>"calendar",days!J25=0),"",IF($AY$51>0,"error",CONCATENATE(days!J25,IF(days!J25=1," day"," days")," (year ",days!J12,")")))) | AX53: =IF(AND($AZ$51<=0,days!I25>183),days!I12,"") | AY53: =IF(AND($AZ$51<=0,days!J25>183),days!J12,"")
B56: RESULT | AS56: =IF($AE$13="","Hide",IF(AND($D$59=calcNresults!$C$105,COUNTA($I$79,$AH$79)>0),"Show","Hide")) -> Hide
B57: =IF(days!E3="moving",calcNresults!C127,"")
D59: =IF(AX39=1,calcNresults!C37,IF(OR($AE$13="",$AY$51>0),"",IF(days!$E$3="limited treaty",calcNresults!C64,IF(calcNresults!$D$31="No",calcNresults!C37,IF(calcNresults!$D$31="Yes",calcNresults!C46,IF(calcNresults!$D$31="partial",calcNresults!C55,""))))))
C60: =IF(OR(D60="",calcNresults!$D$31="partial"),"",CONCATENATE("-",CHAR(10))) | D60: =IF(AX39=1,calcNresults!C38,IF(OR($AE$13="",$AY$51>0),"",IF(days!$E$3="limited treaty",calcNresults!C65,IF(calcNresults!$D$31="No",calcNresults!C38,IF(calcNresults!$D$31="Yes",calcNresults!C47,IF(calcNresults!$D$31="partial",calcNresults!C56,""))))))
C61: =IF(OR(D61="",calcNresults!$D$31="partial"),"",CONCATENATE("-",CHAR(10))) | D61: =IF(AX39=1,calcNresults!C39,IF(OR($AE$13="",$AY$51>0),"",IF(days!$E$3="limited treaty",calcNresults!C66,IF(calcNresults!$D$31="No",calcNresults!C39,IF(calcNresults!$D$31="Yes",calcNresults!C48,IF(calcNresults!$D$31="partial",calcNresults!C57,""))))))
C62: =IF(OR(D62="",calcNresults!$D$31="partial"),"","-") | D62: =IF(AX39=1,calcNresults!C40,IF(OR($AE$13="",$AY$51>0),"",IF(days!$E$3="limited treaty",calcNresults!C67,IF(calcNresults!$D$31="No",calcNresults!C40,IF(calcNresults!$D$31="Yes",calcNresults!C49,IF(calcNresults!$D$31="partial",calcNresults!C58,""))))))
C63: =IF(OR(D63="",calcNresults!$D$31="partial"),"","-") | D63: =IF(AX39=1,calcNresults!C41,IF(OR($AE$13="",$AY$51>0),"",IF(days!$E$3="limited treaty",calcNresults!C68,IF(calcNresults!$D$31="No",calcNresults!C41,IF(calcNresults!$D$31="Yes",calcNresults!C50,IF(calcNresults!$D$31="partial",calcNresults!C59,""))))))
D64: =IF(AX39=1,calcNresults!C42,IF(OR($AE$13="",$AY$51>0),"",IF(days!$E$3="limited treaty",calcNresults!C69,IF(calcNresults!$D$31="No",calcNresults!C42,IF(calcNresults!$D$31="Yes",calcNresults!C51,IF(calcNresults!$D$31="partial",calcNresults!C60,""))))))
D65: =IF(AX39=1,calcNresults!C43,IF(OR($AE$13="",$AY$51>0),"",IF(days!$E$3="limited treaty",calcNresults!C70,IF(calcNresults!$D$31="No",calcNresults!C43,IF(calcNresults!$D$31="Yes",calcNresults!C52,IF(calcNresults!$D$31="partial",calcNresults!C61,"")))))) | Y65: =IF(AX39=1,calcNresults!G43,IF(OR($AE$13="",$AY$51>0),"",IF(days!$E$3="limited treaty",calcNresults!G70,IF(calcNresults!$D$31="No",calcNresults!G43,IF(calcNresults!$D$31="Yes",calcNresults!G52,IF(calcNresults!$D$31="partial",calcNresults!G61,""))))))
B68: =IF(AND($AS$70="Show",$I$79<>""),"Name of Employee:","") | H68: =IF(B68="","",PROPER($I$79)) | AB68: =IF(AND($AS$70="Show",$AF$79<>""),$AB$79,"") | AF68: =IF($AB$68="","",UPPER($AF$79))
B70: Claim for DTA exemption (for services rendered by employees of foreign employers) [Page 2] | AS70: =IF(AND($AE$13<>"",OR(calcNresults!$D$31="Yes",calcNresults!$D$31="partial")),"Show","Hide") -> Hide
C72: It may take you about 5 minutes to fill in the information in the shaded fields below.
C73: Important notes:
C74: 1 | D74: The Comptroller of Income Tax reserves the right to determine whether the employee qualifies for exemption.
C75: 2 | D75: Pages 1 and 2 must be completed and signed by the employee and the foreign employer. Page 3 (Certificate of Residence) must bear the original endorsement from the relevant foreign tax authority. Please note that incomplete forms will not be accepted.
C78: PART 1: PARTICULARS OF EMPLOYEE
C79: Full Name: | AB79: FIN / Passport No.:
C80: Date of Birth: | AB80: Citizenship:
C81: Mailing Address:
C83: Country/Region: | J83: =PROPER(IF($AE$13="","",VLOOKUP($AE$13,matrix,16,FALSE))) | W83: Email:
C85: PART 2 : DECLARATION BY EMPLOYEE | BA85: Original display | BE85: Enhancement made so that for calendar period, only the part that qualifies will be shown to TP.
C87: Name and Address of Foreign Employer | Y87: Period of stay in Singapore | AI87: Gross Income (S$) | AT87: Dates to be populated | AV87: (If overlap exists) | BA87: Period of Employment | BE87: Period of Employment
Y88: From | AD88: To | AT88: From | AU88: To | AV88: From | AW88: To | AX88: Overlap has occurred | BA88: From | BB88: To | BE88: From | BF88: To
Y89: =BE89 -> #N/A | AD89: =BF89 -> #N/A | AT89: =IF(M39="","",M39) | AU89: =IF(R39="","",R39) | AV89: =IF(YEAR(M39)=YEAR(R39),"",DATE(YEAR(R39),1,1)) | AW89: =IF(YEAR(M39)=YEAR(R39),"",DATE(YEAR(M39),12,31)) | AX89: 0 | AZ89: =IF(BA89="","",IF(YEAR(BA89)=days!$I$27,0,1+AZ88)) | BA89: =AT89 | BB89: =IF(AW89="",AU89,AW89) | BD89: 1 | BE89: =IF(AND(OR($AE$13="France",$AE$13="Thailand"),days!$H$56="YesNo"),IF($BD89>$AZ$102,"",VLOOKUP($BD89,$AZ$89:$BB$101,2,FALSE)),IF(days!$E$3="moving",BA89,IF(days!$I$26="both",BA89,IF($BD89>$AZ$102,"",VLOOKUP($BD89,$AZ$89:$BB$101,2,FALSE))))) -> #N/A | BF89: =IF(AND(OR($AE$13="France",$AE$13="Thailand"),days!$H$56="YesNo"),IF($BD89>$AZ$102,"",VLOOKUP($BD89,$AZ$89:$BB$101,3,FALSE)),IF(days!$E$3="moving",BB89,IF(days!$I$26="both",BB89,IF($BD89>$AZ$102,"",VLOOKUP($BD89,$AZ$89:$BB$101,3,FALSE))))) -> #N/A
Y90: =BE90 -> #N/A | AD90: =BF90 -> #N/A | AT90: =IF(M40="","",M40) | AU90: =IF(R40="","",R40) | AV90: =IF(YEAR(M40)=YEAR(R40),"",DATE(YEAR(R40),1,1)) | AW90: =IF(YEAR(M40)=YEAR(R40),"",DATE(YEAR(M40),12,31)) | AX90: =COUNTA($AV$89:AV89)-COUNTIF($AV$89:AV89,"") -> 0 | AZ90: =IF(BA90="","",IF(YEAR(BA90)=days!$I$27,0,1+AZ89)) | BA90: =IF(AV89="",AT90,AV89) | BB90: =IF($AX89>0,AU89,IF(AND(AW89="",AW90=""),AU90,IF(AW89="",AW90,AU89))) | BD90: 2 | BE90: =IF(AND(OR($AE$13="France",$AE$13="Thailand"),days!$H$56="YesNo"),IF($BD90>$AZ$102,"",VLOOKUP($BD90,$AZ$89:$BB$101,2,FALSE)),IF(days!$E$3="moving",BA90,IF(days!$I$26="both",BA90,IF($BD90>$AZ$102,"",VLOOKUP($BD90,$AZ$89:$BB$101,2,FALSE))))) -> #N/A | BF90: =IF(AND(OR($AE$13="France",$AE$13="Thailand"),days!$H$56="YesNo"),IF($BD90>$AZ$102,"",VLOOKUP($BD90,$AZ$89:$BB$101,3,FALSE)),IF(days!$E$3="moving",BB90,IF(days!$I$26="both",BB90,IF($BD90>$AZ$102,"",VLOOKUP($BD90,$AZ$89:$BB$101,3,FALSE))))) -> #N/A
Y91: =BE91 -> #N/A | AD91: =BF91 -> #N/A | AT91: =IF(M41="","",M41) | AU91: =IF(R41="","",R41) | AV91: =IF(YEAR(M41)=YEAR(R41),"",DATE(YEAR(R41),1,1)) | AW91: =IF(YEAR(M41)=YEAR(R41),"",DATE(YEAR(M41),12,31)) | AX91: =COUNTA($AV$89:AV90)-COUNTIF($AV$89:AV90,"") -> 0 | AZ91: =IF(BA91="","",IF(YEAR(BA91)=days!$I$27,0,1+AZ90)) | BA91: =IF($AX90>0,AT90,IF(AV90="",AT91,AV90)) | BB91: =IF($AX90>0,AU90,IF(AND(AW90="",AW91=""),AU91,IF(AW90="",AW91,AU90))) | BD91: 3 | BE91: =IF(AND(OR($AE$13="France",$AE$13="Thailand"),days!$H$56="YesNo"),IF($BD91>$AZ$102,"",VLOOKUP($BD91,$AZ$89:$BB$101,2,FALSE)),IF(days!$E$3="moving",BA91,IF(days!$I$26="both",BA91,IF($BD91>$AZ$102,"",VLOOKUP($BD91,$AZ$89:$BB$101,2,FALSE))))) -> #N/A | BF91: =IF(AND(OR($AE$13="France",$AE$13="Thailand"),days!$H$56="YesNo"),IF($BD91>$AZ$102,"",VLOOKUP($BD91,$AZ$89:$BB$101,3,FALSE)),IF(days!$E$3="moving",BB91,IF(days!$I$26="both",BB91,IF($BD91>$AZ$102,"",VLOOKUP($BD91,$AZ$89:$BB$101,3,FALSE))))) -> #N/A
Y92: =BE92 -> #N/A | AD92: =BF92 -> #N/A | AT92: =IF(M42="","",M42) | AU92: =IF(R42="","",R42) | AV92: =IF(YEAR(M42)=YEAR(R42),"",DATE(YEAR(R42),1,1)) | AW92: =IF(YEAR(M42)=YEAR(R42),"",DATE(YEAR(M42),12,31)) | AX92: =COUNTA($AV$89:AV91)-COUNTIF($AV$89:AV91,"") -> 0 | AZ92: =IF(BA92="","",IF(YEAR(BA92)=days!$I$27,0,1+AZ91)) | BA92: =IF($AX91>0,AT91,IF(AV91="",AT92,AV91)) | BB92: =IF($AX91>0,AU91,IF(AND(AW91="",AW92=""),AU92,IF(AW91="",AW92,AU91))) | BD92: 4 | BE92: =IF(AND(OR($AE$13="France",$AE$13="Thailand"),days!$H$56="YesNo"),IF($BD92>$AZ$102,"",VLOOKUP($BD92,$AZ$89:$BB$101,2,FALSE)),IF(days!$E$3="moving",BA92,IF(days!$I$26="both",BA92,IF($BD92>$AZ$102,"",VLOOKUP($BD92,$AZ$89:$BB$101,2,FALSE))))) -> #N/A | BF92: =IF(AND(OR($AE$13="France",$AE$13="Thailand"),days!$H$56="YesNo"),IF($BD92>$AZ$102,"",VLOOKUP($BD92,$AZ$89:$BB$101,3,FALSE)),IF(days!$E$3="moving",BB92,IF(days!$I$26="both",BB92,IF($BD92>$AZ$102,"",VLOOKUP($BD92,$AZ$89:$BB$101,3,FALSE))))) -> #N/A
Y93: =BE93 -> #N/A | AD93: =BF93 -> #N/A | AT93: =IF(M43="","",M43) | AU93: =IF(R43="","",R43) | AV93: =IF(YEAR(M43)=YEAR(R43),"",DATE(YEAR(R43),1,1)) | AW93: =IF(YEAR(M43)=YEAR(R43),"",DATE(YEAR(M43),12,31)) | AX93: =COUNTA($AV$89:AV92)-COUNTIF($AV$89:AV92,"") -> 0 | AZ93: =IF(BA93="","",IF(YEAR(BA93)=days!$I$27,0,1+AZ92)) | BA93: =IF($AX92>0,AT92,IF(AV92="",AT93,AV92)) | BB93: =IF($AX92>0,AU92,IF(AND(AW92="",AW93=""),AU93,IF(AW92="",AW93,AU92))) | BD93: 5 | BE93: =IF(AND(OR($AE$13="France",$AE$13="Thailand"),days!$H$56="YesNo"),IF($BD93>$AZ$102,"",VLOOKUP($BD93,$AZ$89:$BB$101,2,FALSE)),IF(days!$E$3="moving",BA93,IF(days!$I$26="both",BA93,IF($BD93>$AZ$102,"",VLOOKUP($BD93,$AZ$89:$BB$101,2,FALSE))))) -> #N/A | BF93: =IF(AND(OR($AE$13="France",$AE$13="Thailand"),days!$H$56="YesNo"),IF($BD93>$AZ$102,"",VLOOKUP($BD93,$AZ$89:$BB$101,3,FALSE)),IF(days!$E$3="moving",BB93,IF(days!$I$26="both",BB93,IF($BD93>$AZ$102,"",VLOOKUP($BD93,$AZ$89:$BB$101,3,FALSE))))) -> #N/A
Y94: =BE94 -> #N/A | AD94: =BF94 -> #N/A | AT94: =IF(M44="","",M44) | AU94: =IF(R44="","",R44) | AV94: =IF(YEAR(M44)=YEAR(R44),"",DATE(YEAR(R44),1,1)) | AW94: =IF(YEAR(M44)=YEAR(R44),"",DATE(YEAR(M44),12,31)) | AX94: =COUNTA($AV$89:AV93)-COUNTIF($AV$89:AV93,"") -> 0 | AZ94: =IF(BA94="","",IF(YEAR(BA94)=days!$I$27,0,1+AZ93)) | BA94: =IF($AX93>0,AT93,IF(AV93="",AT94,AV93)) | BB94: =IF($AX93>0,AU93,IF(AND(AW93="",AW94=""),AU94,IF(AW93="",AW94,AU93))) | BD94: 6 | BE94: =IF(AND(OR($AE$13="France",$AE$13="Thailand"),days!$H$56="YesNo"),IF($BD94>$AZ$102,"",VLOOKUP($BD94,$AZ$89:$BB$101,2,FALSE)),IF(days!$E$3="moving",BA94,IF(days!$I$26="both",BA94,IF($BD94>$AZ$102,"",VLOOKUP($BD94,$AZ$89:$BB$101,2,FALSE))))) -> #N/A | BF94: =IF(AND(OR($AE$13="France",$AE$13="Thailand"),days!$H$56="YesNo"),IF($BD94>$AZ$102,"",VLOOKUP($BD94,$AZ$89:$BB$101,3,FALSE)),IF(days!$E$3="moving",BB94,IF(days!$I$26="both",BB94,IF($BD94>$AZ$102,"",VLOOKUP($BD94,$AZ$89:$BB$101,3,FALSE))))) -> #N/A
Y95: =BE95 -> #N/A | AD95: =BF95 -> #N/A | AT95: =IF(M45="","",M45) | AU95: =IF(R45="","",R45) | AV95: =IF(YEAR(M45)=YEAR(R45),"",DATE(YEAR(R45),1,1)) | AW95: =IF(YEAR(M45)=YEAR(R45),"",DATE(YEAR(M45),12,31)) | AX95: =COUNTA($AV$89:AV94)-COUNTIF($AV$89:AV94,"") -> 0 | AZ95: =IF(BA95="","",IF(YEAR(BA95)=days!$I$27,0,1+AZ94)) | BA95: =IF($AX94>0,AT94,IF(AV94="",AT95,AV94)) | BB95: =IF($AX94>0,AU94,IF(AND(AW94="",AW95=""),AU95,IF(AW94="",AW95,AU94))) | BD95: 7 | BE95: =IF(AND(OR($AE$13="France",$AE$13="Thailand"),days!$H$56="YesNo"),IF($BD95>$AZ$102,"",VLOOKUP($BD95,$AZ$89:$BB$101,2,FALSE)),IF(days!$E$3="moving",BA95,IF(days!$I$26="both",BA95,IF($BD95>$AZ$102,"",VLOOKUP($BD95,$AZ$89:$BB$101,2,FALSE))))) -> #N/A | BF95: =IF(AND(OR($AE$13="France",$AE$13="Thailand"),days!$H$56="YesNo"),IF($BD95>$AZ$102,"",VLOOKUP($BD95,$AZ$89:$BB$101,3,FALSE)),IF(days!$E$3="moving",BB95,IF(days!$I$26="both",BB95,IF($BD95>$AZ$102,"",VLOOKUP($BD95,$AZ$89:$BB$101,3,FALSE))))) -> #N/A
Y96: =BE96 -> #N/A | AD96: =BF96 -> #N/A | AT96: =IF(M46="","",M46) | AU96: =IF(R46="","",R46) | AV96: =IF(YEAR(M46)=YEAR(R46),"",DATE(YEAR(R46),1,1)) | AW96: =IF(YEAR(M46)=YEAR(R46),"",DATE(YEAR(M46),12,31)) | AX96: =COUNTA($AV$89:AV95)-COUNTIF($AV$89:AV95,"") -> 0 | AZ96: =IF(BA96="","",IF(YEAR(BA96)=days!$I$27,0,1+AZ95)) | BA96: =IF($AX95>0,AT95,IF(AV95="",AT96,AV95)) | BB96: =IF($AX95>0,AU95,IF(AND(AW95="",AW96=""),AU96,IF(AW95="",AW96,AU95))) | BD96: 8 | BE96: =IF(AND(OR($AE$13="France",$AE$13="Thailand"),days!$H$56="YesNo"),IF($BD96>$AZ$102,"",VLOOKUP($BD96,$AZ$89:$BB$101,2,FALSE)),IF(days!$E$3="moving",BA96,IF(days!$I$26="both",BA96,IF($BD96>$AZ$102,"",VLOOKUP($BD96,$AZ$89:$BB$101,2,FALSE))))) -> #N/A | BF96: =IF(AND(OR($AE$13="France",$AE$13="Thailand"),days!$H$56="YesNo"),IF($BD96>$AZ$102,"",VLOOKUP($BD96,$AZ$89:$BB$101,3,FALSE)),IF(days!$E$3="moving",BB96,IF(days!$I$26="both",BB96,IF($BD96>$AZ$102,"",VLOOKUP($BD96,$AZ$89:$BB$101,3,FALSE))))) -> #N/A
Y97: =BE97 -> #N/A | AD97: =BF97 -> #N/A | AT97: =IF(M47="","",M47) | AU97: =IF(R47="","",R47) | AV97: =IF(YEAR(M47)=YEAR(R47),"",DATE(YEAR(R47),1,1)) | AW97: =IF(YEAR(M47)=YEAR(R47),"",DATE(YEAR(M47),12,31)) | AX97: =COUNTA($AV$89:AV96)-COUNTIF($AV$89:AV96,"") -> 0 | AZ97: =IF(BA97="","",IF(YEAR(BA97)=days!$I$27,0,1+AZ96)) | BA97: =IF($AX96>0,AT96,IF(AV96="",AT97,AV96)) | BB97: =IF($AX96>0,AU96,IF(AND(AW96="",AW97=""),AU97,IF(AW96="",AW97,AU96))) | BD97: 9 | BE97: =IF(AND(OR($AE$13="France",$AE$13="Thailand"),days!$H$56="YesNo"),IF($BD97>$AZ$102,"",VLOOKUP($BD97,$AZ$89:$BB$101,2,FALSE)),IF(days!$E$3="moving",BA97,IF(days!$I$26="both",BA97,IF($BD97>$AZ$102,"",VLOOKUP($BD97,$AZ$89:$BB$101,2,FALSE))))) -> #N/A | BF97: =IF(AND(OR($AE$13="France",$AE$13="Thailand"),days!$H$56="YesNo"),IF($BD97>$AZ$102,"",VLOOKUP($BD97,$AZ$89:$BB$101,3,FALSE)),IF(days!$E$3="moving",BB97,IF(days!$I$26="both",BB97,IF($BD97>$AZ$102,"",VLOOKUP($BD97,$AZ$89:$BB$101,3,FALSE))))) -> #N/A
Y98: =BE98 -> #N/A | AD98: =BF98 -> #N/A | AT98: =IF(M48="","",M48) | AU98: =IF(R48="","",R48) | AV98: =IF(YEAR(M48)=YEAR(R48),"",DATE(YEAR(R48),1,1)) | AW98: =IF(YEAR(M48)=YEAR(R48),"",DATE(YEAR(M48),12,31)) | AX98: =COUNTA($AV$89:AV97)-COUNTIF($AV$89:AV97,"") -> 0 | AZ98: =IF(BA98="","",IF(YEAR(BA98)=days!$I$27,0,1+AZ97)) | BA98: =IF($AX97>0,AT97,IF(AV97="",AT98,AV97)) | BB98: =IF($AX97>0,AU97,IF(AND(AW97="",AW98=""),AU98,IF(AW97="",AW98,AU97))) | BD98: 10 | BE98: =IF(AND(OR($AE$13="France",$AE$13="Thailand"),days!$H$56="YesNo"),IF($BD98>$AZ$102,"",VLOOKUP($BD98,$AZ$89:$BB$101,2,FALSE)),IF(days!$E$3="moving",BA98,IF(days!$I$26="both",BA98,IF($BD98>$AZ$102,"",VLOOKUP($BD98,$AZ$89:$BB$101,2,FALSE))))) -> #N/A | BF98: =IF(AND(OR($AE$13="France",$AE$13="Thailand"),days!$H$56="YesNo"),IF($BD98>$AZ$102,"",VLOOKUP($BD98,$AZ$89:$BB$101,3,FALSE)),IF(days!$E$3="moving",BB98,IF(days!$I$26="both",BB98,IF($BD98>$AZ$102,"",VLOOKUP($BD98,$AZ$89:$BB$101,3,FALSE))))) -> #N/A
Y99: =BE99 -> #N/A | AD99: =BF99 -> #N/A | AT99: =IF(M49="","",M49) | AU99: =IF(R49="","",R49) | AV99: =IF(YEAR(M49)=YEAR(R49),"",DATE(YEAR(R49),1,1)) | AW99: =IF(YEAR(M49)=YEAR(R49),"",DATE(YEAR(M49),12,31)) | AX99: =COUNTA($AV$89:AV98)-COUNTIF($AV$89:AV98,"") -> 0 | AZ99: =IF(BA99="","",IF(YEAR(BA99)=days!$I$27,0,1+AZ98)) | BA99: =IF($AX98>0,AT98,IF(AV98="",AT99,AV98)) | BB99: =IF($AX98>0,AU98,IF(AND(AW98="",AW99=""),AU99,IF(AW98="",AW99,AU98))) | BD99: 11 | BE99: =IF(AND(OR($AE$13="France",$AE$13="Thailand"),days!$H$56="YesNo"),IF($BD99>$AZ$102,"",VLOOKUP($BD99,$AZ$89:$BB$101,2,FALSE)),IF(days!$E$3="moving",BA99,IF(days!$I$26="both",BA99,IF($BD99>$AZ$102,"",VLOOKUP($BD99,$AZ$89:$BB$101,2,FALSE))))) -> #N/A | BF99: =IF(AND(OR($AE$13="France",$AE$13="Thailand"),days!$H$56="YesNo"),IF($BD99>$AZ$102,"",VLOOKUP($BD99,$AZ$89:$BB$101,3,FALSE)),IF(days!$E$3="moving",BB99,IF(days!$I$26="both",BB99,IF($BD99>$AZ$102,"",VLOOKUP($BD99,$AZ$89:$BB$101,3,FALSE))))) -> #N/A
Y100: =BE100 -> #N/A | AD100: =BF100 -> #N/A | AT100: =IF(M50="","",M50) | AU100: =IF(R50="","",R50) | AV100: =IF(YEAR(M50)=YEAR(R50),"",DATE(YEAR(R50),1,1)) | AW100: =IF(YEAR(M50)=YEAR(R50),"",DATE(YEAR(M50),12,31)) | AX100: =COUNTA($AV$89:AV99)-COUNTIF($AV$89:AV99,"") -> 0 | AZ100: =IF(BA100="","",IF(YEAR(BA100)=days!$I$27,0,1+AZ99)) | BA100: =IF($AX99>0,AT99,IF(AV99="",AT100,AV99)) | BB100: =IF($AX99>0,AU99,IF(AND(AW99="",AW100=""),AU100,IF(AW99="",AW100,AU99))) | BD100: 12 | BE100: =IF(AND(OR($AE$13="France",$AE$13="Thailand"),days!$H$56="YesNo"),IF($BD100>$AZ$102,"",VLOOKUP($BD100,$AZ$89:$BB$101,2,FALSE)),IF(days!$E$3="moving",BA100,IF(days!$I$26="both",BA100,IF($BD100>$AZ$102,"",VLOOKUP($BD100,$AZ$89:$BB$101,2,FALSE))))) -> #N/A | BF100: =IF(AND(OR($AE$13="France",$AE$13="Thailand"),days!$H$56="YesNo"),IF($BD100>$AZ$102,"",VLOOKUP($BD100,$AZ$89:$BB$101,3,FALSE)),IF(days!$E$3="moving",BB100,IF(days!$I$26="both",BB100,IF($BD100>$AZ$102,"",VLOOKUP($BD100,$AZ$89:$BB$101,3,FALSE))))) -> #N/A
Y101: =BE101 -> #N/A | AD101: =BF101 -> #N/A | AT101: ="" | AU101: ="" | AV101: ="" | AW101: ="" | AX101: =COUNTA($AV$89:AV100)-COUNTIF($AV$89:AV100,"") -> 0 | AZ101: =IF(BA101="","",IF(YEAR(BA101)=days!$I$27,0,1+AZ100)) | BA101: =IF($AX100>0,AT100,IF(AV100="",AT101,AV100)) | BB101: =IF($AX100>0,AU100,IF(AND(AW100="",AW101=""),AU101,IF(AW100="",AW101,AU100))) | BD101: 13 | BE101: =IF(AND(OR($AE$13="France",$AE$13="Thailand"),days!$H$56="YesNo"),IF($BD101>$AZ$102,"",VLOOKUP($BD101,$AZ$89:$BB$101,2,FALSE)),IF(days!$E$3="moving",BA101,IF(days!$I$26="both",BA101,IF($BD101>$AZ$102,"",VLOOKUP($BD101,$AZ$89:$BB$101,2,FALSE))))) -> #N/A | BF101: =IF(AND(OR($AE$13="France",$AE$13="Thailand"),days!$H$56="YesNo"),IF($BD101>$AZ$102,"",VLOOKUP($BD101,$AZ$89:$BB$101,3,FALSE)),IF(days!$E$3="moving",BB101,IF(days!$I$26="both",BB101,IF($BD101>$AZ$102,"",VLOOKUP($BD101,$AZ$89:$BB$101,3,FALSE))))) -> #N/A
AZ102: =MAX(AZ89:AZ101) -> 0
C103: =calcNresults!C87 -> I declare that:-
C104: =IF(E104="","","(a) ") -> #N/A | E104: =calcNresults!C88 -> #N/A
C105: =IF(E105="","","(b) ") -> #N/A | E105: =calcNresults!C89 -> #N/A
C106: =IF(E106="","","(c) ") -> #N/A | E106: =calcNresults!C90 -> #N/A
C107: =IF(E107="","","(d) ") -> #N/A | E107: =calcNresults!C91 -> #N/A
C109: I, | D109: =IF(I79="","",PROPER(I79)) | S109: declare that the information furnished above are to the best of my
C110: knowledge and belief, a true and correct account of my income accrued in, derived from or received in Singapore.
C112: Name of Employee | O112: Signature of Employee | Z112: Date | AG112: Telephone No.
B113: =IF(H60="","",PROPER(H60)) | C113: =IF($I$79="","",PROPER($I$79))
C117: PART 3 : CERTIFICATION BY FOREIGN EMPLOYER
K119: I, the undersigned, certify: a) | L119: =calcNresults!C94 -> the period of stay in Singapore of the abovementioned employee is correct; and
K120: b) | L120: =calcNresults!C95 -> #N/A
C123: Name of Foreign Employer | K123: Name of Authorised Person | T123: Designation | AA123: Signature & Date | AH123: Telephone No.
B124: =IF(H79="","",PROPER(H79))
B128: There are penalties for furnishing an incorrect form.
B130: 55 Newton Road, Revenue House, Singapore 307987
B131: For enquiries, email IRAS at taxqueries@iras.gov.sg or call 1800-3568300
B133: Page 2 of 3
B135: Certificate of Residence (to be completed by foreign tax authority) | AN135: [Page 3]
C137: Name of Employee: | J137: =PROPER($I$79)
C138: =$AB$79 -> FIN / Passport No.: | J138: =IF($AF$79="","",UPPER($AF$79))
C140: To: The Comptroller of Income Tax, Singapore
C142: Certificate of Residence For the Year 20 | R142: =IF(days!$I$26="",RIGHT(days!$E$25,2),IF(days!$I$26="both",RIGHT(days!$I$12,2),RIGHT(days!$I$26,2))) -> #N/A | T142: =IF($AS$142="show","and the Year 20","") | Z142: =IF($AS$142="show",RIGHT(days!$F$25,2),"") | AS142: =IF(AND(OR(days!E2="France",days!E2="Thailand"),calcNresults!D30="Partial",SUM(days!I25:J25)<=183),"show",IF(AND(calcNresults!$D$31="Yes",days!E25<>days!F25),"show","hide")) -> hide | AT142: conditional formatting to show double year.
C144: In Compliance with the convention between | P144: =IF($AE$13="","",VLOOKUP($AE$13,matrix,16,FALSE)) | Y144: and Singapore for the Avoidance of Double
C145: Taxation and the Prevention of Fiscal Evasion with respect to Taxes on Income, we hereby certify that the above individual is
C146: a resident of | G146: =IF($AE$13="","",VLOOKUP($AE$13,matrix,16,FALSE)) | P146: for tax purposes and subject to tax in | AA146: =IF($AE$13="","",VLOOKUP($AE$13,matrix,16,FALSE))
C147: in respect of the income stated above.
C154: Name of Competent Authority: | M154: :
C156: Designation of Competent Authority: | M156: :
C160: Signature of Competent Authority: | M160: :
C162: Date: | M162: :
C164: Address of Competent Authority: | M164: :
...

Sheet matrix
B1: Countries | C1: Conditions
B2: 1 | C2: 2 | D2: =C2+1 -> 3 | E2: =D2+1 -> 4 | F2: =E2+1 -> 5 | H2: =F2+1 -> 6 | I2: 7 | J2: 8 | K2: 9 | L2: 10
A3: S/No | C3: Stay =/< 183 days in a calendar year | D3: Stay =/< 183 days in moving 12-mth period | E3: Remuneration paid by / on behalf of employer who is not a resident of Singapore | F3: Remuneration paid by / on behalf of employer who is a resident of TP's country of residence | G3: Remuneration paid by / on behalf of employer who is a resident of TP's country of residence and whose activity does not consist of hiring out of labour | H3: Services are performed for / on behalf of employer who is not a resident of Singapore | I3: Services performed for / on behalf of employer who is a resident of TP's country of residence | J3: Remuneration not borne by PE or fixed base which the employer has in Singapore | K3: Remuneration not (directly) deductible from profits for Singapore tax purpose of a PE in Singapore | L3: Remuneration / profits subject to tax in TP's country of residence | M3: Total no of conditions to be met | N3: Effective date | O3: Effective YA | P3: Remarks
A4: 1 | B4: Albania | D4: 1 | E4: 1 | J4: 1 | M4: =SUM(C4:L4) -> 3 | N4: 1.1.2012 | O4: YA 2013 | Q4: =B4 -> Albania
A5: 2 | B5: Armenia | D5: 1 | E5: 1 | J5: 1 | M5: 3 | N5: 1.1.2022 | O5: YA 2023 | Q5: =B5 -> Armenia
A6: 3 | B6: Australia | C6: 1 | I6: 1 | K6: 1 | M6: =SUM(C6:L6) -> 3 | N6: 1.1.1969 | O6: YA 1970 | Q6: =B6 -> Australia
A7: 4 | B7: Austria | D7: 1 | E7: 1 | J7: 1 | M7: =SUM(C7:L7) -> 3 | N7: 1.1.2003 | O7: YA 2004 | Q7: =B7 -> Austria
A8: 5 | B8: Bahrain | C8: 1 | E8: 1 | J8: 1 | M8: =SUM(C8:L8) -> 3 | N8: 1.1.2005 | O8: YA 2006 | Q8: =B8 -> Bahrain
A9: 6 | B9: Bangladesh | C9: 1 | I9: 1 | J9: 1 | M9: =SUM(C9:L9) -> 3 | N9: 1.1.1979 | O9: YA1980 | Q9: =B9 -> Bangladesh
A10: 7 | B10: Barbados | C10: 1 | E10: 1 | J10: 1 | M10: 3 | N10: 1.1.2015 | O10: YA2016 | Q10: =B10 -> Barbados
A11: 8 | B11: Belarus | D11: 1 | E11: 1 | J11: 1 | M11: =SUM(C11:L11) -> 3 | N11: 1.1.2014 | O11: YA 2015 | Q11: =B11 -> Belarus
A12: 9 | B12: Belgium | D12: 1 | E12: 1 | J12: 1 | M12: =SUM(C12:L12) -> 3 | N12: 1.1.2009 | O12: YA2010 | Q12: =B12 -> Belgium
A13: 10 | B13: Brazil | D13: 1 | E13: 1 | J13: 1 | M13: =SUM(C13:L13) -> 3 | N13: 1.1.2022 | O13: YA2023 | Q13: =B13 -> Brazil
A14: 11 | B14: Brunei | D14: 1 | F14: 1 | J14: 1 | M14: =SUM(C14:L14) -> 3 | N14: 1.1.2007 | O14: YA2008 | Q14: =B14 -> Brunei
A15: 12 | B15: Bulgaria | D15: 1 | E15: 1 | J15: 1 | M15: =SUM(C15:L15) -> 3 | N15: 1.1.1998 | O15: YA1999 | Q15: =B15 -> Bulgaria
A16: 13 | B16: Cambodia | D16: 1 | E16: 1 | J16: 1 | M16: =SUM(C16:L16) -> 3 | N16: 1.1.2018 | O16: YA 2019 | Q16: =B16 -> Cambodia
A17: 14 | B17: Canada | C17: 1 | F17: 1 | J17: 1 | M17: =SUM(C17:L17) -> 3 | N17: 1.1.1977 | O17: YA1978 | P17: not borne directly or indirectly | Q17: =B17 -> Canada
A18: 15 | B18: Chile | M18: =SUM(C18:L18) -> 0 | P18: Limited treaty | Q18: =B18 -> Chile
A19: 16 | B19: China | D19: 1 | E19: 1 | J19: 1 | M19: =SUM(C19:L19) -> 3 | N19: 1.1.2008 | O19: YA2009 | Q19: =B19 -> China
A20: 17 | B20: Cyprus | C20: 1 | F20: 1 | J20: 1 | M20: =SUM(C20:L20) -> 3 | N20: 1.1.2002 | O20: YA2003 | Q20: =B20 -> Cyprus
A21: 18 | B21: Czech Republic | D21: 1 | E21: 1 | J21: 1 | M21: =SUM(C21:L21) -> 3 | N21: 1.1.1999 | O21: YA2000 | Q21: =B21 -> Czech Republic
A22: 19 | B22: Denmark | D22: 1 | F22: 1 | J22: 1 | M22: =SUM(C22:L22) -> 3 | N22: 1.1.2001 | O22: YA2002 | Q22: =B22 -> Denmark
A23: 20 | B23: Ecuador | D23: 1 | E23: 1 | J23: 1 | M23: 3 | N23: 1.1.2016 | O23: YA 2017 | Q23: =B23 -> Ecuador
A24: 21 | B24: Egypt | C24: 1 | E24: 1 | J24: 1 | M24: =SUM(C24:L24) -> 3 | N24: 1.1.2005 | O24: YA2006 | Q24: =B24 -> Egypt
A25: 22 | B25: Estonia | D25: 1 | E25: 1 | J25: 1 | M25: =SUM(C25:L25) -> 3 | N25: 1.1.2008 | O25: YA2009 | Q25: =B25 -> Estonia
A26: 23 | B26: Ethiopia | D26: 1 | E26: 1 | J26: 1 | M26: =SUM(C26:L26) -> 3 | N26: 1.1.2018 | O26: YA 2019 | Q26: =B26 -> Ethiopia
A27: 24 | B27: Fiji | D27: 1 | E27: 1 | J27: 1 | M27: =SUM(C27:L27) -> 3 | N27: 1.1.2007 | O27: YA2008 | Q27: =B27 -> Fiji
A28: 25 | B28: Finland | D28: 1 | E28: 1 | J28: 1 | M28: =SUM(C28:L28) -> 3 | N28: 1.1.2003 | O28: YA2004 | Q28: =B28 -> Finland
A29: 26 | B29: France | D29: 1 | E29: 1 | J29: 1 | M29: =SUM(C29:L29) -> 3 | N29: 1.1.2017 | O29: YA 2018 | Q29: =B29 -> France
A30: 27 | B30: Georgia | C30: 1 | E30: 1 | J30: 1 | M30: =SUM(C30:L30) -> 3 | N30: 1.1.2011 | O30: YA2012 | Q30: =B30 -> Georgia
A31: 28 | B31: Germany | D31: 1 | E31: 1 | J31: 1 | L31: 1 | M31: =SUM(C31:L31) -> 4 | N31: 1.1.2007 | O31: YA2008 | Q31: =B31 -> Germany
A32: 29 | B32: Ghana | D32: 1 | E32: 1 | J32: 1 | M32: =SUM(C32:L32) -> 3 | N32: 1.1.2020 | O32: YA2021 | Q32: =B32 -> Ghana
A33: 30 | B33: Greece | D33: 1 | E33: 1 | J33: 1 | M33: =SUM(C33:L33) -> 3 | N33: 1.1.2023 | O33: YA2024 | Q33: =B33 -> Greece
A34: 31 | B34: Guernsey | D34: 1 | E34: 1 | J34: 1 | M34: =SUM(C34:L34) -> 3 | N34: 1.1.2014 | O34: YA2015 | Q34: =B34 -> Guernsey
A35: 32 | B35: Hong Kong | M35: =SUM(C35:L35) -> 0 | P35: Limited treaty | Q35: =B35 -> Hong Kong
A36: 33 | B36: Hungary | D36: 1 | E36: 1 | J36: 1 | M36: =SUM(C36:L36) -> 3 | N36: 1.1.1999 | O36: YA2000 | Q36: =B36 -> Hungary
A37: 34 | B37: India | C37: 1 | E37: 1 | J37: 1 | M37: =SUM(C37:L37) -> 3 | N37: 1.1.1994 | O37: YA1995 | Q37: =B37 -> India
A38: 35 | B38: Indonesia | D38: 1 | F38: 1 | J38: 1 | M38: =SUM(C38:L38) -> 3 | N38: 1.1.2022 | O38: YA 2023 | Q38: =B38 -> Indonesia
A39: 36 | B39: Ireland | C39: 1 | E39: 1 | J39: 1 | M39: 3 | N39: 1.1.2011 | O39: YA 2012 | Q39: =B39 -> Ireland
A40: 37 | B40: Isle of Man | D40: 1 | E40: 1 | J40: 1 | M40: 3 | N40: 1.1.2014 | O40: YA2015 | Q40: =B40 -> Isle of Man
A41: 38 | B41: Israel | C41: 1 | E41: 1 | J41: 1 | M41: =SUM(C41:L41) -> 3 | N41: 1.1.2006 | O41: YA2007 | Q41: =B41 -> Israel
A42: 39 | B42: Italy | C42: 1 | F42: 1 | J42: 1 | M42: =SUM(C42:L42) -> 3 | N42: 1.1.1975 | O42: YA1976 | Q42: =B42 -> Italy
A43: 40 | B43: Japan | D43: 1 | E43: 1 | J43: 1 | M43: =SUM(C43:L43) -> 3 | N43: 1.1.1996 | O43: YA1997 | Q43: =B43 -> Japan
A44: 41 | B44: Jersey | C44: 1 | E44: 1 | J44: 1 | M44: =SUM(C44:L44) -> 3 | N44: 1.1.2014 | O44: YA2015 | Q44: =B44 -> Jersey
A45: 42 | B45: Jordan | D45: 1 | E45: 1 | J45: 1 | M45: 3 | N45: 1.1.2022 | O45: YA2023 | Q45: =B45 -> Jordan
A46: 43 | B46: Kazakhstan | D46: 1 | E46: 1 | J46: 1 | M46: =SUM(C46:L46) -> 3 | N46: 1.1.2008 | O46: YA2009 | Q46: =B46 -> Kazakhstan
A47: 44 | B47: Kenya | D47: 1 | E47: 1 | J47: 1 | M47: =SUM(C47:L47) -> 3 | N47: 1.1.2027 | O47: YA2028 | P47: NEW | Q47: =B47 -> Kenya
A48: 45 | B48: Kuwait | C48: 1 | E48: 1 | J48: 1 | M48: =SUM(C48:L48) -> 3 | N48: 1.1.2004 | O48: YA2005 | Q48: =B48 -> Kuwait
A49: 46 | B49: Laos | D49: 1 | E49: 1 | J49: 1 | M49: 3 | N49: 1.1.2017 | O49: YA 2018 | Q49: =B49 -> Laos
A50: 47 | B50: Latvia | D50: 1 | E50: 1 | J50: 1 | M50: =SUM(C50:L50) -> 3 | N50: 1.1.2001 | O50: YA2002 | Q50: =B50 -> Latvia
A51: 48 | B51: Libya | C51: 1 | E51: 1 | J51: 1 | M51: =SUM(C51:L51) -> 3 | N51: 1.1.2011 | O51: YA2012 | Q51: =B51 -> Libya
A52: 49 | B52: Liechtenstein | D52: 1 | E52: 1 | J52: 1 | M52: 3 | N52: 1.1.2015 | O52: YA2016 | Q52: =B52 -> Liechtenstein
A53: 50 | B53: Lithuania | D53: 1 | E53: 1 | J53: 1 | M53: =SUM(C53:L53) -> 3 | N53: 1.1.2005 | O53: YA2006 | Q53: =B53 -> Lithuania
A54: 51 | B54: Luxembourg | D54: 1 | E54: 1 | J54: 1 | M54: 3 | N54: 1.1.2016 | O54: YA 2017 | Q54: =B54 -> Luxembourg
A55: 52 | B55: Malaysia | C55: 1 | E55: 1 | J55: 1 | M55: =SUM(C55:L55) -> 3 | N55: 1.1.2007 | O55: YA2008 | Q55: =B55 -> Malaysia
A56: 53 | B56: Malta | D56: 1 | E56: 1 | J56: 1 | M56: =SUM(C56:L56) -> 3 | N56: 1.1.2009 | O56: YA2010 | Q56: =B56 -> Malta
A57: 54 | B57: Mauritius | C57: 1 | E57: 1 | J57: 1 | M57: =SUM(C57:L57) -> 3 | N57: 1.1.1997 | O57: YA 1998 | Q57: =B57 -> Mauritius
A58: 55 | B58: Mexico | D58: 1 | E58: 1 | J58: 1 | M58: =SUM(C58:L58) -> 3 | N58: 1.1.1996 | O58: YA 1997 | Q58: =B58 -> Mexico
A59: 56 | B59: Mongolia | D59: 1 | E59: 1 | J59: 1 | M59: =SUM(C59:L59) -> 3 | N59: 1.1.2005 | O59: YA 2006 | Q59: =B59 -> Mongolia
A60: 57 | B60: Morocco | D60: 1 | E60: 1 | J60: 1 | M60: 3 | N60: 1.1.2015 | O60: YA 2016 | Q60: =B60 -> Morocco
A61: 58 | B61: Myanmar | C61: 1 | E61: 1 | H61: 1 | J61: 1 | M61: =SUM(C61:L61) -> 4 | N61: 1.1.2010 | O61: YA 2011 | Q61: =B61 -> Myanmar
A62: 59 | B62: Netherlands | C62: 1 | E62: 1 | J62: 1 | M62: =SUM(C62:L62) -> 3 | N62: 1.1.1968 | O62: YA 1969 | Q62: =CONCATENATE("the ",B62) -> the Netherlands
A63: 60 | B63: New Zealand | D63: 1 | E63: 1 | J63: 1 | K63: 1 | M63: =SUM(C63:L63) -> 4 | N63: 1.1.2011 | O63: YA 2012 | P63: Earlier convention signed on 1973 that covers personal service states "not borne by' | Q63: =B63 -> New Zealand
A64: 61 | B64: Nigeria | D64: 1 | E64: 1 | J64: 1 | M64: =SUM(C64:L64) -> 3 | N64: 1.1.2019 | O64: YA 2020 | Q64: =B64 -> Nigeria
A65: 62 | B65: Norway | D65: 1 | G65: 1 | J65: 1 | M65: =SUM(C65:L65) -> 3 | N65: 1.1.1999 | O65: YA 2000 | Q65: =B65 -> Norway
A66: 63 | B66: Oman | D66: 1 | E66: 1 | J66: 1 | M66: =SUM(C66:L66) -> 3 | N66: 1.1.2007 | O66: YA 2008 | Q66: =B66 -> Oman
A67: 64 | B67: Pakistan | D67: 1 | I67: 1 | J67: 1 | L67: 1 | M67: =SUM(C67:L67) -> 4 | N67: 1.1.1987 | O67: YA 1988 | Q67: =B67 -> Pakistan
A68: 65 | B68: Panama | D68: 1 | E68: 1 | J68: 1 | M68: =SUM(C68:L68) -> 3 | N68: 1.1.2012 | O68: YA 2013 | Q68: =B68 -> Panama
A69: 66 | B69: Papua New Guinea | C69: 1 | E69: 1 | J69: 1 | M69: =SUM(C69:L69) -> 3 | N69: 1.1.1993 | O69: YA 1994 | Q69: =B69 -> Papua New Guinea
A70: 67 | B70: Philippines | C70: 1 | F70: 1 | J70: 1 | M70: =SUM(C70:L70) -> 3 | N70: 1.1.1977 | O70: YA 1978 | Q70: =CONCATENATE("the ",B70) -> the Philippines
A71: 68 | B71: Poland | D71: 1 | E71: 1 | J71: 1 | M71: =SUM(C71:L71) -> 3 | N71: 1.1.2015 | O71: YA 2016 | Q71: =B71 -> Poland
A72: 69 | B72: Portugal | D72: 1 | E72: 1 | J72: 1 | M72: =SUM(C72:L72) -> 3 | N72: 1.1.2002 | O72: YA 2003 | Q72: =B72 -> Portugal
A73: 70 | B73: Qatar | D73: 1 | E73: 1 | J73: 1 | M73: =SUM(C73:L73) -> 3 | N73: 1.1.2008 | O73: YA 2009 | Q73: =B73 -> Qatar
A74: 71 | B74: Romania | D74: 1 | F74: 1 | J74: 1 | M74: =SUM(C74:L74) -> 3 | N74: 1.1.2003 | O74: YA 2004 | Q74: =B74 -> Romania
A75: 72 | B75: Russia Federation | D75: 1 | E75: 1 | J75: 1 | M75: =SUM(C75:L75) -> 3 | N75: 1.1.2010 | O75: YA 2011 | Q75: =B75 -> Russia Federation
A76: 73 | B76: Rwanda | D76: 1 | E76: 1 | J76: 1 | M76: =SUM(C76:L76) -> 3 | N76: 1.1.2017 | O76: YA 2018 | Q76: =B76 -> Rwanda
A77: 74 | B77: San Marino | C77: 1 | E77: 1 | J77: 1 | M77: =SUM(C77:L77) -> 3 | N77: 1.1.2016 | O77: YA 2017 | Q77: =B77 -> San Marino
A78: 75 | B78: Saudi Arabia | D78: 1 | E78: 1 | J78: 1 | M78: =SUM(C78:L78) -> 3 | N78: 1.1.2012 | O78: YA 2013 | P78: Calculator caters for 182 days instead of 183 days. | Q78: =B78 -> Saudi Arabia
A79: 76 | B79: Serbia | D79: 1 | E79: 1 | J79: 1 | M79: =SUM(C79:L79) -> 3 | N79: 1.1.2022 | O79: YA2023 | Q79: =B79 -> Serbia
A80: 77 | B80: Seychelles | C80: 1 | E80: 1 | J80: 1 | M80: =SUM(C80:L80) -> 3 | N80: 1.1.2016 | O80: YA 2017 | Q80: =B80 -> Seychelles
A81: 78 | B81: Slovak Republic | D81: 1 | E81: 1 | J81: 1 | M81: =SUM(C81:L81) -> 3 | N81: 1.1.2007 | O81: YA 2008 | Q81: =B81 -> Slovak Republic
A82: 79 | B82: Slovenia | D82: 1 | E82: 1 | J82: 1 | M82: =SUM(C82:L82) -> 3 | N82: 1.1.2011 | O82: YA 2012 | Q82: =B82 -> Slovenia
A83: 80 | B83: South Africa | D83: 1 | E83: 1 | J83: 1 | M83: =SUM(C83:L83) -> 3 | N83: 1.1.1998 | O83: YA 1999 | Q83: =B83 -> South Africa
A84: 81 | B84: South Korea | C84: 1 | E84: 1 | J84: 1 | M84: =SUM(C84:L84) -> 3 | N84: 1.1.1979 | O84: YA 2021 | Q84: =B84 -> South Korea
A85: 82 | B85: Spain | D85: 1 | E85: 1 | J85: 1 | M85: =SUM(C85:L85) -> 3 | N85: 1.1.2013 | O85: YA 2014 | Q85: =B85 -> Spain
A86: 83 | B86: Sri Lanka | D86: 1 | E86: 1 | J86: 1 | M86: =SUM(C86:L86) -> 3 | N86: 1.1.2018 | O86: YA 2019 | Q86: =B86 -> Sri Lanka
A87: 84 | B87: Sweden | C87: 1 | I87: 1 | K87: 1 | L87: 1 | M87: =SUM(C87:L87) -> 4 | N87: 1.1.1966 | O87: YA 1967 | Q87: =B87 -> Sweden
A88: 85 | B88: Switzerland | C88: 1 | E88: 1 | J88: 1 | M88: =SUM(C88:L88) -> 3 | N88: 1.1.2013 | O88: YA 2014 | P88: Personal Services article shifted from 14(2) to 15(2) | Q88: =B88 -> Switzerland
A89: 86 | B89: Taiwan | D89: 1 | E89: 1 | J89: 1 | M89: =SUM(C89:L89) -> 3 | N89: 1.1.2027 | O89: YA 2028 | P89: NEW | Q89: =B89 -> Taiwan
A90: 87 | B90: Thailand | D90: 1 | E90: 1 | J90: 1 | M90: =SUM(C90:L90) -> 3 | N90: 1.1.2017 | O90: YA 2018 | Q90: =B90 -> Thailand
A91: 88 | B91: Tunisa | D91: 1 | E91: 1 | J91: 1 | M91: =SUM(C91:L91) -> 3 | N91: 1.1.2020 | O91: YA2021 | Q91: =B91 -> Tunisa
A92: 89 | B92: Türkiye | C92: 1 | E92: 1 | J92: 1 | M92: =SUM(C92:L92) -> 3 | N92: 1.1.2002 | O92: YA 2003 | Q92: =B92 -> Türkiye
A93: 90 | B93: Turkmenistan | D93: 1 | E93: 1 | J93: 1 | M93: 3 | N93: 1.1.2021 | O93: YA 2022 | Q93: Turkmenistan
A94: 91 | B94: Ukraine | D94: 1 | E94: 1 | J94: 1 | M94: =SUM(C94:L94) -> 3 | N94: 1.1.2010 | O94: YA 2011 | Q94: =B94 -> Ukraine
A95: 92 | B95: United Arab Emirates | C95: 1 | E95: 1 | J95: 1 | M95: =SUM(C95:L95) -> 3 | N95: 1.1.1992 | O95: YA 1993 | Q95: =B95 -> United Arab Emirates
A96: 93 | B96: United Kingdom | D96: 1 | I96: 1 | K96: 1 | L96: 1 | M96: =SUM(C96:L96) -> 4 | N96: 1.1.1998 | O96: YA 1999 | Q96: =CONCATENATE("the ",B96) -> the United Kingdom
A97: 94 | B97: United States of America | M97: =SUM(C97:L97) -> 0 | P97: Limited treaty | Q97: =CONCATENATE("the ",B97) -> the United States of America
A98: 95 | B98: Uruguay | D98: 1 | E98: 1 | J98: 1 | M98: =SUM(C98:L98) -> 3 | N98: 1.1.2018 | O98: YA 2019 | Q98: =B98 -> Uruguay
A99: 96 | B99: Uzbekistan | D99: 1 | E99: 1 | J99: 1 | M99: =SUM(C99:L99) -> 3 | N99: 1.1.2009 | O99: YA 2010 | Q99: =B99 -> Uzbekistan
A100: 97 | B100: Vietnam | C100: 1 | E100: 1 | J100: 1 | M100: =SUM(C100:L100) -> 3 | N100: 1.1.1993 | O100: YA 1994 | Q100: =B100 -> Vietnam
...

Sheet calcNresults
B4: 1 | C4: =B4+1 -> 2 | D4: =C4+1 -> 3 | E4: =D4+1 -> 4 | F4: =E4+1 -> 5 | G4: =F4+1 -> 6 | H4: =G4+1 -> 7 | I4: =H4+1 -> 8 | J4: =I4+1 -> 9 | ... L4: =K4+1 -> 11 | N4: 15
B5: Criteria | C5: Stay =/< 183 days in a calendar year | D5: Stay =/< 183 days in moving 12-mth period | E5: Remuneration paid by / on behalf of employer who is not a resident of Singapore | F5: Remuneration paid by / on behalf of employer who is a resident of TP's country of residence | G5: Remuneration paid by / on behalf of employer who is a resident of TP's country of residence and whose activity does not consist of hiring out of labour | H5: Services are performed for / on behalf of employer who is not a resident of Singapore | I5: Services performed for / on behalf of employer who is a resident of TP's country of residence | J5: Remuneration not borne by PE or fixed base which the employer has in Singapore | K5: Remuneration not (directly) deductible from profits for Singapore tax purpose of a PE in Singapore | L5: Remuneration / profits subject to tax in TP's country of residence | M5: Total no of conditions to be met | N5: Newly Effective since..
B6: ='NRE Calculator'!AE13 -> 0 | C6: =VLOOKUP($B$6,matrix,C4,FALSE) -> #N/A | D6: =VLOOKUP($B$6,matrix,D4,FALSE) -> #N/A | E6: =VLOOKUP($B$6,matrix,E4,FALSE) -> #N/A | F6: =VLOOKUP($B$6,matrix,F4,FALSE) -> #N/A | G6: =VLOOKUP($B$6,matrix,G4,FALSE) -> #N/A | H6: =VLOOKUP($B$6,matrix,H4,FALSE) -> #N/A | I6: =VLOOKUP($B$6,matrix,I4,FALSE) -> #N/A | J6: =VLOOKUP($B$6,matrix,J4,FALSE) -> #N/A | ... L6: =VLOOKUP($B$6,matrix,L4,FALSE) -> #N/A | M6: =SUM(E6:L6) -> #N/A | N6: =IF(VLOOKUP(B6,matrix,N4,FALSE)="new",RIGHT(VLOOKUP(B6,matrix,13,FALSE),4),"") -> #N/A
B7: To derive Question No. - step 1 | E7: =SUM($E$6:E6) -> #N/A | F7: =SUM($E$6:F6) -> #N/A | G7: =SUM($E$6:G6) -> #N/A | H7: =SUM($E$6:H6) -> #N/A | I7: =SUM($E$6:I6) -> #N/A | J7: =SUM($E$6:J6) -> #N/A | K7: =SUM($E$6:K6) -> #N/A | L7: =SUM($E$6:L6) -> #N/A
B8: To derive Question No. - step 2 | E8: =E7 -> #N/A | F8: =F7-SUM($E$8:E8) -> #N/A | G8: =G7-SUM($E$8:F8) -> #N/A | H8: =H7-SUM($E$8:G8) -> #N/A | I8: =I7-SUM($E$8:H8) -> #N/A | J8: =J7-SUM($E$8:I8) -> #N/A | K8: =K7-SUM($E$8:J8) -> #N/A | L8: =L7-SUM($E$8:K8) -> #N/A
B9: Question no. | C9: =IF(C8=0,"",SUM($C$8:C8)) | D9: =IF(D8=0,"",SUM($C$8:D8)) | E9: =IF(E8=0,"",SUM($E$8:E8)) -> #N/A | F9: =IF(F8=0,"",SUM($E$8:F8)) -> #N/A | G9: =IF(G8=0,"",SUM($E$8:G8)) -> #N/A | H9: =IF(H8=0,"",SUM($E$8:H8)) -> #N/A | I9: =IF(I8=0,"",SUM($E$8:I8)) -> #N/A | J9: =IF(J8=0,"",SUM($E$8:J8)) -> #N/A | K9: =IF(K8=0,"",SUM($E$8:K8)) -> #N/A | L9: =IF(L8=0,"",SUM($E$8:L8)) -> #N/A
C12: =C9 | D12: =D9 | E12: =E9 -> #N/A | F12: =F9 -> #N/A | G12: =G9 -> #N/A | H12: =H9 -> #N/A | I12: =I9 -> #N/A | J12: =J9 -> #N/A | ... L12: =L9 -> #N/A
B13: Criteria | C13: Stay =/< 183 days in a calendar year | D13: Stay =/< 183 days in moving 12-mth period | E13: Remuneration paid by / on behalf of employer who is not a resident of Singapore | F13: Remuneration paid by / on behalf of employer who is a resident of TP's country of residence | G13: Remuneration paid by / on behalf of employer who is a resident of TP's country of residence and whose activity does not consist of hiring out of labour | H13: Services are performed for / on behalf of employer who is not a resident of Singapore | I13: Services performed for / on behalf of employer who is a resident of TP's country of residence | J13: Remuneration not borne by PE or fixed base which the employer has in Singapore | K13: Remuneration not (directly) deductible from profits for Singapore tax purpose of a PE in Singapore | L13: Remuneration / profits subject to tax in TP's country of residence | M13: Total no of conditions to be met
B14: Corresponding question | E14: Is your remuneration paid by your foreign employer or by a company on behalf of your foreign employer? | F14: =CONCATENATE("Is your remuneration paid by your foreign employer or on behalf of a foreign company in ",VLOOKUP($B$6,matrix,16,FALSE),"?") -> #N/A | G14: =CONCATENATE("Is your remuneration paid by your employer in ",VLOOKUP($B$6,matrix,16,FALSE)," or on behalf of a foreign employer in ",VLOOKUP($B$6,matrix,16,FALSE)," and whose activity does not consist of hiring out of labour?") -> #N/A | H14: Are you performing services in Singapore for your foreign employer or for a company on behalf of your foreign employer? | I14: =CONCATENATE("Are you performing services in Singapore for your foreign employer in ",VLOOKUP($B$6,matrix,16,FALSE)," or on behalf of a foreign company in ",VLOOKUP($B$6,matrix,16,FALSE),"?") -> #N/A | J14: Is your remuneration borne by a permanent establishment or a fixed base (e.g. a place of management, a branch, an office) which your foreign employer has in Singapore? | K14: =CONCATENATE("Is your remuneration",IF(OR('NRE Calculator'!AE13="Australia",'NRE Calculator'!AE13="New Zealand"),""," directly")," deductible from profits (for Singapore tax purpose) of a permanent establishment (e.g. a place of management, a branch, an office) which your foreign employer has in Singapore?") -> Is your remuneration directly deductible from profits (for Singapore tax purpose) of a permanent establishment (e.g. a place of management, a branch, an office) which your foreign employer has in Singapore? | L14: =CONCATENATE("Is your remuneration subjected to tax in ",VLOOKUP($B$6,matrix,16,FALSE),"?") -> #N/A
B15: Corresponding answer to qualify | E15: Yes | F15: Yes | G15: Yes | H15: Yes | I15: Yes | J15: No | K15: No | L15: Yes
B16: Error message | C16: =CONCATENATE("Your physical presence in Singapore exceeded 183 days ",days!F4,days!H4) -> Your physical presence in Singapore exceeded 183 days in the calendar year? | D16: =IF(B6="Saudi Arabia","Your physical presence in Singapore exceeded 182 days in the relevant 12-month moving period.","Your physical presence in Singapore exceeded 183 days in the relevant 12-month moving period.") -> Your physical presence in Singapore exceeded 183 days in the relevant 12-month moving period. | E16: Your remuneration is not paid by your foreign employer or by a company on behalf of your foreign employer. | F16: =CONCATENATE("Your remuneration is not paid by your foreign employer or on behalf of a foreign company in ",VLOOKUP($B$6,matrix,16,FALSE),".") -> #N/A | G16: =CONCATENATE("Your remuneration is not paid by your employer in ",VLOOKUP($B$6,matrix,16,FALSE)," or on behalf of a foreign employer in ",VLOOKUP($B$6,matrix,16,FALSE)," and whose activity does not consist of hiring out of labour.") -> #N/A | H16: Services performed in Singapore are not for your foreign employer or for a company on behalf of your foreign employer. | I16: =CONCATENATE("Services performed in Singapore are not for your foreign employer in ",VLOOKUP($B$6,matrix,16,FALSE)," or on behalf of a foreign company in ",VLOOKUP($B$6,matrix,16,FALSE),".") -> #N/A | J16: Your remuneration is borne by a permanent establishment or a fixed base which your foreign employer has in Singapore. | K16: =CONCATENATE("Your remuneration is",IF(OR('NRE Calculator'!AE13="Australia",'NRE Calculator'!AE13="New Zealand"),""," directly")," deductible from profits (for Singapore tax purpose) of a permanent establishment which your foreign employer has in Singapore.") -> Your remuneration is directly deductible from profits (for Singapore tax purpose) of a permanent establishment which your foreign employer has in Singapore. | L16: =CONCATENATE("Your remuneration is not subjected to tax in ",VLOOKUP($B$6,matrix,16,FALSE),".") -> #N/A
B17: Populated for Tax Officer's Review (Employee declaration) | E17: my remuneration is paid by my foreign employer or by a company on behalf of my foreign employer | F17: =CONCATENATE("my remuneration is paid by my foreign employer or on behalf of a foreign company in ",VLOOKUP($B$6,matrix,16,FALSE)) -> #N/A | G17: =CONCATENATE("my remuneration is paid by my employer in ",VLOOKUP($B$6,matrix,16,FALSE)," or on behalf of a foreign employer in ",VLOOKUP($B$6,matrix,16,FALSE)," and whose activity does not consist of hiring out of labour") -> #N/A | H17: services performed in Singapore are for my foreign employer or for a company on behalf of my foreign employer | I17: =CONCATENATE("services performed in Singapore are for my foreign employer in ",VLOOKUP($B$6,matrix,16,FALSE)," or on behalf of a foreign company in ",VLOOKUP($B$6,matrix,16,FALSE)) -> #N/A | J17: my remuneration is not borne by a permanent establishment or a fixed base which my foreign employer has in Singapore | K17: =CONCATENATE("my remuneration is not",IF(OR('NRE Calculator'!AE13="Australia",'NRE Calculator'!AE13="New Zealand"),""," directly")," deductible from profits (for Singapore tax purpose) of a permanent establishment which my foreign employer has in Singapore") -> my remuneration is not directly deductible from profits (for Singapore tax purpose) of a permanent establishment which my foreign employer has in Singapore | L17: =CONCATENATE("my remuneration is subjected to tax in ",VLOOKUP($B$6,matrix,16,FALSE)) -> #N/A
B18: Populated for Tax Officer's Review (Employer declaration) | J18: the employee's remuneration is not borne by a permanent establishment or a fixed base which we have in Singapore. | K18: =CONCATENATE("the employee's remuneration is not",IF(OR('NRE Calculator'!AE13="Australia",'NRE Calculator'!AE13="New Zealand"),""," directly")," deductible from profits (for Singapore tax purpose) of a permanent establishment which we have in Singapore") -> the employee's remuneration is not directly deductible from profits (for Singapore tax purpose) of a permanent establishment which we have in Singapore
A20: 1 | C20: =IF($M$6>=A20,A20,"") -> #N/A | D20: =IF(C20="","",HLOOKUP(C20,$E$12:$L$15,3,FALSE)) -> #N/A
A21: 2 | C21: =IF($M$6>=A21,A21,"") -> #N/A | D21: =IF(C21="","",HLOOKUP(C21,$E$12:$L$15,3,FALSE)) -> #N/A
A22: 3 | C22: =IF($M$6>=A22,A22,"") -> #N/A | D22: =IF(C22="","",HLOOKUP(C22,$E$12:$L$15,3,FALSE)) -> #N/A
C26: Results | D26: Qualify? | E26: Error Count | F26: Results Message | G26: Populated for Tax Officer's review | H26: To derive error count - step 1 | I26: To derive error count - step 2 | J26: Error count
C27: 1 | D27: =IF(OR('NRE Calculator'!AJ20="",C20=""),"",IF('NRE Calculator'!AJ20=HLOOKUP(C27,$E$12:$M$16,4,FALSE),"Yes","No")) -> #N/A | E27: =J27 | F27: =IF(OR(D27="",D27="Yes"),"",HLOOKUP(C27,$E$12:$M$16,5,FALSE)) -> #N/A | G27: =IF(D27="Yes",HLOOKUP(C27,$E$12:$M$17,6,FALSE),"") -> #N/A | H27: =COUNTIF(D27,"No") -> 0 | I27: =SUM($H$27:H27) -> 0 | J27: =IF(I27=0,"",I27)
C28: 2 | D28: =IF(OR('NRE Calculator'!AJ23="",C21=""),"",IF('NRE Calculator'!AJ23=HLOOKUP(C28,$E$12:$M$16,4,FALSE),"Yes","No")) -> #N/A | E28: =J28 | F28: =IF(OR(D28="",D28="Yes"),"",HLOOKUP(C28,$E$12:$M$16,5,FALSE)) -> #N/A | G28: =IF(D28="Yes",HLOOKUP(C28,$E$12:$M$17,6,FALSE),C129) -> #N/A | H28: =COUNTIF(D28,"No") -> 0 | I28: =SUM($H$27:H28) -> 0 | J28: =IF(I28<>I27,I28,"")
C29: 3 | D29: =IF(OR('NRE Calculator'!AJ26="",C22=""),"",IF('NRE Calculator'!AJ26=HLOOKUP(C29,$E$12:$M$16,4,FALSE),"Yes","No")) -> #N/A | E29: =J29 | F29: =IF(OR(D29="",D29="Yes"),"",HLOOKUP(C29,$E$12:$M$16,5,FALSE)) -> #N/A | G29: =IF(D29="Yes",HLOOKUP(C29,$E$12:$M$17,6,FALSE),C129) -> #N/A | H29: =COUNTIF(D29,"No") -> 0 | I29: =SUM($H$27:H29) -> 0 | J29: =IF(I29<>I28,I29,"")
C30: No. of days | D30: =IF(AND(days!E4<>0,'NRE Calculator'!AX39=1,OR(days!E3="calendar",days!E3="moving")),I33,IF(AND(days!E4<>0,'NRE Calculator'!AY51=0,OR(days!E3="calendar",days!E3="moving")),I33,"")) | E30: =J30 | F30: =IF(OR(D30="",D30="Yes"),"",IF(OR(days!I29="None",AND(days!I27=days!I30,days!E3="moving",days!E4<=183)),C101,IF(AND(days!E2="Luxembourg",days!F56="Yes",days!F57="No",days!G56="No"),"Your physical presence in Singapore exceeded 183 days in the calendar year 2015.",IF(days!E3="calendar",C16,D16)))) | H30: =COUNTIF(D30,"No")+COUNTIF(D30,"partial") -> 0 | I30: =SUM($H$27:H30) -> 0 | J30: =IF(I30<>I29,I30,"")
C31: Overall | D31: =IF(COUNTIF($D$27:$D$30,"No")>0,"No",IF($E$34="Yes",IF($D$30="Partial","Partial","Yes"),"")) | E31: - | F31: -
E33: Overall | F33: Section 2 | I33: =IF(days!I29="None","No",IF(days!E2="Saudi Arabia",calcNresults!J33,calcNresults!K33)) -> #N/A | J33: =IF(days!I29="None","No",IF(AND(days!E3="moving",days!E4>182),"No",IF(AND(days!E3="moving",days!E4<=182,days!I29="both"),"Yes",IF(AND(days!E3="moving",days!E4<=182),"partial",IF(AND(days!E3="calendar",OR(days!I26="both",AND(days!I26<>"",days!I27=""))),"Yes",IF(days!I26<>"","partial","No")))))) -> #N/A | K33: =IF(days!I29="None","No",IF(AND(days!E3="moving",days!E4>183),"No",IF(AND(days!E3="moving",days!E4<=183,days!I29="both"),"Yes",IF(AND(days!E3="moving",days!E4<=183),"partial",IF(AND(days!E3="calendar",OR(days!I26="both",AND(days!I26<>"",days!I27=""))),"Yes",IF(days!I26<>"","partial","No")))))) -> #N/A
C34: All questions answered? | E34: =IF(OR('NRE Calculator'!$AE$13="",'NRE Calculator'!$AY$51>0),"No",IF(COUNTA(C27:C30)-COUNTIF(D27:D30,"")=MAX(C20:C22)+1,"Yes","No")) -> No | F34: =IF('NRE Calculator'!$AE$13="","No",IF(COUNTA(C27:C29)-COUNTIF(D27:D29,"")=MAX(C20:C22),"Yes","No")) -> No
C36: Results Box | D36: >>> when does not qualify
C37: =C102 -> #N/A
A38: 1 | B38: =IF(MAX($J$27:$J$30)>=A38,A38,"") | C38: =VLOOKUP(B38,$E$27:$F$30,2)
A39: 2 | B39: =IF(MAX($J$27:$J$30)>=A39,A39,"") | C39: =VLOOKUP(B39,$E$27:$F$30,2)
A40: 3 | B40: =IF(MAX($J$27:$J$30)>=A40,A40,"") | C40: =VLOOKUP(B40,$E$27:$F$30,2)
A41: 4 | B41: =IF(MAX($J$27:$J$30)>=A41,A41,"") | C41: =VLOOKUP(B41,$E$27:$F$30,2)
C42: =D103 -> Your income attributable to your services rendered in Singapore will be subject to tax in Singapore.
C43: =D104 -> For more information on your tax obligations, please click on | G43: =E104 -> 'If I work for a foreign employer'.
C45: Results Box | D45: >>> when qualifies
C46: =IF(AND(B6="Luxembourg",days!H56="YesYes"),C134,C105) -> #N/A
C47: =IF(AND(B6="Luxembourg",days!H56="YesYes"),C135,"")
C48: =IF(AND(B6="Luxembourg",days!H56="YesYes"),C136,D106) -> To claim exemption from Singapore income tax, please submit the completed and signed Claim Form (page 2) and original Certificate of Residence (page 3) below to the Comptroller of Income Tax.
C49: =IF(AND(B6="Luxembourg",days!H56="YesYes"),C137,D107)
C50: =IF(AND(B6="Luxembourg",days!H56="YesYes"),C138,"")
C51: =IF(AND(B6="Luxembourg",days!H56="YesYes"),C139,D108) -> #N/A
C52: =IF(AND(B6="Luxembourg",days!H56="YesYes"),C140,"") | G52: =IF(AND(B6="Luxembourg",days!H56="YesYes"),G140,"") | H52: =""
C54: Results Box | D54: >>> when calendar year and qualify for one of the years only
C55: =IF(B6="Luxembourg",C134,C109) -> #N/A
C56: =IF(B6="Luxembourg",C135,D110) -> and signed Claim Form (page 2) and original Certificate of Residence (page 3) below to the Comptroller of Income Tax.
C57: =IF(B6="Luxembourg",C136,C111) -> #N/A
C58: =IF(B6="Luxembourg",C137,D112) -> for the following reason:
C59: =IF(B6="Luxembourg",C138,CONCATENATE(" - ",VLOOKUP(B38,$E$27:$F$30,2))) -> -
C60: =IF(B6="Luxembourg",C139,CONCATENATE(" ",C69)) -> Your income attributable to your services rendered in Singapore will be subject to tax in Singapore.
C61: =IF(B6="Luxembourg",C140,CONCATENATE(" ",C70)) -> For more information on your tax obligations, please click on | G61: =IF(B6="Luxembourg",G140,G70) -> 'If I work for a foreign employer'.
C63: Results Box | D63: >>> when limited DTA
C64: =""
C65: =C98 -> The current limited DTA does not provide for tax exemption for dependent personal services rendered by employees.
C66: =""
C67: =""
C68: =""
C69: =D103 -> Your income attributable to your services rendered in Singapore will be subject to tax in Singapore.
C70: =D104 -> For more information on your tax obligations, please click on | G70: =E104 -> 'If I work for a foreign employer'.
C72: Instructions
C73: =IF($D$31="No",$C$116,IF('NRE Calculator'!$AE$13="",$C$113,IF(days!$E$3="limited treaty",$C$117,IF($F$34<>"Yes",$C$114,IF($E$34<>"Yes",$C$115,$C$118))))) -> Please select your country/region of residence under Section 1.
C75: Section 1 - the portion below "Country/Region of Residence"
C76: =IF(days!E3="limited treaty",C99,IF(N6="",IF(days!E3="moving",C100,""),CONCATENATE(IF(days!E3="moving",C100,"")," ",C101))) -> #N/A
C78: Section 2 Title Bar
C79: =IF('NRE Calculator'!$AE$13="",$C$119,IF(OR(days!$E$3="limited treaty",$D$31="No"),$C$120,$C$121)) -> Please select a country/region under Section 1.
C81: Section 3 Title Bar
C82: =IF('NRE Calculator'!$AE$13="",$C$119,IF(OR(days!$E$3="limited treaty",$D$31="No"),$C$120,$C$122)) -> Please select a country/region under Section 1.
C84: =IF('NRE Calculator'!$AE$13="",$C$123,IF(OR(days!$E$3="limited treaty",$D$31="No"),$C$125,IF(days!$E$3="moving",$C$124,$C$123))) -> Please enter your current and prior visit(s), if any:-
C86: (Employee) Declaration under claim for DTA exemption
C87: I declare that:-
C88: =IF(G27="","",CONCATENATE(G27,IF(C89="",".","; and"))) -> #N/A
C89: =IF(G28="","",CONCATENATE(G28,IF(C90="",".","; and"))) -> #N/A
C90: =IF(G29="","",CONCATENATE(G29,IF(C91="",".","; and"))) -> #N/A
C91: =IF(OR(G29="",G29=C129),"",CONCATENATE(C129,".")) -> #N/A
C93: (Employer) Declaration under claim for DTA exemption
C94: the period of stay in Singapore of the abovementioned employee is correct; and
C95: =HLOOKUP(2,$E$12:$M$18,7,FALSE) -> #N/A
C97: Messages
C98: The current limited DTA does not provide for tax exemption for dependent personal services rendered by employees.
C99: The current limited DTA does not provide for tax exemption for dependent personal services rendered by employees. Please see result below.
C100: You may use this calculator to check whether you are eligible for DTA exemption, if all your visits fall within any 12-month period. Otherwise, please email us with the relevant information requested under Section 2 and Section 3 to check your eligibility via: (1) myTaxMail on myTax Portal using your Singpass or Singpass Foreign user Account (SFA); or (2) the online forms available on https://www.iras.gov.sg/contact-us.
C101: =CONCATENATE("The Avoidance of Double Taxation Agreement is effective from the year ",$N$6,".") -> #N/A
C102: =CONCATENATE("Based on the information furnished by you, you do not qualify for tax exemption under the DTA between Singapore and ",VLOOKUP($B$6,matrix,16,FALSE)," for the following reason",IF(COUNTIF($D$27:$D$30,"No")>1,"s",""),":") -> #N/A
D103: Your income attributable to your services rendered in Singapore will be subject to tax in Singapore.
D104: For more information on your tax obligations, please click on | E104: ="'If I work for a foreign employer'." -> 'If I work for a foreign employer'.
C105: =CONCATENATE("Based on the information furnished, you would qualify for exemption from Singapore income tax under the DTA between Singapore and ",VLOOKUP($B$6,matrix,16,FALSE),".") -> #N/A
D106: To claim exemption from Singapore income tax, please submit the completed and signed Claim Form (page 2) and original Certificate of Residence (page 3) below to the Comptroller of Income Tax.
D107: =""
D108: =CONCATENATE("Alternatively, you may submit a Certificate of Residence issued by ",VLOOKUP($B$6,matrix,16,FALSE)," together with the Claim Form (page 2).",IF(OR($B$6="United Kingdom",$B$6="Australia",$B$6="New Zealand",$B$6="Ireland"),""," If the Certificate of Residence is in a foreign language, an English translation is required.")) -> #N/A
C109: =CONCATENATE("Year ",days!I26,CHAR(10),"(a) Tax exemption applies. To claim exemption from Singapore income tax, please submit the completed") -> #N/A
D110: =CONCATENATE(" and signed Claim Form (page 2) and original Certificate of Residence (page 3) below to the Comptroller of",CHAR(10)," Income Tax.") -> and signed Claim Form (page 2) and original Certificate of Residence (page 3) below to the Comptroller of Income Tax.
C111: =CONCATENATE("Year ",days!I27,CHAR(10),"(b) Tax exemption does not apply under the DTA between Singapore and ",VLOOKUP($B$6,matrix,16,FALSE)) -> #N/A
D112: for the following reason:
C113: Please select your country/region of residence under Section 1.
C114: Please answer the questions under Section 2.
C115: Please complete the schedule of days spent in Singapore under Section 3.
C116: You do not qualify for tax exemption, please refer to "Result" for information on your tax obligations.
C117: The current limited DTA does not provide for tax exemption for dependent personal services rendered by employees. Please refer to "Result" for information on your tax obligations.
C118: Please refer to steps on how to claim for tax exemption under "Result".
C119: Please select a country/region under Section 1.
C120: Please refer to results below.
C121: Please answer the questions below.
C122: Schedule of days spent in Singapore (include weekends)
...

Sheet days
D2: Country selected: | E2: ='NRE Calculator'!AE13 -> 0
D3: Calendar / Moving / Limited Treaty: | E3: =IF('NRE Calculator'!$AE$13="","",IF(VLOOKUP(E2,matrix,2,FALSE)=1,"calendar",IF(VLOOKUP(days!E2,matrix,3,FALSE)=1,"moving","limited treaty")))
D4: No. days: | E4: =IF(E3="calendar",MAX(I25:J25),IF(E3="moving",MAX(M32:M41),"")) | F4: in the calendar year | H4: =IF(AND(I25>183,J25>183),CONCATENATE("s ",I12," and ",J12,"."),IF(I25>183,CONCATENATE(" ",I12,"."),IF(J25>183,CONCATENATE(" ",J12,"."),"?"))) -> ?
F6: From | G6: To | H6: To (moving)
D7: Last Year: | E7: =YEAR(TODAY())-1 -> 2025 | F7: =DATE(E7,1,1) -> 45658 | G7: =DATE(E7,12,31) -> 46022 | H7: =DATE(YEAR(TODAY())+1,12,31) -> 46752
D8: Current Year: | E8: =YEAR(TODAY()) -> 2026 | F8: =DATE(E8,1,1) -> 46023 | G8: =DATE(E8,12,31) -> 46387 | H8: =DATE(YEAR(TODAY())+1,12,31) -> 46752
G11: No. of days in (raw calc) | I11: No. of days in
D12: CALENDAR | E12: ='NRE Calculator'!M38 -> Date From | F12: ='NRE Calculator'!R38 -> Date To | G12: =E7 -> 2025 | H12: =E8 -> 2026 | I12: =E7 -> 2025 | J12: =E8 -> 2026 | N12: Message
D13: ='NRE Calculator'!F39 -> Period 1 | E13: =IF('NRE Calculator'!M39="","",'NRE Calculator'!M39) | F13: =IF('NRE Calculator'!R39="","",'NRE Calculator'!R39) | G13: =IF(OR(E13="",F13=""),"",IF(AND(YEAR(E13)=$G$12,YEAR(F13)=$G$12),F13-E13+1,$G$7-E13+1)) | H13: =IF(OR(E13="",F13=""),"",IF(AND(YEAR(E13)=$H$12,YEAR(F13)=$H$12),F13-E13+1,F13-$F$8+1)) | I13: =IF(G13<=0,0,G13) | J13: =IF(H13<=0,0,H13) | K13: =SUM(I13:J13) -> 0 | N13: =CONCATENATE($D$47,K13,IF(K13=1," day "," days "),$E$47,TEXT(E13,"DD-MMM-YYYY"),$F$47,TEXT(F13,"DD-MMM-YYYY"),$G$47) -> Your stay in Singapore totalled 0 days from to .
D14: ='NRE Calculator'!F40 -> Period 2 | E14: =IF('NRE Calculator'!M40="","",'NRE Calculator'!M40) | F14: =IF('NRE Calculator'!R40="","",'NRE Calculator'!R40) | G14: =IF(OR(E14="",F14=""),"",IF(AND(YEAR(E14)=$G$12,YEAR(F14)=$G$12),F14-E14+1,$G$7-E14+1)) | H14: =IF(OR(E14="",F14=""),"",IF(AND(YEAR(E14)=$H$12,YEAR(F14)=$H$12),F14-E14+1,F14-$F$8+1)) | I14: =IF(G14<=0,0,G14) | J14: =IF(H14<=0,0,H14) | K14: =SUM(I14:J14) -> 0 | N14: =CONCATENATE($D$47,K14,IF(K14=1," day "," days "),$E$47,TEXT(E14,"DD-MMM-YYYY"),$F$47,TEXT(F14,"DD-MMM-YYYY"),$G$47) -> Your stay in Singapore totalled 0 days from to .
D15: ='NRE Calculator'!F41 -> Period 3 | E15: =IF('NRE Calculator'!M41="","",'NRE Calculator'!M41) | F15: =IF('NRE Calculator'!R41="","",'NRE Calculator'!R41) | G15: =IF(OR(E15="",F15=""),"",IF(AND(YEAR(E15)=$G$12,YEAR(F15)=$G$12),F15-E15+1,$G$7-E15+1)) | H15: =IF(OR(E15="",F15=""),"",IF(AND(YEAR(E15)=$H$12,YEAR(F15)=$H$12),F15-E15+1,F15-$F$8+1)) | I15: =IF(G15<=0,0,G15) | J15: =IF(H15<=0,0,H15) | K15: =SUM(I15:J15) -> 0 | N15: =CONCATENATE($D$47,K15,IF(K15=1," day "," days "),$E$47,TEXT(E15,"DD-MMM-YYYY"),$F$47,TEXT(F15,"DD-MMM-YYYY"),$G$47) -> Your stay in Singapore totalled 0 days from to .
D16: ='NRE Calculator'!F42 -> Period 4 | E16: =IF('NRE Calculator'!M42="","",'NRE Calculator'!M42) | F16: =IF('NRE Calculator'!R42="","",'NRE Calculator'!R42) | G16: =IF(OR(E16="",F16=""),"",IF(AND(YEAR(E16)=$G$12,YEAR(F16)=$G$12),F16-E16+1,$G$7-E16+1)) | H16: =IF(OR(E16="",F16=""),"",IF(AND(YEAR(E16)=$H$12,YEAR(F16)=$H$12),F16-E16+1,F16-$F$8+1)) | I16: =IF(G16<=0,0,G16) | J16: =IF(H16<=0,0,H16) | K16: =SUM(I16:J16) -> 0 | N16: =CONCATENATE($D$47,K16,IF(K16=1," day "," days "),$E$47,TEXT(E16,"DD-MMM-YYYY"),$F$47,TEXT(F16,"DD-MMM-YYYY"),$G$47) -> Your stay in Singapore totalled 0 days from to .
D17: ='NRE Calculator'!F43 -> Period 5 | E17: =IF('NRE Calculator'!M43="","",'NRE Calculator'!M43) | F17: =IF('NRE Calculator'!R43="","",'NRE Calculator'!R43) | G17: =IF(OR(E17="",F17=""),"",IF(AND(YEAR(E17)=$G$12,YEAR(F17)=$G$12),F17-E17+1,$G$7-E17+1)) | H17: =IF(OR(E17="",F17=""),"",IF(AND(YEAR(E17)=$H$12,YEAR(F17)=$H$12),F17-E17+1,F17-$F$8+1)) | I17: =IF(G17<=0,0,G17) | J17: =IF(H17<=0,0,H17) | K17: =SUM(I17:J17) -> 0 | N17: =CONCATENATE($D$47,K17,IF(K17=1," day "," days "),$E$47,TEXT(E17,"DD-MMM-YYYY"),$F$47,TEXT(F17,"DD-MMM-YYYY"),$G$47) -> Your stay in Singapore totalled 0 days from to .
D18: ='NRE Calculator'!F44 -> Period 6 | E18: =IF('NRE Calculator'!M44="","",'NRE Calculator'!M44) | F18: =IF('NRE Calculator'!R44="","",'NRE Calculator'!R44) | G18: =IF(OR(E18="",F18=""),"",IF(AND(YEAR(E18)=$G$12,YEAR(F18)=$G$12),F18-E18+1,$G$7-E18+1)) | H18: =IF(OR(E18="",F18=""),"",IF(AND(YEAR(E18)=$H$12,YEAR(F18)=$H$12),F18-E18+1,F18-$F$8+1)) | I18: =IF(G18<=0,0,G18) | J18: =IF(H18<=0,0,H18) | K18: =SUM(I18:J18) -> 0 | N18: =CONCATENATE($D$47,K18,IF(K18=1," day "," days "),$E$47,TEXT(E18,"DD-MMM-YYYY"),$F$47,TEXT(F18,"DD-MMM-YYYY"),$G$47) -> Your stay in Singapore totalled 0 days from to .
D19: ='NRE Calculator'!F45 -> Period 7 | E19: =IF('NRE Calculator'!M45="","",'NRE Calculator'!M45) | F19: =IF('NRE Calculator'!R45="","",'NRE Calculator'!R45) | G19: =IF(OR(E19="",F19=""),"",IF(AND(YEAR(E19)=$G$12,YEAR(F19)=$G$12),F19-E19+1,$G$7-E19+1)) | H19: =IF(OR(E19="",F19=""),"",IF(AND(YEAR(E19)=$H$12,YEAR(F19)=$H$12),F19-E19+1,F19-$F$8+1)) | I19: =IF(G19<=0,0,G19) | J19: =IF(H19<=0,0,H19) | K19: =SUM(I19:J19) -> 0 | N19: =CONCATENATE($D$47,K19,IF(K19=1," day "," days "),$E$47,TEXT(E19,"DD-MMM-YYYY"),$F$47,TEXT(F19,"DD-MMM-YYYY"),$G$47) -> Your stay in Singapore totalled 0 days from to .
D20: ='NRE Calculator'!F46 -> Period 8 | E20: =IF('NRE Calculator'!M46="","",'NRE Calculator'!M46) | F20: =IF('NRE Calculator'!R46="","",'NRE Calculator'!R46) | G20: =IF(OR(E20="",F20=""),"",IF(AND(YEAR(E20)=$G$12,YEAR(F20)=$G$12),F20-E20+1,$G$7-E20+1)) | H20: =IF(OR(E20="",F20=""),"",IF(AND(YEAR(E20)=$H$12,YEAR(F20)=$H$12),F20-E20+1,F20-$F$8+1)) | I20: =IF(G20<=0,0,G20) | J20: =IF(H20<=0,0,H20) | K20: =SUM(I20:J20) -> 0 | N20: =CONCATENATE($D$47,K20,IF(K20=1," day "," days "),$E$47,TEXT(E20,"DD-MMM-YYYY"),$F$47,TEXT(F20,"DD-MMM-YYYY"),$G$47) -> Your stay in Singapore totalled 0 days from to .
D21: ='NRE Calculator'!F47 -> Period 9 | E21: =IF('NRE Calculator'!M47="","",'NRE Calculator'!M47) | F21: =IF('NRE Calculator'!R47="","",'NRE Calculator'!R47) | G21: =IF(OR(E21="",F21=""),"",IF(AND(YEAR(E21)=$G$12,YEAR(F21)=$G$12),F21-E21+1,$G$7-E21+1)) | H21: =IF(OR(E21="",F21=""),"",IF(AND(YEAR(E21)=$H$12,YEAR(F21)=$H$12),F21-E21+1,F21-$F$8+1)) | I21: =IF(G21<=0,0,G21) | J21: =IF(H21<=0,0,H21) | K21: =SUM(I21:J21) -> 0 | N21: =CONCATENATE($D$47,K21,IF(K21=1," day "," days "),$E$47,TEXT(E21,"DD-MMM-YYYY"),$F$47,TEXT(F21,"DD-MMM-YYYY"),$G$47) -> Your stay in Singapore totalled 0 days from to .
D22: ='NRE Calculator'!F48 -> Period 10 | E22: =IF('NRE Calculator'!M48="","",'NRE Calculator'!M48) | F22: =IF('NRE Calculator'!R48="","",'NRE Calculator'!R48) | G22: =IF(OR(E22="",F22=""),"",IF(AND(YEAR(E22)=$G$12,YEAR(F22)=$G$12),F22-E22+1,$G$7-E22+1)) | H22: =IF(OR(E22="",F22=""),"",IF(AND(YEAR(E22)=$H$12,YEAR(F22)=$H$12),F22-E22+1,F22-$F$8+1)) | I22: =IF(G22<=0,0,G22) | J22: =IF(H22<=0,0,H22) | K22: =SUM(I22:J22) -> 0 | N22: =CONCATENATE($D$47,K22,IF(K22=1," day "," days "),$E$47,TEXT(E22,"DD-MMM-YYYY"),$F$47,TEXT(F22,"DD-MMM-YYYY"),$G$47) -> Your stay in Singapore totalled 0 days from to .
D23: ='NRE Calculator'!F49 -> Period 11 | E23: =IF('NRE Calculator'!M49="","",'NRE Calculator'!M49) | F23: =IF('NRE Calculator'!R49="","",'NRE Calculator'!R49) | G23: =IF(OR(E23="",F23=""),"",IF(AND(YEAR(E23)=$G$12,YEAR(F23)=$G$12),F23-E23+1,$G$7-E23+1)) | H23: =IF(OR(E23="",F23=""),"",IF(AND(YEAR(E23)=$H$12,YEAR(F23)=$H$12),F23-E23+1,F23-$F$8+1)) | I23: =IF(G23<=0,0,G23) | J23: =IF(H23<=0,0,H23) | K23: =SUM(I23:J23) -> 0 | N23: =CONCATENATE($D$47,K23,IF(K23=1," day "," days "),$E$47,TEXT(E23,"DD-MMM-YYYY"),$F$47,TEXT(F23,"DD-MMM-YYYY"),$G$47) -> Your stay in Singapore totalled 0 days from to .
D24: ='NRE Calculator'!F50 -> Period 12 | E24: =IF('NRE Calculator'!M50="","",'NRE Calculator'!M50) | F24: =IF('NRE Calculator'!R50="","",'NRE Calculator'!R50) | G24: =IF(OR(E24="",F24=""),"",IF(AND(YEAR(E24)=$G$12,YEAR(F24)=$G$12),F24-E24+1,$G$7-E24+1)) | H24: =IF(OR(E24="",F24=""),"",IF(AND(YEAR(E24)=$H$12,YEAR(F24)=$H$12),F24-E24+1,F24-$F$8+1)) | I24: =IF(G24<=0,0,G24) | J24: =IF(H24<=0,0,H24) | K24: =SUM(I24:J24) -> 0 | N24: =CONCATENATE($D$47,K24,IF(K24=1," day "," days "),$E$47,TEXT(E24,"DD-MMM-YYYY"),$F$47,TEXT(F24,"DD-MMM-YYYY"),$G$47) -> Your stay in Singapore totalled 0 days from to .
D25: Earliest and Latest dates entered in the years: | E25: =YEAR(MIN(E13:F24)) -> 1900 | F25: =YEAR(MAX(E13:F24)) -> 1900 | H25: Total: | I25: =SUM(I13:I24) -> 0 | J25: =SUM(J13:J24) -> 0
G26: Relating to partial exemption (calendar) >> | H26: Qualify for Year: | I26: =IF(AND(E2="Luxembourg",I56="Partial"),VLOOKUP("Yes",$G$56:$J$57,4,FALSE),IF(AND(I25>0,I25<=183,J25>0,J25<=183,I29="both"),"both",IF(AND(I25>0,I25<=183,I30<>I12),I12,IF(AND(J25>0,J25<=183,I30<>J12),J12,"")))) -> #N/A
G27: Relating to partial exemption (calender) >> | H27: Don't qualify for Year: | I27: =IF(AND(E2="Luxembourg",OR(H56="YesNo",H56="NoYes")),VLOOKUP("No",$G$56:$J$57,4,FALSE),IF(AND(I26=I12,J25>0),J12,IF(AND(I26=J12,I25>0),I12,""))) -> #N/A
G29: Relating to partial exemption due to year DTA becomes effective >> | H29: Qualify for Year: | I29: =IF(calcNresults!N6="","both",IF(VALUE(calcNresults!N6)<=days!E25,"both",IF(VALUE(calcNresults!N6)=F25,F25,IF(VALUE(calcNresults!N6)>days!F25,"None","?")))) -> #N/A
G30: Relating to partial exemption due to year DTA becomes effective >> | H30: Don't qualify for Year: | I30: =IF(AND(I29=F25,F25<>E25),E25,"None") -> #N/A | Q30: =I31 -> Within 12 mths from Date From | AE30: step by step to derive relevant date from | AJ30: step by step to derive relevant date to
A31: check for "From" filled in | B31: check for "To" filled in | C31: Rank | D31: MOVING | E31: ='NRE Calculator'!M38 -> Date From | F31: ='NRE Calculator'!R38 -> Date To | G31: =CONCATENATE(E31," + 12 mths") -> Date From + 12 mths | H31: =CONCATENATE(F31," - 12 mths") -> Date To - 12 mths | I31: =CONCATENATE("Within 12 mths from ",E31) -> Within 12 mths from Date From | J31: =CONCATENATE("Within 12 mths before ",F31) -> Within 12 mths before Date To | K31: Relevant 12-mth period from (for display) | L31: Relevant 12-mth period to (for display) | M31: No. of Days! | N31: Message | Q31: =D32 -> Period 1 | R31: =D33 -> Period 2 | S31: =D34 -> Period 3 | T31: =D35 -> Period 4 | U31: =D36 -> Period 5 | V31: =D37 -> Period 6 | W31: =D38 -> Period 7 | X31: =D39 -> Period 8 | Y31: =D40 -> Period 9 | Z31: =D41 -> Period 10 | AA31: =D42 -> Period 11 | AB31: =D43 -> Period 12 | AE31: Step 1: Find min of "Date From + 1 yr" vs. "very last engagement's Date To" | AF31: Step 2: Calculate Step 1's date - 1yr | AG31: Step 3: Find max of "Date derived in Step 2" vs. "very first engagement's Date From" | AJ31: Step 1: Find "Date From" (derived in step-by-step) + 1yr | AK31: Step 2: Find min of "Date derived in Step 1" vs. "very last engagement's Date To"
A32: =IF(COUNTIF($E$32,"")<>COUNTIF($F$32,""),"err","ok") -> ok | B32: =IF(COUNTIF($E$32,"")<>COUNTIF($F$32,""),"err","ok") -> ok | C32: =IF(OR(E32="",F32=""),"",RANK(F32,$F$32:$F$43,0)) | D32: ='NRE Calculator'!F39 -> Period 1 | E32: =E13 | F32: =F13 | G32: =IF(OR(E32="",F32=""),"",DATE(YEAR(E32)+1,MONTH(E32),DAY(E32)-1)) | H32: =IF(OR(E32="",F32=""),"",DATE(YEAR(F32)-1,MONTH(F32),DAY(F32)+1)) | I32: =Q44 -> 0 | J32: =Q61 -> 0 | K32: =IF(OR(E32="",F32=""),"",IF(I32>J32,AG32,AG49)) | L32: =IF(OR(E32="",F32=""),"",IF(I32>J32,AK32,AK49)) | M32: =IF(OR(E32="",F32=""),"",MAX(I32:J32)) | N32: =CONCATENATE($D$48,M32,IF(M32=1," day "," days "),$E$48,TEXT(K32,"DD-MMM-YYYY"),$F$48,TEXT(L32,"DD-MMM-YYYY"),$G$48) -> Your stay in Singapore totalled days from to . | Q32: =IF(OR(E32="",F32="",$B$44>0),"",IF(IF(F32<=$G$32,F32-E32+1,$G$32-E32+1)<0,0,IF(F32<=$G$32,F32-E32+1,$G$32-E32+1))) | R32: =IF(OR($E$33="",$F$33="",$B$44>0),"",IF(VLOOKUP(1,$C$32:$H$43,6,FALSE)<=$F32,$F32-MAX(VLOOKUP(1,$C$32:$H$43,6,FALSE),$E32)+1,0)) | S32: =IF(OR($E$34="",$F$34="",$B$44>0),"",IF(VLOOKUP(1,$C$32:$H$43,6,FALSE)<=$F32,$F32-MAX(VLOOKUP(1,$C$32:$H$43,6,FALSE),$E32)+1,0)) | T32: =IF(OR($E$35="",$F$35="",$B$44>0),"",IF(VLOOKUP(1,$C$32:$H$43,6,FALSE)<=$F32,$F32-MAX(VLOOKUP(1,$C$32:$H$43,6,FALSE),$E32)+1,0)) | U32: =IF(OR($E$36="",$F$36="",$B$44>0),"",IF(VLOOKUP(1,$C$32:$H$43,6,FALSE)<=$F32,$F32-MAX(VLOOKUP(1,$C$32:$H$43,6,FALSE),$E32)+1,0)) | V32: =IF(OR($E$37="",$F$37="",$B$44>0),"",IF(VLOOKUP(1,$C$32:$H$43,6,FALSE)<=$F32,$F32-MAX(VLOOKUP(1,$C$32:$H$43,6,FALSE),$E32)+1,0)) | W32: =IF(OR($E$38="",$F$38="",$B$44>0),"",IF(VLOOKUP(1,$C$32:$H$43,6,FALSE)<=$F32,$F32-MAX(VLOOKUP(1,$C$32:$H$43,6,FALSE),$E32)+1,0)) | X32: =IF(OR($E$39="",$F$39="",$B$44>0),"",IF(VLOOKUP(1,$C$32:$H$43,6,FALSE)<=$F32,$F32-MAX(VLOOKUP(1,$C$32:$H$43,6,FALSE),$E32)+1,0)) | Y32: =IF(OR($E$40="",$F$40="",$B$44>0),"",IF(VLOOKUP(1,$C$32:$H$43,6,FALSE)<=$F32,$F32-MAX(VLOOKUP(1,$C$32:$H$43,6,FALSE),$E32)+1,0)) | Z32: =IF(OR($E$41="",$F$41="",$B$44>0),"",IF(VLOOKUP(1,$C$32:$H$43,6,FALSE)<=$F32,$F32-MAX(VLOOKUP(1,$C$32:$H$43,6,FALSE),$E32)+1,0)) | AA32: =IF(OR($E$42="",$F$42="",$B$44>0),"",IF(VLOOKUP(1,$C$32:$H$43,6,FALSE)<=$F32,$F32-MAX(VLOOKUP(1,$C$32:$H$43,6,FALSE),$E32)+1,0)) | AB32: =IF(OR($E$43="",$F$43="",$B$44>0),"",IF(VLOOKUP(1,$C$32:$H$43,6,FALSE)<=$F32,$F32-MAX(VLOOKUP(1,$C$32:$H$43,6,FALSE),$E32)+1,0)) | AD32: =$D32 -> Period 1 | AE32: =MIN(G32,VLOOKUP(1,$C$32:$H$43,4,FALSE)) -> #N/A | AF32: =IF(AE32="","",DATE(YEAR(AE32)-1,MONTH(AE32),DAY(AE32)+1)) -> #N/A | AG32: =MAX(AF32,$E$32) -> #N/A | AI32: =$D32 -> Period 1 | AJ32: =IF(AE32="","",DATE(YEAR(AG32)+1,MONTH(AG32),DAY(AG32)-1)) -> #N/A | AK32: =MIN(AJ32,VLOOKUP(1,$C$32:$H$43,4,FALSE)) -> #N/A
A33: =IF(COUNTIF($E33,"")<>COUNTIF($F33,""),"err",IF(AND(COUNTIF($E33:$F33,"")<>2,COUNTIF(E$32:E32,"")>0),"err","ok")) -> ok | B33: =IF(COUNTIF($E33,"")<>COUNTIF($F33,""),"err",IF(AND(COUNTIF($E33:$F33,"")<>2,COUNTIF(F$32:F32,"")>0),"err","ok")) -> ok | C33: =IF(OR(E33="",F33=""),"",RANK(F33,$F$32:$F$43,0)) | D33: ='NRE Calculator'!F40 -> Period 2 | E33: =E14 | F33: =F14 | G33: =IF(OR(E33="",F33=""),"",DATE(YEAR(E33)+1,MONTH(E33),DAY(E33)-1)) | H33: =IF(OR(E33="",F33=""),"",DATE(YEAR(F33)-1,MONTH(F33),DAY(F33)+1)) | I33: =R44 -> 0 | J33: =R61 -> 0 | K33: =IF(OR(E33="",F33=""),"",IF(I33>J33,AG33,AG50)) | L33: =IF(OR(E33="",F33=""),"",IF(I33>J33,AK33,AK50)) | M33: =IF(OR(E33="",F33=""),"",MAX(I33:J33)) | N33: =CONCATENATE($D$48,M33,IF(M33=1," day "," days "),$E$48,TEXT(K33,"DD-MMM-YYYY"),$F$48,TEXT(L33,"DD-MMM-YYYY"),$G$48) -> Your stay in Singapore totalled days from to . | Q33: =IF(OR(E33="",F33="",$B$44>0),"",IF(IF(F33<=$G$32,F33-E33+1,$G$32-E33+1)<0,0,IF(F33<=$G$32,F33-E33+1,$G$32-E33+1))) | R33: =IF(OR(E33="",F33="",$B$44>0),"",IF(IF(F33<=$G$33,F33-E33+1,$G$33-E33+1)<0,0,IF(F33<=$G$33,F33-E33+1,$G$33-E33+1))) | S33: =IF(OR($E$34="",$F$34="",$B$44>0),"",IF(VLOOKUP(1,$C$32:$H$43,6,FALSE)<=$F33,$F33-MAX(VLOOKUP(1,$C$32:$H$43,6,FALSE),$E33)+1,0)) | T33: =IF(OR($E$35="",$F$35="",$B$44>0),"",IF(VLOOKUP(1,$C$32:$H$43,6,FALSE)<=$F33,$F33-MAX(VLOOKUP(1,$C$32:$H$43,6,FALSE),$E33)+1,0)) | U33: =IF(OR($E$36="",$F$36="",$B$44>0),"",IF(VLOOKUP(1,$C$32:$H$43,6,FALSE)<=$F33,$F33-MAX(VLOOKUP(1,$C$32:$H$43,6,FALSE),$E33)+1,0)) | V33: =IF(OR($E$37="",$F$37="",$B$44>0),"",IF(VLOOKUP(1,$C$32:$H$43,6,FALSE)<=$F33,$F33-MAX(VLOOKUP(1,$C$32:$H$43,6,FALSE),$E33)+1,0)) | W33: =IF(OR($E$38="",$F$38="",$B$44>0),"",IF(VLOOKUP(1,$C$32:$H$43,6,FALSE)<=$F33,$F33-MAX(VLOOKUP(1,$C$32:$H$43,6,FALSE),$E33)+1,0)) | X33: =IF(OR($E$39="",$F$39="",$B$44>0),"",IF(VLOOKUP(1,$C$32:$H$43,6,FALSE)<=$F33,$F33-MAX(VLOOKUP(1,$C$32:$H$43,6,FALSE),$E33)+1,0)) | Y33: =IF(OR($E$40="",$F$40="",$B$44>0),"",IF(VLOOKUP(1,$C$32:$H$43,6,FALSE)<=$F33,$F33-MAX(VLOOKUP(1,$C$32:$H$43,6,FALSE),$E33)+1,0)) | Z33: =IF(OR($E$41="",$F$41="",$B$44>0),"",IF(VLOOKUP(1,$C$32:$H$43,6,FALSE)<=$F33,$F33-MAX(VLOOKUP(1,$C$32:$H$43,6,FALSE),$E33)+1,0)) | AA33: =IF(OR($E$42="",$F$42="",$B$44>0),"",IF(VLOOKUP(1,$C$32:$H$43,6,FALSE)<=$F33,$F33-MAX(VLOOKUP(1,$C$32:$H$43,6,FALSE),$E33)+1,0)) | AB33: =IF(OR($E$43="",$F$43="",$B$44>0),"",IF(VLOOKUP(1,$C$32:$H$43,6,FALSE)<=$F33,$F33-MAX(VLOOKUP(1,$C$32:$H$43,6,FALSE),$E33)+1,0)) | AD33: =$D33 -> Period 2 | AE33: =MIN(G33,VLOOKUP(1,$C$32:$H$43,4,FALSE)) -> #N/A | AF33: =IF(AE33="","",DATE(YEAR(AE33)-1,MONTH(AE33),DAY(AE33)+1)) -> #N/A | AG33: =MAX(AF33,$E$32) -> #N/A | AI33: =$D33 -> Period 2 | AJ33: =IF(AE33="","",DATE(YEAR(AG33)+1,MONTH(AG33),DAY(AG33)-1)) -> #N/A | AK33: =MIN(AJ33,VLOOKUP(1,$C$32:$H$43,4,FALSE)) -> #N/A
A34: =IF(COUNTIF($E34,"")<>COUNTIF($F34,""),"err",IF(AND(COUNTIF($E34:$F34,"")<>2,COUNTIF(E$32:E33,"")>0),"err","ok")) -> ok | B34: =IF(COUNTIF($E34,"")<>COUNTIF($F34,""),"err",IF(AND(COUNTIF($E34:$F34,"")<>2,COUNTIF(F$32:F33,"")>0),"err","ok")) -> ok | C34: =IF(OR(E34="",F34=""),"",RANK(F34,$F$32:$F$43,0)) | D34: ='NRE Calculator'!F41 -> Period 3 | E34: =E15 | F34: =F15 | G34: =IF(OR(E34="",F34=""),"",DATE(YEAR(E34)+1,MONTH(E34),DAY(E34)-1)) | H34: =IF(OR(E34="",F34=""),"",DATE(YEAR(F34)-1,MONTH(F34),DAY(F34)+1)) | I34: =S44 -> 0 | J34: =S61 -> 0 | K34: =IF(OR(E34="",F34=""),"",IF(I34>J34,AG34,AG51)) | L34: =IF(OR(E34="",F34=""),"",IF(I34>J34,AK34,AK51)) | M34: =IF(OR(E34="",F34=""),"",MAX(I34:J34)) | N34: =CONCATENATE($D$48,M34,IF(M34=1," day "," days "),$E$48,TEXT(K34,"DD-MMM-YYYY"),$F$48,TEXT(L34,"DD-MMM-YYYY"),$G$48) -> Your stay in Singapore totalled days from to . | Q34: =IF(OR(E34="",F34="",$B$44>0),"",IF(IF(F34<=$G$32,F34-E34+1,$G$32-E34+1)<0,0,IF(F34<=$G$32,F34-E34+1,$G$32-E34+1))) | R34: =IF(OR(E34="",F34="",$B$44>0),"",IF(IF(F34<=$G$33,F34-E34+1,$G$33-E34+1)<0,0,IF(F34<=$G$33,F34-E34+1,$G$33-E34+1))) | S34: =IF(OR(E34="",F34="",$B$44>0),"",IF(IF(F34<=$G$34,F34-E34+1,$G$34-E34+1)<0,0,IF(F34<=$G$34,F34-E34+1,$G$34-E34+1))) | T34: =IF(OR($E$35="",$F$35="",$B$44>0),"",IF(VLOOKUP(1,$C$32:$H$43,6,FALSE)<=$F34,$F34-MAX(VLOOKUP(1,$C$32:$H$43,6,FALSE),$E34)+1,0)) | U34: =IF(OR($E$36="",$F$36="",$B$44>0),"",IF(VLOOKUP(1,$C$32:$H$43,6,FALSE)<=$F34,$F34-MAX(VLOOKUP(1,$C$32:$H$43,6,FALSE),$E34)+1,0)) | V34: =IF(OR($E$37="",$F$37="",$B$44>0),"",IF(VLOOKUP(1,$C$32:$H$43,6,FALSE)<=$F34,$F34-MAX(VLOOKUP(1,$C$32:$H$43,6,FALSE),$E34)+1,0)) | W34: =IF(OR($E$38="",$F$38="",$B$44>0),"",IF(VLOOKUP(1,$C$32:$H$43,6,FALSE)<=$F34,$F34-MAX(VLOOKUP(1,$C$32:$H$43,6,FALSE),$E34)+1,0)) | X34: =IF(OR($E$39="",$F$39="",$B$44>0),"",IF(VLOOKUP(1,$C$32:$H$43,6,FALSE)<=$F34,$F34-MAX(VLOOKUP(1,$C$32:$H$43,6,FALSE),$E34)+1,0)) | Y34: =IF(OR($E$40="",$F$40="",$B$44>0),"",IF(VLOOKUP(1,$C$32:$H$43,6,FALSE)<=$F34,$F34-MAX(VLOOKUP(1,$C$32:$H$43,6,FALSE),$E34)+1,0)) | Z34: =IF(OR($E$41="",$F$41="",$B$44>0),"",IF(VLOOKUP(1,$C$32:$H$43,6,FALSE)<=$F34,$F34-MAX(VLOOKUP(1,$C$32:$H$43,6,FALSE),$E34)+1,0)) | AA34: =IF(OR($E$42="",$F$42="",$B$44>0),"",IF(VLOOKUP(1,$C$32:$H$43,6,FALSE)<=$F34,$F34-MAX(VLOOKUP(1,$C$32:$H$43,6,FALSE),$E34)+1,0)) | AB34: =IF(OR($E$43="",$F$43="",$B$44>0),"",IF(VLOOKUP(1,$C$32:$H$43,6,FALSE)<=$F34,$F34-MAX(VLOOKUP(1,$C$32:$H$43,6,FALSE),$E34)+1,0)) | AD34: =$D34 -> Period 3 | AE34: =MIN(G34,VLOOKUP(1,$C$32:$H$43,4,FALSE)) -> #N/A | AF34: =IF(AE34="","",DATE(YEAR(AE34)-1,MONTH(AE34),DAY(AE34)+1)) -> #N/A | AG34: =MAX(AF34,$E$32) -> #N/A | AI34: =$D34 -> Period 3 | AJ34: =IF(AE34="","",DATE(YEAR(AG34)+1,MONTH(AG34),DAY(AG34)-1)) -> #N/A | AK34: =MIN(AJ34,VLOOKUP(1,$C$32:$H$43,4,FALSE)) -> #N/A
A35: =IF(COUNTIF($E35,"")<>COUNTIF($F35,""),"err",IF(AND(COUNTIF($E35:$F35,"")<>2,COUNTIF(E$32:E34,"")>0),"err","ok")) -> ok | B35: =IF(COUNTIF($E35,"")<>COUNTIF($F35,""),"err",IF(AND(COUNTIF($E35:$F35,"")<>2,COUNTIF(F$32:F34,"")>0),"err","ok")) -> ok | C35: =IF(OR(E35="",F35=""),"",RANK(F35,$F$32:$F$43,0)) | D35: ='NRE Calculator'!F42 -> Period 4 | E35: =E16 | F35: =F16 | G35: =IF(OR(E35="",F35=""),"",DATE(YEAR(E35)+1,MONTH(E35),DAY(E35)-1)) | H35: =IF(OR(E35="",F35=""),"",DATE(YEAR(F35)-1,MONTH(F35),DAY(F35)+1)) | I35: =T44 -> 0 | J35: =T61 -> 0 | K35: =IF(OR(E35="",F35=""),"",IF(I35>J35,AG35,AG52)) | L35: =IF(OR(E35="",F35=""),"",IF(I35>J35,AK35,AK52)) | M35: =IF(OR(E35="",F35=""),"",MAX(I35:J35)) | N35: =CONCATENATE($D$48,M35,IF(M35=1," day "," days "),$E$48,TEXT(K35,"DD-MMM-YYYY"),$F$48,TEXT(L35,"DD-MMM-YYYY"),$G$48) -> Your stay in Singapore totalled days from to . | Q35: =IF(OR(E35="",F35="",$B$44>0),"",IF(IF(F35<=$G$32,F35-E35+1,$G$32-E35+1)<0,0,IF(F35<=$G$32,F35-E35+1,$G$32-E35+1))) | R35: =IF(OR(E35="",F35="",$B$44>0),"",IF(IF(F35<=$G$33,F35-E35+1,$G$33-E35+1)<0,0,IF(F35<=$G$33,F35-E35+1,$G$33-E35+1))) | S35: =IF(OR(E35="",F35="",$B$44>0),"",IF(IF(F35<=$G$34,F35-E35+1,$G$34-E35+1)<0,0,IF(F35<=$G$34,F35-E35+1,$G$34-E35+1))) | T35: =IF(OR(E35="",F35="",$B$44>0),"",IF(IF(F35<=$G$35,F35-E35+1,$G$35-E35+1)<0,0,IF(F35<=$G$35,F35-E35+1,$G$35-E35+1))) | U35: =IF(OR($E$36="",$F$36="",$B$44>0),"",IF(VLOOKUP(1,$C$32:$H$43,6,FALSE)<=$F35,$F35-MAX(VLOOKUP(1,$C$32:$H$43,6,FALSE),$E35)+1,0)) | V35: =IF(OR($E$37="",$F$37="",$B$44>0),"",IF(VLOOKUP(1,$C$32:$H$43,6,FALSE)<=$F35,$F35-MAX(VLOOKUP(1,$C$32:$H$43,6,FALSE),$E35)+1,0)) | W35: =IF(OR($E$38="",$F$38="",$B$44>0),"",IF(VLOOKUP(1,$C$32:$H$43,6,FALSE)<=$F35,$F35-MAX(VLOOKUP(1,$C$32:$H$43,6,FALSE),$E35)+1,0)) | X35: =IF(OR($E$39="",$F$39="",$B$44>0),"",IF(VLOOKUP(1,$C$32:$H$43,6,FALSE)<=$F35,$F35-MAX(VLOOKUP(1,$C$32:$H$43,6,FALSE),$E35)+1,0)) | Y35: =IF(OR($E$40="",$F$40="",$B$44>0),"",IF(VLOOKUP(1,$C$32:$H$43,6,FALSE)<=$F35,$F35-MAX(VLOOKUP(1,$C$32:$H$43,6,FALSE),$E35)+1,0)) | Z35: =IF(OR($E$41="",$F$41="",$B$44>0),"",IF(VLOOKUP(1,$C$32:$H$43,6,FALSE)<=$F35,$F35-MAX(VLOOKUP(1,$C$32:$H$43,6,FALSE),$E35)+1,0)) | AA35: =IF(OR($E$42="",$F$42="",$B$44>0),"",IF(VLOOKUP(1,$C$32:$H$43,6,FALSE)<=$F35,$F35-MAX(VLOOKUP(1,$C$32:$H$43,6,FALSE),$E35)+1,0)) | AB35: =IF(OR($E$43="",$F$43="",$B$44>0),"",IF(VLOOKUP(1,$C$32:$H$43,6,FALSE)<=$F35,$F35-MAX(VLOOKUP(1,$C$32:$H$43,6,FALSE),$E35)+1,0)) | AD35: =$D35 -> Period 4 | AE35: =MIN(G35,VLOOKUP(1,$C$32:$H$43,4,FALSE)) -> #N/A | AF35: =IF(AE35="","",DATE(YEAR(AE35)-1,MONTH(AE35),DAY(AE35)+1)) -> #N/A | AG35: =MAX(AF35,$E$32) -> #N/A | AI35: =$D35 -> Period 4 | AJ35: =IF(AE35="","",DATE(YEAR(AG35)+1,MONTH(AG35),DAY(AG35)-1)) -> #N/A | AK35: =MIN(AJ35,VLOOKUP(1,$C$32:$H$43,4,FALSE)) -> #N/A
A36: =IF(COUNTIF($E36,"")<>COUNTIF($F36,""),"err",IF(AND(COUNTIF($E36:$F36,"")<>2,COUNTIF(E$32:E35,"")>0),"err","ok")) -> ok | B36: =IF(COUNTIF($E36,"")<>COUNTIF($F36,""),"err",IF(AND(COUNTIF($E36:$F36,"")<>2,COUNTIF(F$32:F35,"")>0),"err","ok")) -> ok | C36: =IF(OR(E36="",F36=""),"",RANK(F36,$F$32:$F$43,0)) | D36: ='NRE Calculator'!F43 -> Period 5 | E36: =E17 | F36: =F17 | G36: =IF(OR(E36="",F36=""),"",DATE(YEAR(E36)+1,MONTH(E36),DAY(E36)-1)) | H36: =IF(OR(E36="",F36=""),"",DATE(YEAR(F36)-1,MONTH(F36),DAY(F36)+1)) | I36: =U44 -> 0 | J36: =U61 -> 0 | K36: =IF(OR(E36="",F36=""),"",IF(I36>J36,AG36,AG53)) | L36: =IF(OR(E36="",F36=""),"",IF(I36>J36,AK36,AK53)) | M36: =IF(OR(E36="",F36=""),"",MAX(I36:J36)) | N36: =CONCATENATE($D$48,M36,IF(M36=1," day "," days "),$E$48,TEXT(K36,"DD-MMM-YYYY"),$F$48,TEXT(L36,"DD-MMM-YYYY"),$G$48) -> Your stay in Singapore totalled days from to . | Q36: =IF(OR(E36="",F36="",$B$44>0),"",IF(IF(F36<=$G$32,F36-E36+1,$G$32-E36+1)<0,0,IF(F36<=$G$32,F36-E36+1,$G$32-E36+1))) | R36: =IF(OR(E36="",F36="",$B$44>0),"",IF(IF(F36<=$G$33,F36-E36+1,$G$33-E36+1)<0,0,IF(F36<=$G$33,F36-E36+1,$G$33-E36+1))) | S36: =IF(OR(E36="",F36="",$B$44>0),"",IF(IF(F36<=$G$34,F36-E36+1,$G$34-E36+1)<0,0,IF(F36<=$G$34,F36-E36+1,$G$34-E36+1))) | T36: =IF(OR(E36="",F36="",$B$44>0),"",IF(IF(F36<=$G$35,F36-E36+1,$G$35-E36+1)<0,0,IF(F36<=$G$35,F36-E36+1,$G$35-E36+1))) | U36: =IF(OR(E36="",F36="",$B$44>0),"",IF(IF(F36<=$G$36,F36-E36+1,$G$36-E36+1)<0,0,IF(F36<=$G$36,F36-E36+1,$G$36-E36+1))) | V36: =IF(OR($E$37="",$F$37="",$B$44>0),"",IF(VLOOKUP(1,$C$32:$H$43,6,FALSE)<=$F36,$F36-MAX(VLOOKUP(1,$C$32:$H$43,6,FALSE),$E36)+1,0)) | W36: =IF(OR($E$38="",$F$38="",$B$44>0),"",IF(VLOOKUP(1,$C$32:$H$43,6,FALSE)<=$F36,$F36-MAX(VLOOKUP(1,$C$32:$H$43,6,FALSE),$E36)+1,0)) | X36: =IF(OR($E$39="",$F$39="",$B$44>0),"",IF(VLOOKUP(1,$C$32:$H$43,6,FALSE)<=$F36,$F36-MAX(VLOOKUP(1,$C$32:$H$43,6,FALSE),$E36)+1,0)) | Y36: =IF(OR($E$40="",$F$40="",$B$44>0),"",IF(VLOOKUP(1,$C$32:$H$43,6,FALSE)<=$F36,$F36-MAX(VLOOKUP(1,$C$32:$H$43,6,FALSE),$E36)+1,0)) | Z36: =IF(OR($E$41="",$F$41="",$B$44>0),"",IF(VLOOKUP(1,$C$32:$H$43,6,FALSE)<=$F36,$F36-MAX(VLOOKUP(1,$C$32:$H$43,6,FALSE),$E36)+1,0)) | AA36: =IF(OR($E$42="",$F$42="",$B$44>0),"",IF(VLOOKUP(1,$C$32:$H$43,6,FALSE)<=$F36,$F36-MAX(VLOOKUP(1,$C$32:$H$43,6,FALSE),$E36)+1,0)) | AB36: =IF(OR($E$43="",$F$43="",$B$44>0),"",IF(VLOOKUP(1,$C$32:$H$43,6,FALSE)<=$F36,$F36-MAX(VLOOKUP(1,$C$32:$H$43,6,FALSE),$E36)+1,0)) | AD36: =$D36 -> Period 5 | AE36: =MIN(G36,VLOOKUP(1,$C$32:$H$43,4,FALSE)) -> #N/A | AF36: =IF(AE36="","",DATE(YEAR(AE36)-1,MONTH(AE36),DAY(AE36)+1)) -> #N/A | AG36: =MAX(AF36,$E$32) -> #N/A | AI36: =$D36 -> Period 5 | AJ36: =IF(AE36="","",DATE(YEAR(AG36)+1,MONTH(AG36),DAY(AG36)-1)) -> #N/A | AK36: =MIN(AJ36,VLOOKUP(1,$C$32:$H$43,4,FALSE)) -> #N/A
A37: =IF(COUNTIF($E37,"")<>COUNTIF($F37,""),"err",IF(AND(COUNTIF($E37:$F37,"")<>2,COUNTIF(E$32:E36,"")>0),"err","ok")) -> ok | B37: =IF(COUNTIF($E37,"")<>COUNTIF($F37,""),"err",IF(AND(COUNTIF($E37:$F37,"")<>2,COUNTIF(F$32:F36,"")>0),"err","ok")) -> ok | C37: =IF(OR(E37="",F37=""),"",RANK(F37,$F$32:$F$43,0)) | D37: ='NRE Calculator'!F44 -> Period 6 | E37: =E18 | F37: =F18 | G37: =IF(OR(E37="",F37=""),"",DATE(YEAR(E37)+1,MONTH(E37),DAY(E37)-1)) | H37: =IF(OR(E37="",F37=""),"",DATE(YEAR(F37)-1,MONTH(F37),DAY(F37)+1)) | I37: =V44 -> 0 | J37: =V61 -> 0 | K37: =IF(OR(E37="",F37=""),"",IF(I37>J37,AG37,AG54)) | L37: =IF(OR(E37="",F37=""),"",IF(I37>J37,AK37,AK54)) | M37: =IF(OR(E37="",F37=""),"",MAX(I37:J37)) | N37: =CONCATENATE($D$48,M37,IF(M37=1," day "," days "),$E$48,TEXT(K37,"DD-MMM-YYYY"),$F$48,TEXT(L37,"DD-MMM-YYYY"),$G$48) -> Your stay in Singapore totalled days from to . | Q37: =IF(OR(E37="",F37="",$B$44>0),"",IF(IF(F37<=$G$32,F37-E37+1,$G$32-E37+1)<0,0,IF(F37<=$G$32,F37-E37+1,$G$32-E37+1))) | R37: =IF(OR(E37="",F37="",$B$44>0),"",IF(IF(F37<=$G$33,F37-E37+1,$G$33-E37+1)<0,0,IF(F37<=$G$33,F37-E37+1,$G$33-E37+1))) | S37: =IF(OR(E37="",F37="",$B$44>0),"",IF(IF(F37<=$G$34,F37-E37+1,$G$34-E37+1)<0,0,IF(F37<=$G$34,F37-E37+1,$G$34-E37+1))) | T37: =IF(OR(E37="",F37="",$B$44>0),"",IF(IF(F37<=$G$35,F37-E37+1,$G$35-E37+1)<0,0,IF(F37<=$G$35,F37-E37+1,$G$35-E37+1))) | U37: =IF(OR(E37="",F37="",$B$44>0),"",IF(IF(F37<=$G$36,F37-E37+1,$G$36-E37+1)<0,0,IF(F37<=$G$36,F37-E37+1,$G$36-E37+1))) | V37: =IF(OR(E37="",F37="",$B$44>0),"",IF(IF(F37<=$G$37,F37-E37+1,$G$37-E37+1)<0,0,IF(F37<=$G$37,F37-E37+1,$G$37-E37+1))) | W37: =IF(OR($E$38="",$F$38="",$B$44>0),"",IF(VLOOKUP(1,$C$32:$H$43,6,FALSE)<=$F37,$F37-MAX(VLOOKUP(1,$C$32:$H$43,6,FALSE),$E37)+1,0)) | X37: =IF(OR($E$39="",$F$39="",$B$44>0),"",IF(VLOOKUP(1,$C$32:$H$43,6,FALSE)<=$F37,$F37-MAX(VLOOKUP(1,$C$32:$H$43,6,FALSE),$E37)+1,0)) | Y37: =IF(OR($E$40="",$F$40="",$B$44>0),"",IF(VLOOKUP(1,$C$32:$H$43,6,FALSE)<=$F37,$F37-MAX(VLOOKUP(1,$C$32:$H$43,6,FALSE),$E37)+1,0)) | Z37: =IF(OR($E$41="",$F$41="",$B$44>0),"",IF(VLOOKUP(1,$C$32:$H$43,6,FALSE)<=$F37,$F37-MAX(VLOOKUP(1,$C$32:$H$43,6,FALSE),$E37)+1,0)) | AA37: =IF(OR($E$42="",$F$42="",$B$44>0),"",IF(VLOOKUP(1,$C$32:$H$43,6,FALSE)<=$F37,$F37-MAX(VLOOKUP(1,$C$32:$H$43,6,FALSE),$E37)+1,0)) | AB37: =IF(OR($E$43="",$F$43="",$B$44>0),"",IF(VLOOKUP(1,$C$32:$H$43,6,FALSE)<=$F37,$F37-MAX(VLOOKUP(1,$C$32:$H$43,6,FALSE),$E37)+1,0)) | AD37: =$D37 -> Period 6 | AE37: =MIN(G37,VLOOKUP(1,$C$32:$H$43,4,FALSE)) -> #N/A | AF37: =IF(AE37="","",DATE(YEAR(AE37)-1,MONTH(AE37),DAY(AE37)+1)) -> #N/A | AG37: =MAX(AF37,$E$32) -> #N/A | AI37: =$D37 -> Period 6 | AJ37: =IF(AE37="","",DATE(YEAR(AG37)+1,MONTH(AG37),DAY(AG37)-1)) -> #N/A | AK37: =MIN(AJ37,VLOOKUP(1,$C$32:$H$43,4,FALSE)) -> #N/A
A38: =IF(COUNTIF($E38,"")<>COUNTIF($F38,""),"err",IF(AND(COUNTIF($E38:$F38,"")<>2,COUNTIF(E$32:E37,"")>0),"err","ok")) -> ok | B38: =IF(COUNTIF($E38,"")<>COUNTIF($F38,""),"err",IF(AND(COUNTIF($E38:$F38,"")<>2,COUNTIF(F$32:F37,"")>0),"err","ok")) -> ok | C38: =IF(OR(E38="",F38=""),"",RANK(F38,$F$32:$F$43,0)) | D38: ='NRE Calculator'!F45 -> Period 7 | E38: =E19 | F38: =F19 | G38: =IF(OR(E38="",F38=""),"",DATE(YEAR(E38)+1,MONTH(E38),DAY(E38)-1)) | H38: =IF(OR(E38="",F38=""),"",DATE(YEAR(F38)-1,MONTH(F38),DAY(F38)+1)) | I38: =W44 -> 0 | J38: =W61 -> 0 | K38: =IF(OR(E38="",F38=""),"",IF(I38>J38,AG38,AG55)) | L38: =IF(OR(E38="",F38=""),"",IF(I38>J38,AK38,AK55)) | M38: =IF(OR(E38="",F38=""),"",MAX(I38:J38)) | N38: =CONCATENATE($D$48,M38,IF(M38=1," day "," days "),$E$48,TEXT(K38,"DD-MMM-YYYY"),$F$48,TEXT(L38,"DD-MMM-YYYY"),$G$48) -> Your stay in Singapore totalled days from to . | Q38: =IF(OR(E38="",F38="",$B$44>0),"",IF(IF(F38<=$G$32,F38-E38+1,$G$32-E38+1)<0,0,IF(F38<=$G$32,F38-E38+1,$G$32-E38+1))) | R38: =IF(OR(E38="",F38="",$B$44>0),"",IF(IF(F38<=$G$33,F38-E38+1,$G$33-E38+1)<0,0,IF(F38<=$G$33,F38-E38+1,$G$33-E38+1))) | S38: =IF(OR(E38="",F38="",$B$44>0),"",IF(IF(F38<=$G$34,F38-E38+1,$G$34-E38+1)<0,0,IF(F38<=$G$34,F38-E38+1,$G$34-E38+1))) | T38: =IF(OR(E38="",F38="",$B$44>0),"",IF(IF(F38<=$G$35,F38-E38+1,$G$35-E38+1)<0,0,IF(F38<=$G$35,F38-E38+1,$G$35-E38+1))) | U38: =IF(OR(E38="",F38="",$B$44>0),"",IF(IF(F38<=$G$36,F38-E38+1,$G$36-E38+1)<0,0,IF(F38<=$G$36,F38-E38+1,$G$36-E38+1))) | V38: =IF(OR(E38="",F38="",$B$44>0),"",IF(IF(F38<=$G$37,F38-E38+1,$G$37-E38+1)<0,0,IF(F38<=$G$37,F38-E38+1,$G$37-E38+1))) | W38: =IF(OR(E38="",F38="",$B$44>0),"",IF(IF(F38<=$G$38,F38-E38+1,$G$38-E38+1)<0,0,IF(F38<=$G$38,F38-E38+1,$G$38-E38+1))) | X38: =IF(OR($E$39="",$F$39="",$B$44>0),"",IF(VLOOKUP(1,$C$32:$H$43,6,FALSE)<=$F38,$F38-MAX(VLOOKUP(1,$C$32:$H$43,6,FALSE),$E38)+1,0)) | Y38: =IF(OR($E$40="",$F$40="",$B$44>0),"",IF(VLOOKUP(1,$C$32:$H$43,6,FALSE)<=$F38,$F38-MAX(VLOOKUP(1,$C$32:$H$43,6,FALSE),$E38)+1,0)) | Z38: =IF(OR($E$41="",$F$41="",$B$44>0),"",IF(VLOOKUP(1,$C$32:$H$43,6,FALSE)<=$F38,$F38-MAX(VLOOKUP(1,$C$32:$H$43,6,FALSE),$E38)+1,0)) | AA38: =IF(OR($E$42="",$F$42="",$B$44>0),"",IF(VLOOKUP(1,$C$32:$H$43,6,FALSE)<=$F38,$F38-MAX(VLOOKUP(1,$C$32:$H$43,6,FALSE),$E38)+1,0)) | AB38: =IF(OR($E$43="",$F$43="",$B$44>0),"",IF(VLOOKUP(1,$C$32:$H$43,6,FALSE)<=$F38,$F38-MAX(VLOOKUP(1,$C$32:$H$43,6,FALSE),$E38)+1,0)) | AD38: =$D38 -> Period 7 | AE38: =MIN(G38,VLOOKUP(1,$C$32:$H$43,4,FALSE)) -> #N/A | AF38: =IF(AE38="","",DATE(YEAR(AE38)-1,MONTH(AE38),DAY(AE38)+1)) -> #N/A | AG38: =MAX(AF38,$E$32) -> #N/A | AI38: =$D38 -> Period 7 | AJ38: =IF(AE38="","",DATE(YEAR(AG38)+1,MONTH(AG38),DAY(AG38)-1)) -> #N/A | AK38: =MIN(AJ38,VLOOKUP(1,$C$32:$H$43,4,FALSE)) -> #N/A
A39: =IF(COUNTIF($E39,"")<>COUNTIF($F39,""),"err",IF(AND(COUNTIF($E39:$F39,"")<>2,COUNTIF(E$32:E38,"")>0),"err","ok")) -> ok | B39: =IF(COUNTIF($E39,"")<>COUNTIF($F39,""),"err",IF(AND(COUNTIF($E39:$F39,"")<>2,COUNTIF(F$32:F38,"")>0),"err","ok")) -> ok | C39: =IF(OR(E39="",F39=""),"",RANK(F39,$F$32:$F$43,0)) | D39: ='NRE Calculator'!F46 -> Period 8 | E39: =E20 | F39: =F20 | G39: =IF(OR(E39="",F39=""),"",DATE(YEAR(E39)+1,MONTH(E39),DAY(E39)-1)) | H39: =IF(OR(E39="",F39=""),"",DATE(YEAR(F39)-1,MONTH(F39),DAY(F39)+1)) | I39: =X44 -> 0 | J39: =X61 -> 0 | K39: =IF(OR(E39="",F39=""),"",IF(I39>J39,AG39,AG56)) | L39: =IF(OR(E39="",F39=""),"",IF(I39>J39,AK39,AK56)) | M39: =IF(OR(E39="",F39=""),"",MAX(I39:J39)) | N39: =CONCATENATE($D$48,M39,IF(M39=1," day "," days "),$E$48,TEXT(K39,"DD-MMM-YYYY"),$F$48,TEXT(L39,"DD-MMM-YYYY"),$G$48) -> Your stay in Singapore totalled days from to . | Q39: =IF(OR(E39="",F39="",$B$44>0),"",IF(IF(F39<=$G$32,F39-E39+1,$G$32-E39+1)<0,0,IF(F39<=$G$32,F39-E39+1,$G$32-E39+1))) | R39: =IF(OR(E39="",F39="",$B$44>0),"",IF(IF(F39<=$G$33,F39-E39+1,$G$33-E39+1)<0,0,IF(F39<=$G$33,F39-E39+1,$G$33-E39+1))) | S39: =IF(OR(E39="",F39="",$B$44>0),"",IF(IF(F39<=$G$34,F39-E39+1,$G$34-E39+1)<0,0,IF(F39<=$G$34,F39-E39+1,$G$34-E39+1))) | T39: =IF(OR(E39="",F39="",$B$44>0),"",IF(IF(F39<=$G$35,F39-E39+1,$G$35-E39+1)<0,0,IF(F39<=$G$35,F39-E39+1,$G$35-E39+1))) | U39: =IF(OR(E39="",F39="",$B$44>0),"",IF(IF(F39<=$G$36,F39-E39+1,$G$36-E39+1)<0,0,IF(F39<=$G$36,F39-E39+1,$G$36-E39+1))) | V39: =IF(OR(E39="",F39="",$B$44>0),"",IF(IF(F39<=$G$37,F39-E39+1,$G$37-E39+1)<0,0,IF(F39<=$G$37,F39-E39+1,$G$37-E39+1))) | W39: =IF(OR(E39="",F39="",$B$44>0),"",IF(IF(F39<=$G$38,F39-E39+1,$G$38-E39+1)<0,0,IF(F39<=$G$38,F39-E39+1,$G$38-E39+1))) | X39: =IF(OR(E39="",F39="",$B$44>0),"",IF(IF(F39<=$G$39,F39-E39+1,$G$39-E39+1)<0,0,IF(F39<=$G$39,F39-E39+1,$G$39-E39+1))) | Y39: =IF(OR($E$40="",$F$40="",$B$44>0),"",IF(VLOOKUP(1,$C$32:$H$43,6,FALSE)<=$F39,$F39-MAX(VLOOKUP(1,$C$32:$H$43,6,FALSE),$E39)+1,0)) | Z39: =IF(OR($E$41="",$F$41="",$B$44>0),"",IF(VLOOKUP(1,$C$32:$H$43,6,FALSE)<=$F39,$F39-MAX(VLOOKUP(1,$C$32:$H$43,6,FALSE),$E39)+1,0)) | AA39: =IF(OR($E$42="",$F$42="",$B$44>0),"",IF(VLOOKUP(1,$C$32:$H$43,6,FALSE)<=$F39,$F39-MAX(VLOOKUP(1,$C$32:$H$43,6,FALSE),$E39)+1,0)) | AB39: =IF(OR($E$43="",$F$43="",$B$44>0),"",IF(VLOOKUP(1,$C$32:$H$43,6,FALSE)<=$F39,$F39-MAX(VLOOKUP(1,$C$32:$H$43,6,FALSE),$E39)+1,0)) | AD39: =$D39 -> Period 8 | AE39: =MIN(G39,VLOOKUP(1,$C$32:$H$43,4,FALSE)) -> #N/A | AF39: =IF(AE39="","",DATE(YEAR(AE39)-1,MONTH(AE39),DAY(AE39)+1)) -> #N/A | AG39: =MAX(AF39,$E$32) -> #N/A | AI39: =$D39 -> Period 8 | AJ39: =IF(AE39="","",DATE(YEAR(AG39)+1,MONTH(AG39),DAY(AG39)-1)) -> #N/A | AK39: =MIN(AJ39,VLOOKUP(1,$C$32:$H$43,4,FALSE)) -> #N/A
A40: =IF(COUNTIF($E40,"")<>COUNTIF($F40,""),"err",IF(AND(COUNTIF($E40:$F40,"")<>2,COUNTIF(E$32:E39,"")>0),"err","ok")) -> ok | B40: =IF(COUNTIF($E40,"")<>COUNTIF($F40,""),"err",IF(AND(COUNTIF($E40:$F40,"")<>2,COUNTIF(F$32:F39,"")>0),"err","ok")) -> ok | C40: =IF(OR(E40="",F40=""),"",RANK(F40,$F$32:$F$43,0)) | D40: ='NRE Calculator'!F47 -> Period 9 | E40: =E21 | F40: =F21 | G40: =IF(OR(E40="",F40=""),"",DATE(YEAR(E40)+1,MONTH(E40),DAY(E40)-1)) | H40: =IF(OR(E40="",F40=""),"",DATE(YEAR(F40)-1,MONTH(F40),DAY(F40)+1)) | I40: =Y44 -> 0 | J40: =Y61 -> 0 | K40: =IF(OR(E40="",F40=""),"",IF(I40>J40,AG40,AG57)) | L40: =IF(OR(E40="",F40=""),"",IF(I40>J40,AK40,AK57)) | M40: =IF(OR(E40="",F40=""),"",MAX(I40:J40)) | N40: =CONCATENATE($D$48,M40,IF(M40=1," day "," days "),$E$48,TEXT(K40,"DD-MMM-YYYY"),$F$48,TEXT(L40,"DD-MMM-YYYY"),$G$48) -> Your stay in Singapore totalled days from to . | Q40: =IF(OR(E40="",F40="",$B$44>0),"",IF(IF(F40<=$G$32,F40-E40+1,$G$32-E40+1)<0,0,IF(F40<=$G$32,F40-E40+1,$G$32-E40+1))) | R40: =IF(OR(E40="",F40="",$B$44>0),"",IF(IF(F40<=$G$33,F40-E40+1,$G$33-E40+1)<0,0,IF(F40<=$G$33,F40-E40+1,$G$33-E40+1))) | S40: =IF(OR(E40="",F40="",$B$44>0),"",IF(IF(F40<=$G$34,F40-E40+1,$G$34-E40+1)<0,0,IF(F40<=$G$34,F40-E40+1,$G$34-E40+1))) | T40: =IF(OR(E40="",F40="",$B$44>0),"",IF(IF(F40<=$G$35,F40-E40+1,$G$35-E40+1)<0,0,IF(F40<=$G$35,F40-E40+1,$G$35-E40+1))) | U40: =IF(OR(E40="",F40="",$B$44>0),"",IF(IF(F40<=$G$36,F40-E40+1,$G$36-E40+1)<0,0,IF(F40<=$G$36,F40-E40+1,$G$36-E40+1))) | V40: =IF(OR(E40="",F40="",$B$44>0),"",IF(IF(F40<=$G$37,F40-E40+1,$G$37-E40+1)<0,0,IF(F40<=$G$37,F40-E40+1,$G$37-E40+1))) | W40: =IF(OR(E40="",F40="",$B$44>0),"",IF(IF(F40<=$G$38,F40-E40+1,$G$38-E40+1)<0,0,IF(F40<=$G$38,F40-E40+1,$G$38-E40+1))) | X40: =IF(OR(E40="",F40="",$B$44>0),"",IF(IF(F40<=$G$39,F40-E40+1,$G$39-E40+1)<0,0,IF(F40<=$G$39,F40-E40+1,$G$39-E40+1))) | Y40: =IF(OR(E40="",F40="",$B$44>0),"",IF(IF(F40<=$G$40,F40-E40+1,$G$40-E40+1)<0,0,IF(F40<=$G$40,F40-E40+1,$G$40-E40+1))) | Z40: =IF(OR($E$41="",$F$41="",$B$44>0),"",IF(VLOOKUP(1,$C$32:$H$43,6,FALSE)<=$F40,$F40-MAX(VLOOKUP(1,$C$32:$H$43,6,FALSE),$E40)+1,0)) | AA40: =IF(OR($E$42="",$F$42="",$B$44>0),"",IF(VLOOKUP(1,$C$32:$H$43,6,FALSE)<=$F40,$F40-MAX(VLOOKUP(1,$C$32:$H$43,6,FALSE),$E40)+1,0)) | AB40: =IF(OR($E$43="",$F$43="",$B$44>0),"",IF(VLOOKUP(1,$C$32:$H$43,6,FALSE)<=$F40,$F40-MAX(VLOOKUP(1,$C$32:$H$43,6,FALSE),$E40)+1,0)) | AD40: =$D40 -> Period 9 | AE40: =MIN(G40,VLOOKUP(1,$C$32:$H$43,4,FALSE)) -> #N/A | AF40: =IF(AE40="","",DATE(YEAR(AE40)-1,MONTH(AE40),DAY(AE40)+1)) -> #N/A | AG40: =MAX(AF40,$E$32) -> #N/A | AI40: =$D40 -> Period 9 | AJ40: =IF(AE40="","",DATE(YEAR(AG40)+1,MONTH(AG40),DAY(AG40)-1)) -> #N/A | AK40: =MIN(AJ40,VLOOKUP(1,$C$32:$H$43,4,FALSE)) -> #N/A
A41: =IF(COUNTIF($E41,"")<>COUNTIF($F41,""),"err",IF(AND(COUNTIF($E41:$F41,"")<>2,COUNTIF(E$32:E40,"")>0),"err","ok")) -> ok | B41: =IF(COUNTIF($E41,"")<>COUNTIF($F41,""),"err",IF(AND(COUNTIF($E41:$F41,"")<>2,COUNTIF(F$32:F40,"")>0),"err","ok")) -> ok | C41: =IF(OR(E41="",F41=""),"",RANK(F41,$F$32:$F$43,0)) | D41: ='NRE Calculator'!F48 -> Period 10 | E41: =E22 | F41: =F22 | G41: =IF(OR(E41="",F41=""),"",DATE(YEAR(E41)+1,MONTH(E41),DAY(E41)-1)) | H41: =IF(OR(E41="",F41=""),"",DATE(YEAR(F41)-1,MONTH(F41),DAY(F41)+1)) | I41: =Z44 -> 0 | J41: =Z61 -> 0 | K41: =IF(OR(E41="",F41=""),"",IF(I41>J41,AG41,AG58)) | L41: =IF(OR(E41="",F41=""),"",IF(I41>J41,AK41,AK58)) | M41: =IF(OR(E41="",F41=""),"",MAX(I41:J41)) | N41: =CONCATENATE($D$48,M41,IF(M41=1," day "," days "),$E$48,TEXT(K41,"DD-MMM-YYYY"),$F$48,TEXT(L41,"DD-MMM-YYYY"),$G$48) -> Your stay in Singapore totalled days from to . | Q41: =IF(OR(E41="",F41="",$B$44>0),"",IF(IF(F41<=$G$32,F41-E41+1,$G$32-E41+1)<0,0,IF(F41<=$G$32,F41-E41+1,$G$32-E41+1))) | R41: =IF(OR(E41="",F41="",$B$44>0),"",IF(IF(F41<=$G$33,F41-E41+1,$G$33-E41+1)<0,0,IF(F41<=$G$33,F41-E41+1,$G$33-E41+1))) | S41: =IF(OR(E41="",F41="",$B$44>0),"",IF(IF(F41<=$G$34,F41-E41+1,$G$34-E41+1)<0,0,IF(F41<=$G$34,F41-E41+1,$G$34-E41+1))) | T41: =IF(OR(E41="",F41="",$B$44>0),"",IF(IF(F41<=$G$35,F41-E41+1,$G$35-E41+1)<0,0,IF(F41<=$G$35,F41-E41+1,$G$35-E41+1))) | U41: =IF(OR(E41="",F41="",$B$44>0),"",IF(IF(F41<=$G$36,F41-E41+1,$G$36-E41+1)<0,0,IF(F41<=$G$36,F41-E41+1,$G$36-E41+1))) | V41: =IF(OR(E41="",F41="",$B$44>0),"",IF(IF(F41<=$G$37,F41-E41+1,$G$37-E41+1)<0,0,IF(F41<=$G$37,F41-E41+1,$G$37-E41+1))) | W41: =IF(OR(E41="",F41="",$B$44>0),"",IF(IF(F41<=$G$38,F41-E41+1,$G$38-E41+1)<0,0,IF(F41<=$G$38,F41-E41+1,$G$38-E41+1))) | X41: =IF(OR(E41="",F41="",$B$44>0),"",IF(IF(F41<=$G$39,F41-E41+1,$G$39-E41+1)<0,0,IF(F41<=$G$39,F41-E41+1,$G$39-E41+1))) | Y41: =IF(OR(E41="",F41="",$B$44>0),"",IF(IF(F41<=$G$40,F41-E41+1,$G$40-E41+1)<0,0,IF(F41<=$G$40,F41-E41+1,$G$40-E41+1))) | Z41: =IF(OR(E41="",F41="",$B$44>0),"",IF(IF(F41<=$G$41,F41-E41+1,$G$41-E41+1)<0,0,IF(F41<=$G$41,F41-E41+1,$G$41-E41+1))) | AA41: =IF(OR($E$42="",$F$42="",$B$44>0),"",IF(VLOOKUP(1,$C$32:$H$43,6,FALSE)<=$F41,$F41-MAX(VLOOKUP(1,$C$32:$H$43,6,FALSE),$E41)+1,0)) | AB41: =IF(OR($E$43="",$F$43="",$B$44>0),"",IF(VLOOKUP(1,$C$32:$H$43,6,FALSE)<=$F41,$F41-MAX(VLOOKUP(1,$C$32:$H$43,6,FALSE),$E41)+1,0)) | AD41: =$D41 -> Period 10 | AE41: =MIN(G41,VLOOKUP(1,$C$32:$H$43,4,FALSE)) -> #N/A | AF41: =IF(AE41="","",DATE(YEAR(AE41)-1,MONTH(AE41),DAY(AE41)+1)) -> #N/A | AG41: =MAX(AF41,$E$32) -> #N/A | AI41: =$D41 -> Period 10 | AJ41: =IF(AE41="","",DATE(YEAR(AG41)+1,MONTH(AG41),DAY(AG41)-1)) -> #N/A | AK41: =MIN(AJ41,VLOOKUP(1,$C$32:$H$43,4,FALSE)) -> #N/A
A42: =IF(COUNTIF($E42,"")<>COUNTIF($F42,""),"err",IF(AND(COUNTIF($E42:$F42,"")<>2,COUNTIF(E$32:E41,"")>0),"err","ok")) -> ok | B42: =IF(COUNTIF($E42,"")<>COUNTIF($F42,""),"err",IF(AND(COUNTIF($E42:$F42,"")<>2,COUNTIF(F$32:F41,"")>0),"err","ok")) -> ok | C42: =IF(OR(E42="",F42=""),"",RANK(F42,$F$32:$F$43,0)) | D42: ='NRE Calculator'!F49 -> Period 11 | E42: =E23 | F42: =F23 | G42: =IF(OR(E42="",F42=""),"",DATE(YEAR(E42)+1,MONTH(E42),DAY(E42)-1)) | H42: =IF(OR(E42="",F42=""),"",DATE(YEAR(F42)-1,MONTH(F42),DAY(F42)+1)) | I42: =AA44 -> 0 | J42: =AA61 -> 0 | K42: =IF(OR(E42="",F42=""),"",IF(I42>J42,AG42,AG59)) | L42: =IF(OR(E42="",F42=""),"",IF(I42>J42,AK42,AK59)) | M42: =IF(OR(E42="",F42=""),"",MAX(I42:J42)) | N42: =CONCATENATE($D$48,M42,IF(M42=1," day "," days "),$E$48,TEXT(K42,"DD-MMM-YYYY"),$F$48,TEXT(L42,"DD-MMM-YYYY"),$G$48) -> Your stay in Singapore totalled days from to . | Q42: =IF(OR(E42="",F42="",$B$44>0),"",IF(IF(F42<=$G$32,F42-E42+1,$G$32-E42+1)<0,0,IF(F42<=$G$32,F42-E42+1,$G$32-E42+1))) | R42: =IF(OR(E42="",F42="",$B$44>0),"",IF(IF(F42<=$G$33,F42-E42+1,$G$33-E42+1)<0,0,IF(F42<=$G$33,F42-E42+1,$G$33-E42+1))) | S42: =IF(OR(E42="",F42="",$B$44>0),"",IF(IF(F42<=$G$34,F42-E42+1,$G$34-E42+1)<0,0,IF(F42<=$G$34,F42-E42+1,$G$34-E42+1))) | T42: =IF(OR(E42="",F42="",$B$44>0),"",IF(IF(F42<=$G$35,F42-E42+1,$G$35-E42+1)<0,0,IF(F42<=$G$35,F42-E42+1,$G$35-E42+1))) | U42: =IF(OR(E42="",F42="",$B$44>0),"",IF(IF(F42<=$G$36,F42-E42+1,$G$36-E42+1)<0,0,IF(F42<=$G$36,F42-E42+1,$G$36-E42+1))) | V42: =IF(OR(E42="",F42="",$B$44>0),"",IF(IF(F42<=$G$37,F42-E42+1,$G$37-E42+1)<0,0,IF(F42<=$G$37,F42-E42+1,$G$37-E42+1))) | W42: =IF(OR(E42="",F42="",$B$44>0),"",IF(IF(F42<=$G$38,F42-E42+1,$G$38-E42+1)<0,0,IF(F42<=$G$38,F42-E42+1,$G$38-E42+1))) | X42: =IF(OR(E42="",F42="",$B$44>0),"",IF(IF(F42<=$G$39,F42-E42+1,$G$39-E42+1)<0,0,IF(F42<=$G$39,F42-E42+1,$G$39-E42+1))) | Y42: =IF(OR(E42="",F42="",$B$44>0),"",IF(IF(F42<=$G$40,F42-E42+1,$G$40-E42+1)<0,0,IF(F42<=$G$40,F42-E42+1,$G$40-E42+1))) | Z42: =IF(OR(E42="",F42="",$B$44>0),"",IF(IF(F42<=$G$41,F42-E42+1,$G$41-E42+1)<0,0,IF(F42<=$G$41,F42-E42+1,$G$41-E42+1))) | AA42: =IF(OR(E42="",F42="",$B$44>0),"",IF(IF(F42<=$G$42,F42-E42+1,$G$42-E42+1)<0,0,IF(F42<=$G$42,F42-E42+1,$G$42-E42+1))) | AB42: =IF(OR($E$43="",$F$43="",$B$44>0),"",IF(VLOOKUP(1,$C$32:$H$43,6,FALSE)<=$F42,$F42-MAX(VLOOKUP(1,$C$32:$H$43,6,FALSE),$E42)+1,0)) | AD42: =$D42 -> Period 11 | AE42: =MIN(G42,VLOOKUP(1,$C$32:$H$43,4,FALSE)) -> #N/A | AF42: =IF(AE42="","",DATE(YEAR(AE42)-1,MONTH(AE42),DAY(AE42)+1)) -> #N/A | AG42: =MAX(AF42,$E$32) -> #N/A | AI42: =$D42 -> Period 11 | AJ42: =IF(AE42="","",DATE(YEAR(AG42)+1,MONTH(AG42),DAY(AG42)-1)) -> #N/A | AK42: =MIN(AJ42,VLOOKUP(1,$C$32:$H$43,4,FALSE)) -> #N/A
A43: =IF(COUNTIF($E43,"")<>COUNTIF($F43,""),"err",IF(AND(COUNTIF($E43:$F43,"")<>2,COUNTIF(E$32:E42,"")>0),"err","ok")) -> ok | B43: =IF(COUNTIF($E43,"")<>COUNTIF($F43,""),"err",IF(AND(COUNTIF($E43:$F43,"")<>2,COUNTIF(F$32:F42,"")>0),"err","ok")) -> ok | C43: =IF(OR(E43="",F43=""),"",RANK(F43,$F$32:$F$43,0)) | D43: ='NRE Calculator'!F50 -> Period 12 | E43: =E24 | F43: =F24 | G43: =IF(OR(E43="",F43=""),"",DATE(YEAR(E43)+1,MONTH(E43),DAY(E43)-1)) | H43: =IF(OR(E43="",F43=""),"",DATE(YEAR(F43)-1,MONTH(F43),DAY(F43)+1)) | I43: =AB44 -> 0 | J43: =AB61 -> 0 | K43: =IF(OR(E43="",F43=""),"",IF(I43>J43,AG43,AG60)) | L43: =IF(OR(E43="",F43=""),"",IF(I43>J43,AK43,AK60)) | M43: =IF(OR(E43="",F43=""),"",MAX(I43:J43)) | N43: =CONCATENATE($D$48,M43,IF(M43=1," day "," days "),$E$48,TEXT(K43,"DD-MMM-YYYY"),$F$48,TEXT(L43,"DD-MMM-YYYY"),$G$48) -> Your stay in Singapore totalled days from to . | Q43: =IF(OR(E43="",F43="",$B$44>0),"",IF(IF(F43<=$G$32,F43-E43+1,$G$32-E43+1)<0,0,IF(F43<=$G$32,F43-E43+1,$G$32-E43+1))) | R43: =IF(OR(E43="",F43="",$B$44>0),"",IF(IF(F43<=$G$33,F43-E43+1,$G$33-E43+1)<0,0,IF(F43<=$G$33,F43-E43+1,$G$33-E43+1))) | S43: =IF(OR(E43="",F43="",$B$44>0),"",IF(IF(F43<=$G$34,F43-E43+1,$G$34-E43+1)<0,0,IF(F43<=$G$34,F43-E43+1,$G$34-E43+1))) | T43: =IF(OR(E43="",F43="",$B$44>0),"",IF(IF(F43<=$G$35,F43-E43+1,$G$35-E43+1)<0,0,IF(F43<=$G$35,F43-E43+1,$G$35-E43+1))) | U43: =IF(OR(E43="",F43="",$B$44>0),"",IF(IF(F43<=$G$36,F43-E43+1,$G$36-E43+1)<0,0,IF(F43<=$G$36,F43-E43+1,$G$36-E43+1))) | V43: =IF(OR(E43="",F43="",$B$44>0),"",IF(IF(F43<=$G$37,F43-E43+1,$G$37-E43+1)<0,0,IF(F43<=$G$37,F43-E43+1,$G$37-E43+1))) | W43: =IF(OR(E43="",F43="",$B$44>0),"",IF(IF(F43<=$G$38,F43-E43+1,$G$38-E43+1)<0,0,IF(F43<=$G$38,F43-E43+1,$G$38-E43+1))) | X43: =IF(OR(E43="",F43="",$B$44>0),"",IF(IF(F43<=$G$39,F43-E43+1,$G$39-E43+1)<0,0,IF(F43<=$G$39,F43-E43+1,$G$39-E43+1))) | Y43: =IF(OR(E43="",F43="",$B$44>0),"",IF(IF(F43<=$G$40,F43-E43+1,$G$40-E43+1)<0,0,IF(F43<=$G$40,F43-E43+1,$G$40-E43+1))) | Z43: =IF(OR(E43="",F43="",$B$44>0),"",IF(IF(F43<=$G$41,F43-E43+1,$G$41-E43+1)<0,0,IF(F43<=$G$41,F43-E43+1,$G$41-E43+1))) | AA43: =IF(OR(E43="",F43="",$B$44>0),"",IF(IF(F43<=$G$42,F43-E43+1,$G$42-E43+1)<0,0,IF(F43<=$G$42,F43-E43+1,$G$42-E43+1))) | AB43: =IF(OR(E43="",F43="",$B$44>0),"",IF(IF(F43<=$G$43,F43-E43+1,$G$43-E43+1)<0,0,IF(F43<=$G$43,F43-E43+1,$G$43-E43+1))) | AD43: =$D43 -> Period 12 | AE43: =MIN(G43,VLOOKUP(1,$C$32:$H$43,4,FALSE)) -> #N/A | AF43: =IF(AE43="","",DATE(YEAR(AE43)-1,MONTH(AE43),DAY(AE43)+1)) -> #N/A | AG43: =MAX(AF43,$E$32) -> #N/A | AI43: =$D43 -> Period 12 | AJ43: =IF(AE43="","",DATE(YEAR(AG43)+1,MONTH(AG43),DAY(AG43)-1)) -> #N/A | AK43: =MIN(AJ43,VLOOKUP(1,$C$32:$H$43,4,FALSE)) -> #N/A
A44: error exist? -->> | B44: =COUNTIF(A32:B43,"err") -> 0 | P44: Total: | Q44: =SUM(Q32:Q43) -> 0 | R44: =SUM(R32:R43) -> 0 | S44: =SUM(S32:S43) -> 0 | T44: =SUM(T32:T43) -> 0 | U44: =SUM(U32:U43) -> 0 | V44: =SUM(V32:V43) -> 0 | W44: =SUM(W32:W43) -> 0 | X44: =SUM(X32:X43) -> 0 | ... AB44: =SUM(AB32:AB43) -> 0
D46: Message
C47: calendar | D47: Your stay in Singapore totalled | E47: =CONCATENATE(CHAR(10),"from ") -> from | F47: to | G47: . | Q47: =J31 -> Within 12 mths before Date To | AE47: step by step to derive relevant date from | AJ47: step by step to derive relevant date to
C48: moving | D48: Your stay in Singapore totalled | E48: =CONCATENATE(CHAR(10),"from ") -> from | F48: to | G48: . | Q48: =Q31 -> Period 1 | R48: =R31 -> Period 2 | S48: =S31 -> Period 3 | T48: =T31 -> Period 4 | U48: =U31 -> Period 5 | V48: =V31 -> Period 6 | W48: =W31 -> Period 7 | X48: =X31 -> Period 8 | ... AB48: =AB31 -> Period 12 | AE48: Step 1: Calculate "Date To" - 1yr | AF48: Step 2: Find min of "Step 1's date" vs. "Date From" | AG48: Step 3: Find max of "Date derived in Step 2" vs. "very first engagement's Date From" | AJ48: Step 1: Find "Date From" (derived in step-by-step) + 1yr | AK48: Step 2: Find min of "Date derived in Step 1" vs. "very last engagement's Date To"
Q49: =IF(OR($H$32="",$B$44>0),"",IF(IF(E32>=$H$32,F32-E32+1,F32-$H$32+1)<0,0,IF(E32>=$H$32,F32-E32+1,F32-$H$32+1))) | R49: =IF(OR($H$33="",$B$44>0),"",IF(IF(E32>=$H$33,F32-E32+1,F32-$H$33+1)<0,0,IF(E32>=$H$33,F32-E32+1,F32-$H$33+1))) | S49: =IF(OR($H$34="",$B$44>0),"",IF(IF(E32>=$H$34,F32-E32+1,F32-$H$34+1)<0,0,IF(E32>=$H$34,F32-E32+1,F32-$H$34+1))) | T49: =IF(OR($H$35="",$B$44>0),"",IF(IF(E32>=$H$35,F32-E32+1,F32-$H$35+1)<0,0,IF(E32>=$H$35,F32-E32+1,F32-$H$35+1))) | U49: =IF(OR($H$36="",$B$44>0),"",IF(IF(E32>=$H$36,F32-E32+1,F32-$H$36+1)<0,0,IF(E32>=$H$36,F32-E32+1,F32-$H$36+1))) | V49: =IF(OR($H$37="",$B$44>0),"",IF(IF(E32>=$H$37,F32-E32+1,F32-$H$37+1)<0,0,IF(E32>=$H$37,F32-E32+1,F32-$H$37+1))) | W49: =IF(OR($H$38="",$B$44>0),"",IF(IF(E32>=$H$38,F32-E32+1,F32-$H$38+1)<0,0,IF(E32>=$H$38,F32-E32+1,F32-$H$38+1))) | X49: =IF(OR($H$39="",$B$44>0),"",IF(IF(E32>=$H$39,F32-E32+1,F32-$H$39+1)<0,0,IF(E32>=$H$39,F32-E32+1,F32-$H$39+1))) | Y49: =IF(OR($H$40="",$B$44>0),"",IF(IF(E32>=$H$40,F32-E32+1,F32-$H$40+1)<0,0,IF(E32>=$H$40,F32-E32+1,F32-$H$40+1))) | Z49: =IF(OR($H$41="",$B$44>0),"",IF(IF(E32>=$H$41,F32-E32+1,F32-$H$41+1)<0,0,IF(E32>=$H$41,F32-E32+1,F32-$H$41+1))) | AA49: =IF(OR($H$42="",$B$44>0),"",IF(IF(E32>=$H$42,F32-E32+1,F32-$H$42+1)<0,0,IF(E32>=$H$42,F32-E32+1,F32-$H$42+1))) | AB49: =IF(OR($H$43="",$B$44>0),"",IF(IF(E32>=$H$43,F32-E32+1,F32-$H$43+1)<0,0,IF(E32>=$H$43,F32-E32+1,F32-$H$43+1))) | AD49: =$D32 -> Period 1 | AE49: =DATE(YEAR(F32)-1,MONTH(F32),DAY(F32)+1) -> #VALUE! | AF49: =MIN(AE49,E32) -> #VALUE! | AG49: =MAX(AF49,$E$32) -> #VALUE! | AI49: =$D32 -> Period 1 | AJ49: =IF(AE49="","",DATE(YEAR(AG49)+1,MONTH(AG49),DAY(AG49)-1)) -> #VALUE! | AK49: =MIN(AJ49,VLOOKUP(1,$C$32:$H$43,4,FALSE)) -> #N/A
R50: =IF(OR($H$33="",$B$44>0),"",IF(IF(E33>=$H$33,F33-E33+1,F33-$H$33+1)<0,0,IF(E33>=$H$33,F33-E33+1,F33-$H$33+1))) | S50: =IF(OR($H$34="",$B$44>0),"",IF(IF(E33>=$H$34,F33-E33+1,F33-$H$34+1)<0,0,IF(E33>=$H$34,F33-E33+1,F33-$H$34+1))) | T50: =IF(OR($H$35="",$B$44>0),"",IF(IF(E33>=$H$35,F33-E33+1,F33-$H$35+1)<0,0,IF(E33>=$H$35,F33-E33+1,F33-$H$35+1))) | U50: =IF(OR($H$36="",$B$44>0),"",IF(IF(E33>=$H$36,F33-E33+1,F33-$H$36+1)<0,0,IF(E33>=$H$36,F33-E33+1,F33-$H$36+1))) | V50: =IF(OR($H$37="",$B$44>0),"",IF(IF(E33>=$H$37,F33-E33+1,F33-$H$37+1)<0,0,IF(E33>=$H$37,F33-E33+1,F33-$H$37+1))) | W50: =IF(OR($H$38="",$B$44>0),"",IF(IF(E33>=$H$38,F33-E33+1,F33-$H$38+1)<0,0,IF(E33>=$H$38,F33-E33+1,F33-$H$38+1))) | X50: =IF(OR($H$39="",$B$44>0),"",IF(IF(E33>=$H$39,F33-E33+1,F33-$H$39+1)<0,0,IF(E33>=$H$39,F33-E33+1,F33-$H$39+1))) | Y50: =IF(OR($H$40="",$B$44>0),"",IF(IF(E33>=$H$40,F33-E33+1,F33-$H$40+1)<0,0,IF(E33>=$H$40,F33-E33+1,F33-$H$40+1))) | Z50: =IF(OR($H$41="",$B$44>0),"",IF(IF(E33>=$H$41,F33-E33+1,F33-$H$41+1)<0,0,IF(E33>=$H$41,F33-E33+1,F33-$H$41+1))) | AA50: =IF(OR($H$42="",$B$44>0),"",IF(IF(E33>=$H$42,F33-E33+1,F33-$H$42+1)<0,0,IF(E33>=$H$42,F33-E33+1,F33-$H$42+1))) | AB50: =IF(OR($H$43="",$B$44>0),"",IF(IF(E33>=$H$43,F33-E33+1,F33-$H$43+1)<0,0,IF(E33>=$H$43,F33-E33+1,F33-$H$43+1))) | AD50: =$D33 -> Period 2 | AE50: =DATE(YEAR(F33)-1,MONTH(F33),DAY(F33)+1) -> #VALUE! | AF50: =MIN(AE50,E33) -> #VALUE! | AG50: =MAX(AF50,$E$32) -> #VALUE! | AI50: =$D33 -> Period 2 | AJ50: =IF(AE50="","",DATE(YEAR(AG50)+1,MONTH(AG50),DAY(AG50)-1)) -> #VALUE! | AK50: =MIN(AJ50,VLOOKUP(1,$C$32:$H$43,4,FALSE)) -> #N/A
D51: Hardcoded exceptions for countries below due to change in conditions for DTA | S51: =IF(OR($H$34="",$B$44>0),"",IF(IF(E34>=$H$34,F34-E34+1,F34-$H$34+1)<0,0,IF(E34>=$H$34,F34-E34+1,F34-$H$34+1))) | T51: =IF(OR($H$35="",$B$44>0),"",IF(IF(E34>=$H$35,F34-E34+1,F34-$H$35+1)<0,0,IF(E34>=$H$35,F34-E34+1,F34-$H$35+1))) | U51: =IF(OR($H$36="",$B$44>0),"",IF(IF(E34>=$H$36,F34-E34+1,F34-$H$36+1)<0,0,IF(E34>=$H$36,F34-E34+1,F34-$H$36+1))) | V51: =IF(OR($H$37="",$B$44>0),"",IF(IF(E34>=$H$37,F34-E34+1,F34-$H$37+1)<0,0,IF(E34>=$H$37,F34-E34+1,F34-$H$37+1))) | W51: =IF(OR($H$38="",$B$44>0),"",IF(IF(E34>=$H$38,F34-E34+1,F34-$H$38+1)<0,0,IF(E34>=$H$38,F34-E34+1,F34-$H$38+1))) | X51: =IF(OR($H$39="",$B$44>0),"",IF(IF(E34>=$H$39,F34-E34+1,F34-$H$39+1)<0,0,IF(E34>=$H$39,F34-E34+1,F34-$H$39+1))) | Y51: =IF(OR($H$40="",$B$44>0),"",IF(IF(E34>=$H$40,F34-E34+1,F34-$H$40+1)<0,0,IF(E34>=$H$40,F34-E34+1,F34-$H$40+1))) | Z51: =IF(OR($H$41="",$B$44>0),"",IF(IF(E34>=$H$41,F34-E34+1,F34-$H$41+1)<0,0,IF(E34>=$H$41,F34-E34+1,F34-$H$41+1))) | AA51: =IF(OR($H$42="",$B$44>0),"",IF(IF(E34>=$H$42,F34-E34+1,F34-$H$42+1)<0,0,IF(E34>=$H$42,F34-E34+1,F34-$H$42+1))) | AB51: =IF(OR($H$43="",$B$44>0),"",IF(IF(E34>=$H$43,F34-E34+1,F34-$H$43+1)<0,0,IF(E34>=$H$43,F34-E34+1,F34-$H$43+1))) | AD51: =$D34 -> Period 3 | AE51: =DATE(YEAR(F34)-1,MONTH(F34),DAY(F34)+1) -> #VALUE! | AF51: =MIN(AE51,E34) -> #VALUE! | AG51: =MAX(AF51,$E$32) -> #VALUE! | AI51: =$D34 -> Period 3 | AJ51: =IF(AE51="","",DATE(YEAR(AG51)+1,MONTH(AG51),DAY(AG51)-1)) -> #VALUE! | AK51: =MIN(AJ51,VLOOKUP(1,$C$32:$H$43,4,FALSE)) -> #N/A
T52: =IF(OR($H$35="",$B$44>0),"",IF(IF(E35>=$H$35,F35-E35+1,F35-$H$35+1)<0,0,IF(E35>=$H$35,F35-E35+1,F35-$H$35+1))) | U52: =IF(OR($H$36="",$B$44>0),"",IF(IF(E35>=$H$36,F35-E35+1,F35-$H$36+1)<0,0,IF(E35>=$H$36,F35-E35+1,F35-$H$36+1))) | V52: =IF(OR($H$37="",$B$44>0),"",IF(IF(E35>=$H$37,F35-E35+1,F35-$H$37+1)<0,0,IF(E35>=$H$37,F35-E35+1,F35-$H$37+1))) | W52: =IF(OR($H$38="",$B$44>0),"",IF(IF(E35>=$H$38,F35-E35+1,F35-$H$38+1)<0,0,IF(E35>=$H$38,F35-E35+1,F35-$H$38+1))) | X52: =IF(OR($H$39="",$B$44>0),"",IF(IF(E35>=$H$39,F35-E35+1,F35-$H$39+1)<0,0,IF(E35>=$H$39,F35-E35+1,F35-$H$39+1))) | Y52: =IF(OR($H$40="",$B$44>0),"",IF(IF(E35>=$H$40,F35-E35+1,F35-$H$40+1)<0,0,IF(E35>=$H$40,F35-E35+1,F35-$H$40+1))) | Z52: =IF(OR($H$41="",$B$44>0),"",IF(IF(E35>=$H$41,F35-E35+1,F35-$H$41+1)<0,0,IF(E35>=$H$41,F35-E35+1,F35-$H$41+1))) | AA52: =IF(OR($H$42="",$B$44>0),"",IF(IF(E35>=$H$42,F35-E35+1,F35-$H$42+1)<0,0,IF(E35>=$H$42,F35-E35+1,F35-$H$42+1))) | AB52: =IF(OR($H$43="",$B$44>0),"",IF(IF(E35>=$H$43,F35-E35+1,F35-$H$43+1)<0,0,IF(E35>=$H$43,F35-E35+1,F35-$H$43+1))) | AD52: =$D35 -> Period 4 | AE52: =DATE(YEAR(F35)-1,MONTH(F35),DAY(F35)+1) -> #VALUE! | AF52: =MIN(AE52,E35) -> #VALUE! | AG52: =MAX(AF52,$E$32) -> #VALUE! | AI52: =$D35 -> Period 4 | AJ52: =IF(AE52="","",DATE(YEAR(AG52)+1,MONTH(AG52),DAY(AG52)-1)) -> #VALUE! | AK52: =MIN(AJ52,VLOOKUP(1,$C$32:$H$43,4,FALSE)) -> #N/A
D53: >>> when it is France/Thailand (calendar basis up till 31 Dec 2016, moving period basis from 1 Jan 2017 onwards) | U53: =IF(OR($H$36="",$B$44>0),"",IF(IF(E36>=$H$36,F36-E36+1,F36-$H$36+1)<0,0,IF(E36>=$H$36,F36-E36+1,F36-$H$36+1))) | V53: =IF(OR($H$37="",$B$44>0),"",IF(IF(E36>=$H$37,F36-E36+1,F36-$H$37+1)<0,0,IF(E36>=$H$37,F36-E36+1,F36-$H$37+1))) | W53: =IF(OR($H$38="",$B$44>0),"",IF(IF(E36>=$H$38,F36-E36+1,F36-$H$38+1)<0,0,IF(E36>=$H$38,F36-E36+1,F36-$H$38+1))) | X53: =IF(OR($H$39="",$B$44>0),"",IF(IF(E36>=$H$39,F36-E36+1,F36-$H$39+1)<0,0,IF(E36>=$H$39,F36-E36+1,F36-$H$39+1))) | Y53: =IF(OR($H$40="",$B$44>0),"",IF(IF(E36>=$H$40,F36-E36+1,F36-$H$40+1)<0,0,IF(E36>=$H$40,F36-E36+1,F36-$H$40+1))) | Z53: =IF(OR($H$41="",$B$44>0),"",IF(IF(E36>=$H$41,F36-E36+1,F36-$H$41+1)<0,0,IF(E36>=$H$41,F36-E36+1,F36-$H$41+1))) | AA53: =IF(OR($H$42="",$B$44>0),"",IF(IF(E36>=$H$42,F36-E36+1,F36-$H$42+1)<0,0,IF(E36>=$H$42,F36-E36+1,F36-$H$42+1))) | AB53: =IF(OR($H$43="",$B$44>0),"",IF(IF(E36>=$H$43,F36-E36+1,F36-$H$43+1)<0,0,IF(E36>=$H$43,F36-E36+1,F36-$H$43+1))) | AD53: =$D36 -> Period 5 | AE53: =DATE(YEAR(F36)-1,MONTH(F36),DAY(F36)+1) -> #VALUE! | AF53: =MIN(AE53,E36) -> #VALUE! | AG53: =MAX(AF53,$E$32) -> #VALUE! | AI53: =$D36 -> Period 5 | AJ53: =IF(AE53="","",DATE(YEAR(AG53)+1,MONTH(AG53),DAY(AG53)-1)) -> #VALUE! | AK53: =MIN(AJ53,VLOOKUP(1,$C$32:$H$43,4,FALSE)) -> #N/A
V54: =IF(OR($H$37="",$B$44>0),"",IF(IF(E37>=$H$37,F37-E37+1,F37-$H$37+1)<0,0,IF(E37>=$H$37,F37-E37+1,F37-$H$37+1))) | W54: =IF(OR($H$38="",$B$44>0),"",IF(IF(E37>=$H$38,F37-E37+1,F37-$H$38+1)<0,0,IF(E37>=$H$38,F37-E37+1,F37-$H$38+1))) | X54: =IF(OR($H$39="",$B$44>0),"",IF(IF(E37>=$H$39,F37-E37+1,F37-$H$39+1)<0,0,IF(E37>=$H$39,F37-E37+1,F37-$H$39+1))) | Y54: =IF(OR($H$40="",$B$44>0),"",IF(IF(E37>=$H$40,F37-E37+1,F37-$H$40+1)<0,0,IF(E37>=$H$40,F37-E37+1,F37-$H$40+1))) | Z54: =IF(OR($H$41="",$B$44>0),"",IF(IF(E37>=$H$41,F37-E37+1,F37-$H$41+1)<0,0,IF(E37>=$H$41,F37-E37+1,F37-$H$41+1))) | AA54: =IF(OR($H$42="",$B$44>0),"",IF(IF(E37>=$H$42,F37-E37+1,F37-$H$42+1)<0,0,IF(E37>=$H$42,F37-E37+1,F37-$H$42+1))) | AB54: =IF(OR($H$43="",$B$44>0),"",IF(IF(E37>=$H$43,F37-E37+1,F37-$H$43+1)<0,0,IF(E37>=$H$43,F37-E37+1,F37-$H$43+1))) | AD54: =$D37 -> Period 6 | AE54: =DATE(YEAR(F37)-1,MONTH(F37),DAY(F37)+1) -> #VALUE! | AF54: =MIN(AE54,E37) -> #VALUE! | AG54: =MAX(AF54,$E$32) -> #VALUE! | AI54: =$D37 -> Period 6 | AJ54: =IF(AE54="","",DATE(YEAR(AG54)+1,MONTH(AG54),DAY(AG54)-1)) -> #VALUE! | AK54: =MIN(AJ54,VLOOKUP(1,$C$32:$H$43,4,FALSE)) -> #N/A
E55: Year | F55: Travel dates affected? | G55: Qualify under the respective basis? | H55: concatenate | I55: Results for days (vlookup from matrix below) | W55: =IF(OR($H$38="",$B$44>0),"",IF(IF(E38>=$H$38,F38-E38+1,F38-$H$38+1)<0,0,IF(E38>=$H$38,F38-E38+1,F38-$H$38+1))) | X55: =IF(OR($H$39="",$B$44>0),"",IF(IF(E38>=$H$39,F38-E38+1,F38-$H$39+1)<0,0,IF(E38>=$H$39,F38-E38+1,F38-$H$39+1))) | Y55: =IF(OR($H$40="",$B$44>0),"",IF(IF(E38>=$H$40,F38-E38+1,F38-$H$40+1)<0,0,IF(E38>=$H$40,F38-E38+1,F38-$H$40+1))) | Z55: =IF(OR($H$41="",$B$44>0),"",IF(IF(E38>=$H$41,F38-E38+1,F38-$H$41+1)<0,0,IF(E38>=$H$41,F38-E38+1,F38-$H$41+1))) | AA55: =IF(OR($H$42="",$B$44>0),"",IF(IF(E38>=$H$42,F38-E38+1,F38-$H$42+1)<0,0,IF(E38>=$H$42,F38-E38+1,F38-$H$42+1))) | AB55: =IF(OR($H$43="",$B$44>0),"",IF(IF(E38>=$H$43,F38-E38+1,F38-$H$43+1)<0,0,IF(E38>=$H$43,F38-E38+1,F38-$H$43+1))) | AD55: =$D38 -> Period 7 | AE55: =DATE(YEAR(F38)-1,MONTH(F38),DAY(F38)+1) -> #VALUE! | AF55: =MIN(AE55,E38) -> #VALUE! | AG55: =MAX(AF55,$E$32) -> #VALUE! | AI55: =$D38 -> Period 7 | AJ55: =IF(AE55="","",DATE(YEAR(AG55)+1,MONTH(AG55),DAY(AG55)-1)) -> #VALUE! | AK55: =MIN(AJ55,VLOOKUP(1,$C$32:$H$43,4,FALSE)) -> #N/A
D56: Calendar basis in years 2016 & before: | E56: 2016 | F56: =IF(AND(I12<=E56,I25>0),"Yes","No") -> No | G56: =IF(OR(F56="No",F56=""),"na",IF(I25>183,"No","Yes")) -> na | H56: =CONCATENATE(G56,G57) -> nana | I56: =VLOOKUP(H56,$G$61:$H$69,2,FALSE) -> No | J56: =E56 -> 2016 | X56: =IF(OR($H$39="",$B$44>0),"",IF(IF(E39>=$H$39,F39-E39+1,F39-$H$39+1)<0,0,IF(E39>=$H$39,F39-E39+1,F39-$H$39+1))) | Y56: =IF(OR($H$40="",$B$44>0),"",IF(IF(E39>=$H$40,F39-E39+1,F39-$H$40+1)<0,0,IF(E39>=$H$40,F39-E39+1,F39-$H$40+1))) | Z56: =IF(OR($H$41="",$B$44>0),"",IF(IF(E39>=$H$41,F39-E39+1,F39-$H$41+1)<0,0,IF(E39>=$H$41,F39-E39+1,F39-$H$41+1))) | AA56: =IF(OR($H$42="",$B$44>0),"",IF(IF(E39>=$H$42,F39-E39+1,F39-$H$42+1)<0,0,IF(E39>=$H$42,F39-E39+1,F39-$H$42+1))) | AB56: =IF(OR($H$43="",$B$44>0),"",IF(IF(E39>=$H$43,F39-E39+1,F39-$H$43+1)<0,0,IF(E39>=$H$43,F39-E39+1,F39-$H$43+1))) | AD56: =$D39 -> Period 8 | AE56: =DATE(YEAR(F39)-1,MONTH(F39),DAY(F39)+1) -> #VALUE! | AF56: =MIN(AE56,E39) -> #VALUE! | AG56: =MAX(AF56,$E$32) -> #VALUE! | AI56: =$D39 -> Period 8 | AJ56: =IF(AE56="","",DATE(YEAR(AG56)+1,MONTH(AG56),DAY(AG56)-1)) -> #VALUE! | AK56: =MIN(AJ56,VLOOKUP(1,$C$32:$H$43,4,FALSE)) -> #N/A
D57: Moving period basis in years 2017 & after: | E57: 2017 | F57: =IF(AND(J12>=E57,J25>0),"Yes","No") -> No | G57: =IF(OR(F57="No",F57=""),"na",IF(E4>183,"No","Yes")) -> na | J57: =E57 -> 2017 | Y57: =IF(OR($H$40="",$B$44>0),"",IF(IF(E40>=$H$40,F40-E40+1,F40-$H$40+1)<0,0,IF(E40>=$H$40,F40-E40+1,F40-$H$40+1))) | Z57: =IF(OR($H$41="",$B$44>0),"",IF(IF(E40>=$H$41,F40-E40+1,F40-$H$41+1)<0,0,IF(E40>=$H$41,F40-E40+1,F40-$H$41+1))) | AA57: =IF(OR($H$42="",$B$44>0),"",IF(IF(E40>=$H$42,F40-E40+1,F40-$H$42+1)<0,0,IF(E40>=$H$42,F40-E40+1,F40-$H$42+1))) | AB57: =IF(OR($H$43="",$B$44>0),"",IF(IF(E40>=$H$43,F40-E40+1,F40-$H$43+1)<0,0,IF(E40>=$H$43,F40-E40+1,F40-$H$43+1))) | AD57: =$D40 -> Period 9 | AE57: =DATE(YEAR(F40)-1,MONTH(F40),DAY(F40)+1) -> #VALUE! | AF57: =MIN(AE57,E40) -> #VALUE! | AG57: =MAX(AF57,$E$32) -> #VALUE! | AI57: =$D40 -> Period 9 | AJ57: =IF(AE57="","",DATE(YEAR(AG57)+1,MONTH(AG57),DAY(AG57)-1)) -> #VALUE! | AK57: =MIN(AJ57,VLOOKUP(1,$C$32:$H$43,4,FALSE)) -> #N/A
Z58: =IF(OR($H$41="",$B$44>0),"",IF(IF(E41>=$H$41,F41-E41+1,F41-$H$41+1)<0,0,IF(E41>=$H$41,F41-E41+1,F41-$H$41+1))) | AA58: =IF(OR($H$42="",$B$44>0),"",IF(IF(E41>=$H$42,F41-E41+1,F41-$H$42+1)<0,0,IF(E41>=$H$42,F41-E41+1,F41-$H$42+1))) | AB58: =IF(OR($H$43="",$B$44>0),"",IF(IF(E41>=$H$43,F41-E41+1,F41-$H$43+1)<0,0,IF(E41>=$H$43,F41-E41+1,F41-$H$43+1))) | AD58: =$D41 -> Period 10 | AE58: =DATE(YEAR(F41)-1,MONTH(F41),DAY(F41)+1) -> #VALUE! | AF58: =MIN(AE58,E41) -> #VALUE! | AG58: =MAX(AF58,$E$32) -> #VALUE! | AI58: =$D41 -> Period 10 | AJ58: =IF(AE58="","",DATE(YEAR(AG58)+1,MONTH(AG58),DAY(AG58)-1)) -> #VALUE! | AK58: =MIN(AJ58,VLOOKUP(1,$C$32:$H$43,4,FALSE)) -> #N/A
I59: Year to show for Partial at… | AA59: =IF(OR($H$42="",$B$44>0),"",IF(IF(E42>=$H$42,F42-E42+1,F42-$H$42+1)<0,0,IF(E42>=$H$42,F42-E42+1,F42-$H$42+1))) | AB59: =IF(OR($H$43="",$B$44>0),"",IF(IF(E42>=$H$43,F42-E42+1,F42-$H$43+1)<0,0,IF(E42>=$H$43,F42-E42+1,F42-$H$43+1))) | AD59: =$D42 -> Period 11 | AE59: =DATE(YEAR(F42)-1,MONTH(F42),DAY(F42)+1) -> #VALUE! | AF59: =MIN(AE59,E42) -> #VALUE! | AG59: =MAX(AF59,$E$32) -> #VALUE! | AI59: =$D42 -> Period 11 | AJ59: =IF(AE59="","",DATE(YEAR(AG59)+1,MONTH(AG59),DAY(AG59)-1)) -> #VALUE! | AK59: =MIN(AJ59,VLOOKUP(1,$C$32:$H$43,4,FALSE)) -> #N/A
E60: 2016 | F60: > 2017 | G60: concatenate | H60: Results | I60: (a) | J60: (b) | AB60: =IF(OR($H$43="",$B$44>0),"",IF(IF(E43>=$H$43,F43-E43+1,F43-$H$43+1)<0,0,IF(E43>=$H$43,F43-E43+1,F43-$H$43+1))) | AD60: =$D43 -> Period 12 | AE60: =DATE(YEAR(F43)-1,MONTH(F43),DAY(F43)+1) -> #VALUE! | AF60: =MIN(AE60,E43) -> #VALUE! | AG60: =MAX(AF60,$E$32) -> #VALUE! | AI60: =$D43 -> Period 12 | AJ60: =IF(AE60="","",DATE(YEAR(AG60)+1,MONTH(AG60),DAY(AG60)-1)) -> #VALUE! | AK60: =MIN(AJ60,VLOOKUP(1,$C$32:$H$43,4,FALSE)) -> #N/A
E61: Yes | F61: Yes | G61: =CONCATENATE(E61,F61) -> YesYes | H61: Partial | I61: 2017 | J61: 2016 | P61: Total: | Q61: =SUM(Q49:Q60) -> 0 | R61: =SUM(R49:R60) -> 0 | S61: =SUM(S49:S60) -> 0 | T61: =SUM(T49:T60) -> 0 | U61: =SUM(U49:U60) -> 0 | V61: =SUM(V49:V60) -> 0 | W61: =SUM(W49:W60) -> 0 | X61: =SUM(X49:X60) -> 0 | ... AB61: =SUM(AB49:AB60) -> 0
E62: No | F62: No | G62: =CONCATENATE(E62,F62) -> NoNo | H62: No
E63: Yes | F63: No | G63: =CONCATENATE(E63,F63) -> YesNo | H63: Partial | I63: 2016 | J63: 2017
E64: No | F64: Yes | G64: =CONCATENATE(E64,F64) -> NoYes | H64: Partial | I64: 2017 | J64: 2016
E65: na | F65: Yes | G65: =CONCATENATE(E65,F65) -> naYes | H65: Yes
E66: Yes | F66: na | G66: =CONCATENATE(E66,F66) -> Yesna | H66: Yes
E67: na | F67: No | G67: =CONCATENATE(E67,F67) -> naNo | H67: No
E68: No | F68: na | G68: =CONCATENATE(E68,F68) -> Nona | H68: No
E69: na | F69: na | G69: =CONCATENATE(E69,F69) -> nana | H69: No
